Workbook
Name 【記載例】シフト記号: #REF!
Name HIT_ROW107: 運営状況点検書!#REF!
Name HIT_ROW109: 運営状況点検書!#REF!
Name HIT_ROW124: 運営状況点検書!#REF!
Name HIT_ROW180: 運営状況点検書!#REF!
Name HIT_ROW81: 運営状況点検書!#REF!
Name シフト記号表: [1]シフト記号表!$C$6:$C$47
Name 介護支援専門員: プルダウン・リスト!$F$15:$F$23
Name 介護従業者: プルダウン・リスト!$D$15:$D$23
Name 看護職員: プルダウン・リスト!$E$15:$E$23
Name 管理者: プルダウン・リスト!$C$15:$C$23
Name 計画作成担当者: プルダウン・リスト!$G$15:$G$23
Name 職種: [1]プルダウン・リスト!$C$14:$L$14
Name 職種: プルダウン・リスト!$C$14:$L$14

Sheet 運営状況点検書
A1: 令和８年度 運 営 状 況 点 検 書
A2: 【看護小規模多機能型居宅介護】
A4: 点検日 | K4: 点検者（職・氏名）※原則として管理者が行ってください。
A5: 令和 年 月 日
A8: 法人 | C8: 名 称
C9: 代表者職・氏名
A11: 事業所 | C11: 介護保険 | H11: 14
C12: 事業所番号
C13: フリガナ
C15: 名 称
C18: 所 在 地 | H18: 〒
H19: 伊勢原市
C21: 連 絡 先 | H21: 電話番号 | T21: ＦＡＸ番号
C23: 開設年月日 | H23: 平成・令和 | M23: 年 | P23: 月 | S23: 日
C25: 定 員 | H25: 登録定員 | O25: 人 | P25: 通いの定員 | W25: 人 | X25: 宿泊の定員 | AE25: 人
A28: 短期利用居宅介護 実施の有無 | W28: 有 ・ 無
A30: ※「勤務形態一覧表」等を添付してください。
W34: ○ | Z34: × | AC34: ―
A40: （１） 代表者
B41: 問1 | C41: 保健師若しくは看護師である。（問1に該当しない場合、問2,3に回答）
B43: 問2 | C43: （問1に該当しない場合に回答） 特別養護老人ホーム、老人デイサービスセンター、介護老人保健施設、 介護医療院、小規模多機能型居宅介護事業所、認知症対応型共同生活介護事業所、複合型サービス事業所等の従業者、訪問介護員等として認知症である者の介護に従事した経験を有する者若しくは保健医療サービス若しくは福祉サービスの経営に携わった経験を有する者｡ | AF43: 省令第34号第65条
AF44: 老計発第0331004号2(3)②③
B45: 問3 | C45: （問1に該当しない場合に回答） 「認知症対応型サービス事業開設者研修」を修了している。 | AF45: 老計発第0331006号3
A48: （２） 管理者
B49: 問1 | C49: 常勤専従職員を配置している。 ※指定看護小規模多機能型居宅介護事業所の管理上支障がない場合は、当該看護小規模多機能型居宅介護事業所の他の職務、当該看護小規模多機能型居宅介護事業所に併設する認知症対応型共同生活介護事業所、地域密着型特定施設、地域密着型介護老人福祉施設、介護療養型医療施設(療養病床を有する診療所に限る)、介護医療院の職務若しくは他の事業所、施設等の職務の兼務が可能。 | AF49: 省令第34号第64条第1項
AF50: 老計発第0331004号2(2)①
B51: 問2 | C51: 保健師若しくは看護師である。（問2に該当しない場合、問3,4に回答）
B53: 問3 | C53: （問2に該当しない場合に回答） 特別養護老人ホーム、老人デイサービスセンター、介護老人保健施設、介護医療院、小規模多機能型居宅介護事業所、認知症対応型共同生活介護事業所、複合型サービス事業所等の従業者又は訪問介護員等として、３年以上、認知症である者の介護に従事した経験がある者 | AF53: 省令第34号第64条第2項
AF54: 老計発第0331004号2(2)②
B55: 問4 | C55: （問2に該当しない場合に回答） 「認知症介護実践者研修」もしくは「基礎課程」及び「認知症対応型サービス事業管理者研修」を修了している。 | AF55: 老計発第0331006号2
B57: 問5 | C57: 管理者は、暴力団員等又は暴力団員等と密接な関係を有する者ではない。 | AF57: 老計発第0331006号2
A60: （３） 介護支援専門員
B61: 問1 | C61: 専従職員を配置している。 ※利用者の処遇に支障がない場合は、当該看護小規模多機能型居宅介護事業所の他の職務又は当該看護小規模多機能型居宅介護事業所に併設する認知症対応型共同生活介護事業所、指定地域密着型特定施設、指定地域密着型介護老人福祉施設、指定介護療養型医療施設(療養病床を有する診療所に限る)、介護医療院の職務を兼務可能。 | AF61: 省令第34号第63条第10項
B63: 問2 | C63: 「小規模多機能型サービス等計画作成担当者研修」を修了している。 | AF63: 老計発第0331006号1
B65: 問3 | C65: 介護支援専門員は、看護小規模多機能型居宅介護計画の作成に当たっては、看護師等と密接な連携を図りながら行っている。 | AF65: 老計発第0331006号1
A68: （４） 従業者
B69: 問1 | C69: 介護従業者のうち１人以上は、常勤の保健師又は看護師を配置している。 | AF69: 省令第34号第63条第3項
B71: 問2 | C71: 従業者のうち、常勤換算方法で２．５以上は、保健師、看護師又は准看護師（以下、「看護職員」という）を配置している。 | AF71: 省令第34号第63条第4項
B73: 問3 | C73: 通いサービス及び訪問サービス提供に当たる従業者のうち１以上は、看護職員である。
B75: 問4 | C75: 常勤換算方法で、訪問サービスの提供に当たる介護従業者を２以上配置している。 | AF75: 省令第34号第63条第4項
B77: 問5 | C77: 常勤職員が勤務すべき勤務時間を記入してください。 | U77: １日 時間 分
B79: 問6 | C79: 前年度の通いサービスの利用者数の平均値（新規事業所の場合は推定数）によって、以下の計算を行ってください。
R81: 通い | S81: ＋ | T81: 訪問 | V81: (ａ)
C82: ○１～３名 → 問5で答えた時間数 | M82: （ | O82: ）時間× | R82: 1 | S82: ＋ | T82: 2 | U82: ＝ | V82: =SUM(N82*(R82+T82)) -> 0 | W82: 時間
C83: ○４～６名 → 問5で答えた時間数 | M83: （ | O83: ）時間× | R83: 2 | S83: ＋ | T83: 2 | U83: ＝ | V83: =SUM(N83*(R83+T83)) -> 0 | W83: 時間
C84: ○７～９名 → 問5で答えた時間数 | M84: （ | O84: ）時間× | R84: 3 | S84: ＋ | T84: 2 | U84: ＝ | V84: =SUM(N84*(R84+T84)) -> 0 | W84: 時間
C85: ○１０～１２名 → 問5で答えた時間数 | M85: （ | O85: ）時間× | R85: 4 | S85: ＋ | T85: 2 | U85: ＝ | V85: =SUM(N85*(R85+T85)) -> 0 | W85: 時間
C86: ○１３～１５名 → 問5で答えた時間数 | M86: （ | O86: ）時間× | R86: 5 | S86: ＋ | T86: 2 | U86: ＝ | V86: =SUM(N86*(R86+T86)) -> 0 | W86: 時間
B88: 問7 | C88: 従業者の勤務の体制及び勤務形態一覧表(様式１)の日勤時間の合計が、問6で算出した時間(ａ)を下回った日はない。 | AF88: 省令第34号第63条第1項
A91: （５） 夜勤体制
B92: 問1 | C92: (宿泊サービスの利用者がいる場合) 夜間及び深夜の時間帯に勤務する介護従業者を１名以上、宿直者を１名以上配置している。また、看護職員である必要はないが、電話等による連絡体制は確保していること。 | AF92: 省令第34号第63条第1項
B94: 問2 | C94: (宿泊サービスの利用者がいない場合) 夜間及び深夜の時間帯に勤務する介護従業者を１名以上、宿直者を１名以上配置しているか、訪問サービスを提供するために必要な連絡体制を整備している。 | AF94: 省令第34号第63条第5項
A98: （１） 構造
B99: 問1 | C99: 耐火建築物あるいは準耐火建築物である。 また、建築基準法及び消防法の基準に適合している。
A102: （２） 設備
B103: 問1 | C103: 居間、食堂、台所、宿泊室、浴室、便所、洗面設備、消火設備その他の非常災害に際して必要な設備を基準どおり設置している。
A106: （３） 居間・食堂
B107: 問1 | C107: 利用者及び従業者が一同に会するのに充分な広さを有している。
D109: 通いサービスの利用定員が１６人以上の場合、利用者１人当たり３㎡以上となっている。
A111: （４） 宿泊室
B112: 問1 | C112: １の宿泊室の定員は１人である。 ※ただし、利用者の処遇上必要と認められる場合は、２人とすることができる。
B114: 問2 | C114: １の宿泊室の床面積は７.４３㎡以上である。
B116: 問3 | C116: （個室以外の宿泊室を設けている場合）
D117: ① | E117: プライバシーが確保されたしつらえになっている。
E118: ※パーティションや家具での仕切りは可。カーテンは不可。
D119: ② | E119: 個室以外の宿泊室は、全宿泊室の半数以下となっている。
E120: ※例えば、全宿泊室数が5室の場合、個室以外の宿泊室は2室
E121: ※平成27年3月31日以前に開所した事業所は除きます。
D122: ③ | E122: 野外の光が室内にも届くようになっている。
D123: ④ | E123: 空調設備等により室内の適温を確保している。
D124: ⑤ | E124: パーティション、ベッド等は常時、直ちに設置できる場所に置いている。
A126: （５） 消火設備その他の非常災害に際して必要な設備
B127: 問1 | C127: 消防法その他の法令等に規定された設備を有している。
B129: 問2 | C129: 消防法その他の法令等に基づき、定期的に設備を点検している。
A136: （１） 内容及び手続の説明及び同意
B137: 問1 | C137: サービスの提供の開始に際し、あらかじめ、利用申込者又はその家族に対し、運営規程の概要、従業者の勤務の体制その他の利用申込者のサービスの選択に資すると認められる重要事項を記した文書を交付して説明を行い、当該提供の開始について文書により利用申込者の同意を得ている。 | AF137: 省令第34号第3条の7第1項
A140: （２） 提供拒否の禁止
B141: 問1 | C141: 正当な理由なくサービスの提供を拒んでいない。 | AF141: 省令第34号第3条の8
C142: ×の場合：提供拒否した理由（ ）
A144: （３） サービス提供困難時の対応
B145: 問1 | C145: 利用申込者に対し自ら当該事業所におけるサービスを提供をすることが困難であると認めた場合は、当該利用申込者に係る居宅介護支援事業者への連絡、適当な他の事業所等の紹介その他の必要な措置を講じている。 | AF145: 省令第34号第3条の9
A148: （４） 受給資格等の確認
B149: 問1 | C149: 指定看護小規模多機能型居宅介護の提供を求められた場合は、その者の提示する被保険者証によって、被保険者資格、要介護認定の有無及び要介護認定の有効期間を確かめている。 | AF149: 省令第34号第3条の10第1項
B151: 問2 | C151: 被保険者証に、法第７８条の３第２項に規定する認定審査会意見が記載されているときは、当該認定審査会意見に配慮して、指定看護小規模多機能型居宅介護を提供するように努めている。 | AF151: 省令第34号第3条の10第2項
B153: 問3 | C153: サービスの提供を求められた場合は、その者の提示する負担割合証によって、利用者負担の割合が１割又は２割若しくは３割かを確認している。
A156: （５） 要介護認定の申請に係る援助
B157: 問1 | C157: 指定看護小規模多機能型居宅介護の提供の開始に際し、要介護認定を受けていない利用申込者については、要介護認定の申請が既に行われているかどうかを確認し、申請が行われていない場合は、当該利用申込者の意思を踏まえて速やかに当該申請が行われるよう必要な援助を行っている。 | AF157: 省令第34号第3条の11第1項
B159: 問2 | C159: 居宅介護支援が利用者に対して行われていない等の場合であって必要と認めるときは、要介護認定の更新の申請が、遅くとも当該利用者が受けている要介護認定の有効期間が終了する３０日前にはなされるよう、必要な援助を行っている。 | AF159: 省令第34号第3条の11第2項
A162: （６） 心身の状況等の把握
B163: 問1 | C163: 指定看護小規模多機能型居宅介護の提供にあたっては、介護支援専門員が開催するサービス担当者会議等を通じて、利用者の心身の状況、その置かれている環境、他の保健医療サービス又は福祉サービスの利用状況等の把握に努めている。 | AF163: 省令第34号第68条
A166: （７） 居宅サービス事業者等との連携
B167: 問1 | C167: サービスの提供をするにあたって、居宅サービス事業者、地域包括支援センターその他保健医療サービス又は福祉サービスを提供する者と密接な連携に努めている。 | AF167: 省令第34号第69条第1項
B169: 問2 | C169: サービスの提供をするにあたって、利用者の健康管理を適切に行うため、主治の医師との密接な連携に努めている。 | AF169: 省令第34号第69条第2項
B171: 問3 | C171: サービスの提供の終了に際して、利用者又はその家族に対して適切な指導を行うとともに、当該利用者に係る居宅介護支援事業者に対する情報提供及び地域包括支援センター又は保健医療サービス若しくは福祉サービスを提供する者と密接な連携に努めている。 | AF171: 省令第34号第69条第3項
A174: （８） 身分を証する書類の携行
B175: 問1 | C175: 指定看護小規模多機能型居宅介護従業者のうち、訪問サービスの提供に当たる者に身分を証する書類を携行させ、初回訪問時及び利用者や家族から求められたときは、その書類を提示させている。 | AF175: 省令第34号第3条の18第1項
A178: （９） サービス提供の記録
B179: 問1 | C179: 指定看護小規模多機能型居宅介護を提供した際には、サービスの提供日及び内容、保険給付の額その他必要事項を、利用者の居宅サービス計画の書面又はサービス利用票等に記載している。 | AF179: 省令第34号第3条の18第1項
B181: 問2 | C181: 指定看護小規模多機能型居宅介護を提供した際には、提供した具体的なサービスの内容等を記録するとともに、利用者からの申出があった場合には、文書の交付等によりその情報を利用者に提供している。 | AF181: 省令第34号第3条の18第2項
A184: （10） 利用料等の受領
...

Sheet 看多機
C1: （参考様式） | J1: 従業者の勤務の体制及び勤務形態一覧表 | AP1: サービス種別（ | AQ1: 看護小規模多機能型居宅介護 | BG1: ）
Y2: 令和 | Z2: 8 | AB2: ( | AC2: =IF(Z2=0,"",YEAR(DATE(2018+Z2,1,1))) -> 2026 | AE2: ) | AF2: 年 | AG2: 4 | AI2: 月 | AP2: 事業所名（ | AQ2: ○○サービス | BG2: ）
BA3: (1) | BB3: 計画
AH5: (2) 事業所における常勤の従業者が勤務すべき時間数 | AT5: 8 | AV5: 時間/日 | AX5: 40 | AZ5: 時間/週 | BB5: 160 | BD5: 時間/月
AY7: 当月の日数 | BB7: =DAY(EOMONTH(DATE(AC2,AG2,1),0)) -> 30 | BD7: 日
AN9: (4) 定員 | AX9: (5) 利用者数（通いサービス）
B10: (3) 日中／夜間及び深夜の時間帯の区分 | AO10: 登録定員 | AV10: 人 | AY10: 前年度の平均値 | BE10: 人
B11: 利用者の生活時間帯（日中） | J11: 0.29166667 | M11: ～ | N11: 0.83333333 | AO11: 通いサービスの定員 | AV11: 人 | AY11: （新規に指定を受ける場合）
B12: 夜間及び深夜の時間帯 | J12: 0.83333333 | M12: ～ | N12: 0.29166667 | AO12: 宿泊サービスの定員 | AV12: 人 | AY12: 推定数 | BE12: 人
B14: No | C14: (6) 職種 | G14: (7) 勤務 形態 | H14: (8) 資格 | L14: (9) 氏 名 | O14: 日中／夜間及び深夜 の区分 | AH14: (10) 勤 務 時 間 数 | AM14: （宿直 ･･･ | AP14: ） | AY14: =IF(BB3="計画","(11)1～4週の勤務時間数合計","(11)1か月の勤務時間数 合計") -> (11)1～4週の勤務時間数合計 | BA14: (12) 週平均 勤務時間数 | BC14: (13) 兼務状況 （兼務先/兼務する職務の内容 /兼務時間数））
T15: 1週目 | AA15: 2週目 | AH15: 3週目 | AO15: 4週目 | AV15: 5週目
T16: 1 | U16: 2 | V16: 3 | W16: 4 | X16: 5 | Y16: 6 | Z16: 7 | AA16: 8 | AB16: 9 | AC16: 10 | AD16: 11 | AE16: 12 | AF16: 13 | AG16: 14 | AH16: 15 | AI16: 16 | AJ16: 17 | AK16: 18 | AL16: 19 | AM16: 20 | AN16: 21 | AO16: 22 | AP16: 23 | AQ16: 24 | AR16: 25 | AS16: 26 | AT16: 27 | AU16: 28 | AV16: =IF($BB$3="実績",IF(DAY(DATE($AC$2,$AG$2,29))=29,29,""),"") | AW16: =IF($BB$3="実績",IF(DAY(DATE($AC$2,$AG$2,30))=30,30,""),"") | AX16: =IF($BB$3="実績",IF(DAY(DATE($AC$2,$AG$2,31))=31,31,""),"")
T17: =WEEKDAY(DATE($AC$2,$AG$2,1)) -> 4 | U17: =WEEKDAY(DATE($AC$2,$AG$2,2)) -> 5 | V17: =WEEKDAY(DATE($AC$2,$AG$2,3)) -> 6 | W17: =WEEKDAY(DATE($AC$2,$AG$2,4)) -> 7 | X17: =WEEKDAY(DATE($AC$2,$AG$2,5)) -> 1 | Y17: =WEEKDAY(DATE($AC$2,$AG$2,6)) -> 2 | Z17: =WEEKDAY(DATE($AC$2,$AG$2,7)) -> 3 | AA17: =WEEKDAY(DATE($AC$2,$AG$2,8)) -> 4 | AB17: =WEEKDAY(DATE($AC$2,$AG$2,9)) -> 5 | AC17: =WEEKDAY(DATE($AC$2,$AG$2,10)) -> 6 | AD17: =WEEKDAY(DATE($AC$2,$AG$2,11)) -> 7 | AE17: =WEEKDAY(DATE($AC$2,$AG$2,12)) -> 1 | AF17: =WEEKDAY(DATE($AC$2,$AG$2,13)) -> 2 | AG17: =WEEKDAY(DATE($AC$2,$AG$2,14)) -> 3 | AH17: =WEEKDAY(DATE($AC$2,$AG$2,15)) -> 4 | AI17: =WEEKDAY(DATE($AC$2,$AG$2,16)) -> 5 | AJ17: =WEEKDAY(DATE($AC$2,$AG$2,17)) -> 6 | AK17: =WEEKDAY(DATE($AC$2,$AG$2,18)) -> 7 | AL17: =WEEKDAY(DATE($AC$2,$AG$2,19)) -> 1 | AM17: =WEEKDAY(DATE($AC$2,$AG$2,20)) -> 2 | AN17: =WEEKDAY(DATE($AC$2,$AG$2,21)) -> 3 | AO17: =WEEKDAY(DATE($AC$2,$AG$2,22)) -> 4 | AP17: =WEEKDAY(DATE($AC$2,$AG$2,23)) -> 5 | AQ17: =WEEKDAY(DATE($AC$2,$AG$2,24)) -> 6 | AR17: =WEEKDAY(DATE($AC$2,$AG$2,25)) -> 7 | AS17: =WEEKDAY(DATE($AC$2,$AG$2,26)) -> 1 | AT17: =WEEKDAY(DATE($AC$2,$AG$2,27)) -> 2 | AU17: =WEEKDAY(DATE($AC$2,$AG$2,28)) -> 3 | AV17: =IF(AV16=29,WEEKDAY(DATE($AC$2,$AG$2,29)),0) -> 0 | AW17: =IF(AW16=30,WEEKDAY(DATE($AC$2,$AG$2,30)),0) -> 0 | AX17: =IF(AX16=31,WEEKDAY(DATE($AC$2,$AG$2,31)),0) -> 0
T18: =IF(T17=1,"日",IF(T17=2,"月",IF(T17=3,"火",IF(T17=4,"水",IF(T17=5,"木",IF(T17=6,"金","土")))))) -> 水 | U18: =IF(U17=1,"日",IF(U17=2,"月",IF(U17=3,"火",IF(U17=4,"水",IF(U17=5,"木",IF(U17=6,"金","土")))))) -> 木 | V18: =IF(V17=1,"日",IF(V17=2,"月",IF(V17=3,"火",IF(V17=4,"水",IF(V17=5,"木",IF(V17=6,"金","土")))))) -> 金 | W18: =IF(W17=1,"日",IF(W17=2,"月",IF(W17=3,"火",IF(W17=4,"水",IF(W17=5,"木",IF(W17=6,"金","土")))))) -> 土 | X18: =IF(X17=1,"日",IF(X17=2,"月",IF(X17=3,"火",IF(X17=4,"水",IF(X17=5,"木",IF(X17=6,"金","土")))))) -> 日 | Y18: =IF(Y17=1,"日",IF(Y17=2,"月",IF(Y17=3,"火",IF(Y17=4,"水",IF(Y17=5,"木",IF(Y17=6,"金","土")))))) -> 月 | Z18: =IF(Z17=1,"日",IF(Z17=2,"月",IF(Z17=3,"火",IF(Z17=4,"水",IF(Z17=5,"木",IF(Z17=6,"金","土")))))) -> 火 | AA18: =IF(AA17=1,"日",IF(AA17=2,"月",IF(AA17=3,"火",IF(AA17=4,"水",IF(AA17=5,"木",IF(AA17=6,"金","土")))))) -> 水 | ... AU18: =IF(AU17=1,"日",IF(AU17=2,"月",IF(AU17=3,"火",IF(AU17=4,"水",IF(AU17=5,"木",IF(AU17=6,"金","土")))))) -> 火 | AV18: =IF(AV17=1,"日",IF(AV17=2,"月",IF(AV17=3,"火",IF(AV17=4,"水",IF(AV17=5,"木",IF(AV17=6,"金",IF(AV17=0,"","土"))))))) | AW18: =IF(AW17=1,"日",IF(AW17=2,"月",IF(AW17=3,"火",IF(AW17=4,"水",IF(AW17=5,"木",IF(AW17=6,"金",IF(AW17=0,"","土"))))))) | AX18: =IF(AX17=1,"日",IF(AX17=2,"月",IF(AX17=3,"火",IF(AX17=4,"水",IF(AX17=5,"木",IF(AX17=6,"金",IF(AX17=0,"","土")))))))
O19: シフト記号
B20: 1 | O20: 日中の勤務時間数 | T20: =IF(T19="","",VLOOKUP(T19,'シフト記号表（勤務時間帯）'!$C$5:$W$46,21,FALSE)) | U20: =IF(U19="","",VLOOKUP(U19,'シフト記号表（勤務時間帯）'!$C$5:$W$46,21,FALSE)) | V20: =IF(V19="","",VLOOKUP(V19,'シフト記号表（勤務時間帯）'!$C$5:$W$46,21,FALSE)) | W20: =IF(W19="","",VLOOKUP(W19,'シフト記号表（勤務時間帯）'!$C$5:$W$46,21,FALSE)) | X20: =IF(X19="","",VLOOKUP(X19,'シフト記号表（勤務時間帯）'!$C$5:$W$46,21,FALSE)) | Y20: =IF(Y19="","",VLOOKUP(Y19,'シフト記号表（勤務時間帯）'!$C$5:$W$46,21,FALSE)) | Z20: =IF(Z19="","",VLOOKUP(Z19,'シフト記号表（勤務時間帯）'!$C$5:$W$46,21,FALSE)) | AA20: =IF(AA19="","",VLOOKUP(AA19,'シフト記号表（勤務時間帯）'!$C$5:$W$46,21,FALSE)) | ... AX20: =IF(AX19="","",VLOOKUP(AX19,'シフト記号表（勤務時間帯）'!$C$5:$W$46,21,FALSE)) | AY20: =IF($BB$3="計画",SUM(T20:AU20),IF($BB$3="実績",SUM(T20:AX20),"")) -> 0 | BA20: =IF($BB$3="計画",AY20/4,IF($BB$3="実績",(AY20/($BB$7/7)),"")) -> 0
F21: =C20 -> 0 | O21: 夜間・深夜の勤務時間数 | T21: =IF(T19="","",VLOOKUP(T19,'シフト記号表（勤務時間帯）'!$C$5:$Y$46,23,FALSE)) | U21: =IF(U19="","",VLOOKUP(U19,'シフト記号表（勤務時間帯）'!$C$5:$Y$46,23,FALSE)) | V21: =IF(V19="","",VLOOKUP(V19,'シフト記号表（勤務時間帯）'!$C$5:$Y$46,23,FALSE)) | W21: =IF(W19="","",VLOOKUP(W19,'シフト記号表（勤務時間帯）'!$C$5:$Y$46,23,FALSE)) | X21: =IF(X19="","",VLOOKUP(X19,'シフト記号表（勤務時間帯）'!$C$5:$Y$46,23,FALSE)) | Y21: =IF(Y19="","",VLOOKUP(Y19,'シフト記号表（勤務時間帯）'!$C$5:$Y$46,23,FALSE)) | Z21: =IF(Z19="","",VLOOKUP(Z19,'シフト記号表（勤務時間帯）'!$C$5:$Y$46,23,FALSE)) | AA21: =IF(AA19="","",VLOOKUP(AA19,'シフト記号表（勤務時間帯）'!$C$5:$Y$46,23,FALSE)) | ... AX21: =IF(AX19="","",VLOOKUP(AX19,'シフト記号表（勤務時間帯）'!$C$5:$Y$46,23,FALSE)) | AY21: =IF($BB$3="計画",SUM(T21:AU21),IF($BB$3="実績",SUM(T21:AX21),"")) -> 0 | BA21: =IF($BB$3="計画",AY21/4,IF($BB$3="実績",(AY21/($BB$7/7)),"")) -> 0
O22: シフト記号
B23: =B20+1 -> 2 | O23: 日中の勤務時間数 | T23: =IF(T22="","",VLOOKUP(T22,'シフト記号表（勤務時間帯）'!$C$5:$W$46,21,FALSE)) | U23: =IF(U22="","",VLOOKUP(U22,'シフト記号表（勤務時間帯）'!$C$5:$W$46,21,FALSE)) | V23: =IF(V22="","",VLOOKUP(V22,'シフト記号表（勤務時間帯）'!$C$5:$W$46,21,FALSE)) | W23: =IF(W22="","",VLOOKUP(W22,'シフト記号表（勤務時間帯）'!$C$5:$W$46,21,FALSE)) | X23: =IF(X22="","",VLOOKUP(X22,'シフト記号表（勤務時間帯）'!$C$5:$W$46,21,FALSE)) | Y23: =IF(Y22="","",VLOOKUP(Y22,'シフト記号表（勤務時間帯）'!$C$5:$W$46,21,FALSE)) | Z23: =IF(Z22="","",VLOOKUP(Z22,'シフト記号表（勤務時間帯）'!$C$5:$W$46,21,FALSE)) | AA23: =IF(AA22="","",VLOOKUP(AA22,'シフト記号表（勤務時間帯）'!$C$5:$W$46,21,FALSE)) | ... AX23: =IF(AX22="","",VLOOKUP(AX22,'シフト記号表（勤務時間帯）'!$C$5:$W$46,21,FALSE)) | AY23: =IF($BB$3="計画",SUM(T23:AU23),IF($BB$3="実績",SUM(T23:AX23),"")) -> 0 | BA23: =IF($BB$3="計画",AY23/4,IF($BB$3="実績",(AY23/($BB$7/7)),"")) -> 0
F24: =C23 -> 0 | O24: 夜間・深夜の勤務時間数 | T24: =IF(T22="","",VLOOKUP(T22,'シフト記号表（勤務時間帯）'!$C$5:$Y$46,23,FALSE)) | U24: =IF(U22="","",VLOOKUP(U22,'シフト記号表（勤務時間帯）'!$C$5:$Y$46,23,FALSE)) | V24: =IF(V22="","",VLOOKUP(V22,'シフト記号表（勤務時間帯）'!$C$5:$Y$46,23,FALSE)) | W24: =IF(W22="","",VLOOKUP(W22,'シフト記号表（勤務時間帯）'!$C$5:$Y$46,23,FALSE)) | X24: =IF(X22="","",VLOOKUP(X22,'シフト記号表（勤務時間帯）'!$C$5:$Y$46,23,FALSE)) | Y24: =IF(Y22="","",VLOOKUP(Y22,'シフト記号表（勤務時間帯）'!$C$5:$Y$46,23,FALSE)) | Z24: =IF(Z22="","",VLOOKUP(Z22,'シフト記号表（勤務時間帯）'!$C$5:$Y$46,23,FALSE)) | AA24: =IF(AA22="","",VLOOKUP(AA22,'シフト記号表（勤務時間帯）'!$C$5:$Y$46,23,FALSE)) | ... AX24: =IF(AX22="","",VLOOKUP(AX22,'シフト記号表（勤務時間帯）'!$C$5:$Y$46,23,FALSE)) | AY24: =IF($BB$3="計画",SUM(T24:AU24),IF($BB$3="実績",SUM(T24:AX24),"")) -> 0 | BA24: =IF($BB$3="計画",AY24/4,IF($BB$3="実績",(AY24/($BB$7/7)),"")) -> 0
O25: シフト記号
B26: =B23+1 -> 3 | O26: 日中の勤務時間数 | T26: =IF(T25="","",VLOOKUP(T25,'シフト記号表（勤務時間帯）'!$C$5:$W$46,21,FALSE)) | U26: =IF(U25="","",VLOOKUP(U25,'シフト記号表（勤務時間帯）'!$C$5:$W$46,21,FALSE)) | V26: =IF(V25="","",VLOOKUP(V25,'シフト記号表（勤務時間帯）'!$C$5:$W$46,21,FALSE)) | W26: =IF(W25="","",VLOOKUP(W25,'シフト記号表（勤務時間帯）'!$C$5:$W$46,21,FALSE)) | X26: =IF(X25="","",VLOOKUP(X25,'シフト記号表（勤務時間帯）'!$C$5:$W$46,21,FALSE)) | Y26: =IF(Y25="","",VLOOKUP(Y25,'シフト記号表（勤務時間帯）'!$C$5:$W$46,21,FALSE)) | Z26: =IF(Z25="","",VLOOKUP(Z25,'シフト記号表（勤務時間帯）'!$C$5:$W$46,21,FALSE)) | AA26: =IF(AA25="","",VLOOKUP(AA25,'シフト記号表（勤務時間帯）'!$C$5:$W$46,21,FALSE)) | ... AX26: =IF(AX25="","",VLOOKUP(AX25,'シフト記号表（勤務時間帯）'!$C$5:$W$46,21,FALSE)) | AY26: =IF($BB$3="計画",SUM(T26:AU26),IF($BB$3="実績",SUM(T26:AX26),"")) -> 0 | BA26: =IF($BB$3="計画",AY26/4,IF($BB$3="実績",(AY26/($BB$7/7)),"")) -> 0
F27: =C26 -> 0 | O27: 夜間・深夜の勤務時間数 | T27: =IF(T25="","",VLOOKUP(T25,'シフト記号表（勤務時間帯）'!$C$5:$Y$46,23,FALSE)) | U27: =IF(U25="","",VLOOKUP(U25,'シフト記号表（勤務時間帯）'!$C$5:$Y$46,23,FALSE)) | V27: =IF(V25="","",VLOOKUP(V25,'シフト記号表（勤務時間帯）'!$C$5:$Y$46,23,FALSE)) | W27: =IF(W25="","",VLOOKUP(W25,'シフト記号表（勤務時間帯）'!$C$5:$Y$46,23,FALSE)) | X27: =IF(X25="","",VLOOKUP(X25,'シフト記号表（勤務時間帯）'!$C$5:$Y$46,23,FALSE)) | Y27: =IF(Y25="","",VLOOKUP(Y25,'シフト記号表（勤務時間帯）'!$C$5:$Y$46,23,FALSE)) | Z27: =IF(Z25="","",VLOOKUP(Z25,'シフト記号表（勤務時間帯）'!$C$5:$Y$46,23,FALSE)) | AA27: =IF(AA25="","",VLOOKUP(AA25,'シフト記号表（勤務時間帯）'!$C$5:$Y$46,23,FALSE)) | ... AX27: =IF(AX25="","",VLOOKUP(AX25,'シフト記号表（勤務時間帯）'!$C$5:$Y$46,23,FALSE)) | AY27: =IF($BB$3="計画",SUM(T27:AU27),IF($BB$3="実績",SUM(T27:AX27),"")) -> 0 | BA27: =IF($BB$3="計画",AY27/4,IF($BB$3="実績",(AY27/($BB$7/7)),"")) -> 0
O28: シフト記号
B29: =B26+1 -> 4 | O29: 日中の勤務時間数 | T29: =IF(T28="","",VLOOKUP(T28,'シフト記号表（勤務時間帯）'!$C$5:$W$46,21,FALSE)) | U29: =IF(U28="","",VLOOKUP(U28,'シフト記号表（勤務時間帯）'!$C$5:$W$46,21,FALSE)) | V29: =IF(V28="","",VLOOKUP(V28,'シフト記号表（勤務時間帯）'!$C$5:$W$46,21,FALSE)) | W29: =IF(W28="","",VLOOKUP(W28,'シフト記号表（勤務時間帯）'!$C$5:$W$46,21,FALSE)) | X29: =IF(X28="","",VLOOKUP(X28,'シフト記号表（勤務時間帯）'!$C$5:$W$46,21,FALSE)) | Y29: =IF(Y28="","",VLOOKUP(Y28,'シフト記号表（勤務時間帯）'!$C$5:$W$46,21,FALSE)) | Z29: =IF(Z28="","",VLOOKUP(Z28,'シフト記号表（勤務時間帯）'!$C$5:$W$46,21,FALSE)) | AA29: =IF(AA28="","",VLOOKUP(AA28,'シフト記号表（勤務時間帯）'!$C$5:$W$46,21,FALSE)) | ... AX29: =IF(AX28="","",VLOOKUP(AX28,'シフト記号表（勤務時間帯）'!$C$5:$W$46,21,FALSE)) | AY29: =IF($BB$3="計画",SUM(T29:AU29),IF($BB$3="実績",SUM(T29:AX29),"")) -> 0 | BA29: =IF($BB$3="計画",AY29/4,IF($BB$3="実績",(AY29/($BB$7/7)),"")) -> 0
F30: =C29 -> 0 | O30: 夜間・深夜の勤務時間数 | T30: =IF(T28="","",VLOOKUP(T28,'シフト記号表（勤務時間帯）'!$C$5:$Y$46,23,FALSE)) | U30: =IF(U28="","",VLOOKUP(U28,'シフト記号表（勤務時間帯）'!$C$5:$Y$46,23,FALSE)) | V30: =IF(V28="","",VLOOKUP(V28,'シフト記号表（勤務時間帯）'!$C$5:$Y$46,23,FALSE)) | W30: =IF(W28="","",VLOOKUP(W28,'シフト記号表（勤務時間帯）'!$C$5:$Y$46,23,FALSE)) | X30: =IF(X28="","",VLOOKUP(X28,'シフト記号表（勤務時間帯）'!$C$5:$Y$46,23,FALSE)) | Y30: =IF(Y28="","",VLOOKUP(Y28,'シフト記号表（勤務時間帯）'!$C$5:$Y$46,23,FALSE)) | Z30: =IF(Z28="","",VLOOKUP(Z28,'シフト記号表（勤務時間帯）'!$C$5:$Y$46,23,FALSE)) | AA30: =IF(AA28="","",VLOOKUP(AA28,'シフト記号表（勤務時間帯）'!$C$5:$Y$46,23,FALSE)) | ... AX30: =IF(AX28="","",VLOOKUP(AX28,'シフト記号表（勤務時間帯）'!$C$5:$Y$46,23,FALSE)) | AY30: =IF($BB$3="計画",SUM(T30:AU30),IF($BB$3="実績",SUM(T30:AX30),"")) -> 0 | BA30: =IF($BB$3="計画",AY30/4,IF($BB$3="実績",(AY30/($BB$7/7)),"")) -> 0
O31: シフト記号
B32: =B29+1 -> 5 | O32: 日中の勤務時間数 | T32: =IF(T31="","",VLOOKUP(T31,'シフト記号表（勤務時間帯）'!$C$5:$W$46,21,FALSE)) | U32: =IF(U31="","",VLOOKUP(U31,'シフト記号表（勤務時間帯）'!$C$5:$W$46,21,FALSE)) | V32: =IF(V31="","",VLOOKUP(V31,'シフト記号表（勤務時間帯）'!$C$5:$W$46,21,FALSE)) | W32: =IF(W31="","",VLOOKUP(W31,'シフト記号表（勤務時間帯）'!$C$5:$W$46,21,FALSE)) | X32: =IF(X31="","",VLOOKUP(X31,'シフト記号表（勤務時間帯）'!$C$5:$W$46,21,FALSE)) | Y32: =IF(Y31="","",VLOOKUP(Y31,'シフト記号表（勤務時間帯）'!$C$5:$W$46,21,FALSE)) | Z32: =IF(Z31="","",VLOOKUP(Z31,'シフト記号表（勤務時間帯）'!$C$5:$W$46,21,FALSE)) | AA32: =IF(AA31="","",VLOOKUP(AA31,'シフト記号表（勤務時間帯）'!$C$5:$W$46,21,FALSE)) | ... AX32: =IF(AX31="","",VLOOKUP(AX31,'シフト記号表（勤務時間帯）'!$C$5:$W$46,21,FALSE)) | AY32: =IF($BB$3="計画",SUM(T32:AU32),IF($BB$3="実績",SUM(T32:AX32),"")) -> 0 | BA32: =IF($BB$3="計画",AY32/4,IF($BB$3="実績",(AY32/($BB$7/7)),"")) -> 0
F33: =C32 -> 0 | O33: 夜間・深夜の勤務時間数 | T33: =IF(T31="","",VLOOKUP(T31,'シフト記号表（勤務時間帯）'!$C$5:$Y$46,23,FALSE)) | U33: =IF(U31="","",VLOOKUP(U31,'シフト記号表（勤務時間帯）'!$C$5:$Y$46,23,FALSE)) | V33: =IF(V31="","",VLOOKUP(V31,'シフト記号表（勤務時間帯）'!$C$5:$Y$46,23,FALSE)) | W33: =IF(W31="","",VLOOKUP(W31,'シフト記号表（勤務時間帯）'!$C$5:$Y$46,23,FALSE)) | X33: =IF(X31="","",VLOOKUP(X31,'シフト記号表（勤務時間帯）'!$C$5:$Y$46,23,FALSE)) | Y33: =IF(Y31="","",VLOOKUP(Y31,'シフト記号表（勤務時間帯）'!$C$5:$Y$46,23,FALSE)) | Z33: =IF(Z31="","",VLOOKUP(Z31,'シフト記号表（勤務時間帯）'!$C$5:$Y$46,23,FALSE)) | AA33: =IF(AA31="","",VLOOKUP(AA31,'シフト記号表（勤務時間帯）'!$C$5:$Y$46,23,FALSE)) | ... AX33: =IF(AX31="","",VLOOKUP(AX31,'シフト記号表（勤務時間帯）'!$C$5:$Y$46,23,FALSE)) | AY33: =IF($BB$3="計画",SUM(T33:AU33),IF($BB$3="実績",SUM(T33:AX33),"")) -> 0 | BA33: =IF($BB$3="計画",AY33/4,IF($BB$3="実績",(AY33/($BB$7/7)),"")) -> 0
O34: シフト記号
B35: =B32+1 -> 6 | O35: 日中の勤務時間数 | T35: =IF(T34="","",VLOOKUP(T34,'シフト記号表（勤務時間帯）'!$C$5:$W$46,21,FALSE)) | U35: =IF(U34="","",VLOOKUP(U34,'シフト記号表（勤務時間帯）'!$C$5:$W$46,21,FALSE)) | V35: =IF(V34="","",VLOOKUP(V34,'シフト記号表（勤務時間帯）'!$C$5:$W$46,21,FALSE)) | W35: =IF(W34="","",VLOOKUP(W34,'シフト記号表（勤務時間帯）'!$C$5:$W$46,21,FALSE)) | X35: =IF(X34="","",VLOOKUP(X34,'シフト記号表（勤務時間帯）'!$C$5:$W$46,21,FALSE)) | Y35: =IF(Y34="","",VLOOKUP(Y34,'シフト記号表（勤務時間帯）'!$C$5:$W$46,21,FALSE)) | Z35: =IF(Z34="","",VLOOKUP(Z34,'シフト記号表（勤務時間帯）'!$C$5:$W$46,21,FALSE)) | AA35: =IF(AA34="","",VLOOKUP(AA34,'シフト記号表（勤務時間帯）'!$C$5:$W$46,21,FALSE)) | ... AX35: =IF(AX34="","",VLOOKUP(AX34,'シフト記号表（勤務時間帯）'!$C$5:$W$46,21,FALSE)) | AY35: =IF($BB$3="計画",SUM(T35:AU35),IF($BB$3="実績",SUM(T35:AX35),"")) -> 0 | BA35: =IF($BB$3="計画",AY35/4,IF($BB$3="実績",(AY35/($BB$7/7)),"")) -> 0
F36: =C35 -> 0 | O36: 夜間・深夜の勤務時間数 | T36: =IF(T34="","",VLOOKUP(T34,'シフト記号表（勤務時間帯）'!$C$5:$Y$46,23,FALSE)) | U36: =IF(U34="","",VLOOKUP(U34,'シフト記号表（勤務時間帯）'!$C$5:$Y$46,23,FALSE)) | V36: =IF(V34="","",VLOOKUP(V34,'シフト記号表（勤務時間帯）'!$C$5:$Y$46,23,FALSE)) | W36: =IF(W34="","",VLOOKUP(W34,'シフト記号表（勤務時間帯）'!$C$5:$Y$46,23,FALSE)) | X36: =IF(X34="","",VLOOKUP(X34,'シフト記号表（勤務時間帯）'!$C$5:$Y$46,23,FALSE)) | Y36: =IF(Y34="","",VLOOKUP(Y34,'シフト記号表（勤務時間帯）'!$C$5:$Y$46,23,FALSE)) | Z36: =IF(Z34="","",VLOOKUP(Z34,'シフト記号表（勤務時間帯）'!$C$5:$Y$46,23,FALSE)) | AA36: =IF(AA34="","",VLOOKUP(AA34,'シフト記号表（勤務時間帯）'!$C$5:$Y$46,23,FALSE)) | ... AX36: =IF(AX34="","",VLOOKUP(AX34,'シフト記号表（勤務時間帯）'!$C$5:$Y$46,23,FALSE)) | AY36: =IF($BB$3="計画",SUM(T36:AU36),IF($BB$3="実績",SUM(T36:AX36),"")) -> 0 | BA36: =IF($BB$3="計画",AY36/4,IF($BB$3="実績",(AY36/($BB$7/7)),"")) -> 0
O37: シフト記号
B38: =B35+1 -> 7 | O38: 日中の勤務時間数 | T38: =IF(T37="","",VLOOKUP(T37,'シフト記号表（勤務時間帯）'!$C$5:$W$46,21,FALSE)) | U38: =IF(U37="","",VLOOKUP(U37,'シフト記号表（勤務時間帯）'!$C$5:$W$46,21,FALSE)) | V38: =IF(V37="","",VLOOKUP(V37,'シフト記号表（勤務時間帯）'!$C$5:$W$46,21,FALSE)) | W38: =IF(W37="","",VLOOKUP(W37,'シフト記号表（勤務時間帯）'!$C$5:$W$46,21,FALSE)) | X38: =IF(X37="","",VLOOKUP(X37,'シフト記号表（勤務時間帯）'!$C$5:$W$46,21,FALSE)) | Y38: =IF(Y37="","",VLOOKUP(Y37,'シフト記号表（勤務時間帯）'!$C$5:$W$46,21,FALSE)) | Z38: =IF(Z37="","",VLOOKUP(Z37,'シフト記号表（勤務時間帯）'!$C$5:$W$46,21,FALSE)) | AA38: =IF(AA37="","",VLOOKUP(AA37,'シフト記号表（勤務時間帯）'!$C$5:$W$46,21,FALSE)) | ... AX38: =IF(AX37="","",VLOOKUP(AX37,'シフト記号表（勤務時間帯）'!$C$5:$W$46,21,FALSE)) | AY38: =IF($BB$3="計画",SUM(T38:AU38),IF($BB$3="実績",SUM(T38:AX38),"")) -> 0 | BA38: =IF($BB$3="計画",AY38/4,IF($BB$3="実績",(AY38/($BB$7/7)),"")) -> 0
F39: =C38 -> 0 | O39: 夜間・深夜の勤務時間数 | T39: =IF(T37="","",VLOOKUP(T37,'シフト記号表（勤務時間帯）'!$C$5:$Y$46,23,FALSE)) | U39: =IF(U37="","",VLOOKUP(U37,'シフト記号表（勤務時間帯）'!$C$5:$Y$46,23,FALSE)) | V39: =IF(V37="","",VLOOKUP(V37,'シフト記号表（勤務時間帯）'!$C$5:$Y$46,23,FALSE)) | W39: =IF(W37="","",VLOOKUP(W37,'シフト記号表（勤務時間帯）'!$C$5:$Y$46,23,FALSE)) | X39: =IF(X37="","",VLOOKUP(X37,'シフト記号表（勤務時間帯）'!$C$5:$Y$46,23,FALSE)) | Y39: =IF(Y37="","",VLOOKUP(Y37,'シフト記号表（勤務時間帯）'!$C$5:$Y$46,23,FALSE)) | Z39: =IF(Z37="","",VLOOKUP(Z37,'シフト記号表（勤務時間帯）'!$C$5:$Y$46,23,FALSE)) | AA39: =IF(AA37="","",VLOOKUP(AA37,'シフト記号表（勤務時間帯）'!$C$5:$Y$46,23,FALSE)) | ... AX39: =IF(AX37="","",VLOOKUP(AX37,'シフト記号表（勤務時間帯）'!$C$5:$Y$46,23,FALSE)) | AY39: =IF($BB$3="計画",SUM(T39:AU39),IF($BB$3="実績",SUM(T39:AX39),"")) -> 0 | BA39: =IF($BB$3="計画",AY39/4,IF($BB$3="実績",(AY39/($BB$7/7)),"")) -> 0
O40: シフト記号
B41: =B38+1 -> 8 | O41: 日中の勤務時間数 | T41: =IF(T40="","",VLOOKUP(T40,'シフト記号表（勤務時間帯）'!$C$5:$W$46,21,FALSE)) | U41: =IF(U40="","",VLOOKUP(U40,'シフト記号表（勤務時間帯）'!$C$5:$W$46,21,FALSE)) | V41: =IF(V40="","",VLOOKUP(V40,'シフト記号表（勤務時間帯）'!$C$5:$W$46,21,FALSE)) | W41: =IF(W40="","",VLOOKUP(W40,'シフト記号表（勤務時間帯）'!$C$5:$W$46,21,FALSE)) | X41: =IF(X40="","",VLOOKUP(X40,'シフト記号表（勤務時間帯）'!$C$5:$W$46,21,FALSE)) | Y41: =IF(Y40="","",VLOOKUP(Y40,'シフト記号表（勤務時間帯）'!$C$5:$W$46,21,FALSE)) | Z41: =IF(Z40="","",VLOOKUP(Z40,'シフト記号表（勤務時間帯）'!$C$5:$W$46,21,FALSE)) | AA41: =IF(AA40="","",VLOOKUP(AA40,'シフト記号表（勤務時間帯）'!$C$5:$W$46,21,FALSE)) | ... AX41: =IF(AX40="","",VLOOKUP(AX40,'シフト記号表（勤務時間帯）'!$C$5:$W$46,21,FALSE)) | AY41: =IF($BB$3="計画",SUM(T41:AU41),IF($BB$3="実績",SUM(T41:AX41),"")) -> 0 | BA41: =IF($BB$3="計画",AY41/4,IF($BB$3="実績",(AY41/($BB$7/7)),"")) -> 0
F42: =C41 -> 0 | O42: 夜間・深夜の勤務時間数 | T42: =IF(T40="","",VLOOKUP(T40,'シフト記号表（勤務時間帯）'!$C$5:$Y$46,23,FALSE)) | U42: =IF(U40="","",VLOOKUP(U40,'シフト記号表（勤務時間帯）'!$C$5:$Y$46,23,FALSE)) | V42: =IF(V40="","",VLOOKUP(V40,'シフト記号表（勤務時間帯）'!$C$5:$Y$46,23,FALSE)) | W42: =IF(W40="","",VLOOKUP(W40,'シフト記号表（勤務時間帯）'!$C$5:$Y$46,23,FALSE)) | X42: =IF(X40="","",VLOOKUP(X40,'シフト記号表（勤務時間帯）'!$C$5:$Y$46,23,FALSE)) | Y42: =IF(Y40="","",VLOOKUP(Y40,'シフト記号表（勤務時間帯）'!$C$5:$Y$46,23,FALSE)) | Z42: =IF(Z40="","",VLOOKUP(Z40,'シフト記号表（勤務時間帯）'!$C$5:$Y$46,23,FALSE)) | AA42: =IF(AA40="","",VLOOKUP(AA40,'シフト記号表（勤務時間帯）'!$C$5:$Y$46,23,FALSE)) | ... AX42: =IF(AX40="","",VLOOKUP(AX40,'シフト記号表（勤務時間帯）'!$C$5:$Y$46,23,FALSE)) | AY42: =IF($BB$3="計画",SUM(T42:AU42),IF($BB$3="実績",SUM(T42:AX42),"")) -> 0 | BA42: =IF($BB$3="計画",AY42/4,IF($BB$3="実績",(AY42/($BB$7/7)),"")) -> 0
O43: シフト記号
B44: =B41+1 -> 9 | O44: 日中の勤務時間数 | T44: =IF(T43="","",VLOOKUP(T43,'シフト記号表（勤務時間帯）'!$C$5:$W$46,21,FALSE)) | U44: =IF(U43="","",VLOOKUP(U43,'シフト記号表（勤務時間帯）'!$C$5:$W$46,21,FALSE)) | V44: =IF(V43="","",VLOOKUP(V43,'シフト記号表（勤務時間帯）'!$C$5:$W$46,21,FALSE)) | W44: =IF(W43="","",VLOOKUP(W43,'シフト記号表（勤務時間帯）'!$C$5:$W$46,21,FALSE)) | X44: =IF(X43="","",VLOOKUP(X43,'シフト記号表（勤務時間帯）'!$C$5:$W$46,21,FALSE)) | Y44: =IF(Y43="","",VLOOKUP(Y43,'シフト記号表（勤務時間帯）'!$C$5:$W$46,21,FALSE)) | Z44: =IF(Z43="","",VLOOKUP(Z43,'シフト記号表（勤務時間帯）'!$C$5:$W$46,21,FALSE)) | AA44: =IF(AA43="","",VLOOKUP(AA43,'シフト記号表（勤務時間帯）'!$C$5:$W$46,21,FALSE)) | ... AX44: =IF(AX43="","",VLOOKUP(AX43,'シフト記号表（勤務時間帯）'!$C$5:$W$46,21,FALSE)) | AY44: =IF($BB$3="計画",SUM(T44:AU44),IF($BB$3="実績",SUM(T44:AX44),"")) -> 0 | BA44: =IF($BB$3="計画",AY44/4,IF($BB$3="実績",(AY44/($BB$7/7)),"")) -> 0
F45: =C44 -> 0 | O45: 夜間・深夜の勤務時間数 | T45: =IF(T43="","",VLOOKUP(T43,'シフト記号表（勤務時間帯）'!$C$5:$Y$46,23,FALSE)) | U45: =IF(U43="","",VLOOKUP(U43,'シフト記号表（勤務時間帯）'!$C$5:$Y$46,23,FALSE)) | V45: =IF(V43="","",VLOOKUP(V43,'シフト記号表（勤務時間帯）'!$C$5:$Y$46,23,FALSE)) | W45: =IF(W43="","",VLOOKUP(W43,'シフト記号表（勤務時間帯）'!$C$5:$Y$46,23,FALSE)) | X45: =IF(X43="","",VLOOKUP(X43,'シフト記号表（勤務時間帯）'!$C$5:$Y$46,23,FALSE)) | Y45: =IF(Y43="","",VLOOKUP(Y43,'シフト記号表（勤務時間帯）'!$C$5:$Y$46,23,FALSE)) | Z45: =IF(Z43="","",VLOOKUP(Z43,'シフト記号表（勤務時間帯）'!$C$5:$Y$46,23,FALSE)) | AA45: =IF(AA43="","",VLOOKUP(AA43,'シフト記号表（勤務時間帯）'!$C$5:$Y$46,23,FALSE)) | ... AX45: =IF(AX43="","",VLOOKUP(AX43,'シフト記号表（勤務時間帯）'!$C$5:$Y$46,23,FALSE)) | AY45: =IF($BB$3="計画",SUM(T45:AU45),IF($BB$3="実績",SUM(T45:AX45),"")) -> 0 | BA45: =IF($BB$3="計画",AY45/4,IF($BB$3="実績",(AY45/($BB$7/7)),"")) -> 0
O46: シフト記号
B47: =B44+1 -> 10 | O47: 日中の勤務時間数 | T47: =IF(T46="","",VLOOKUP(T46,'シフト記号表（勤務時間帯）'!$C$5:$W$46,21,FALSE)) | U47: =IF(U46="","",VLOOKUP(U46,'シフト記号表（勤務時間帯）'!$C$5:$W$46,21,FALSE)) | V47: =IF(V46="","",VLOOKUP(V46,'シフト記号表（勤務時間帯）'!$C$5:$W$46,21,FALSE)) | W47: =IF(W46="","",VLOOKUP(W46,'シフト記号表（勤務時間帯）'!$C$5:$W$46,21,FALSE)) | X47: =IF(X46="","",VLOOKUP(X46,'シフト記号表（勤務時間帯）'!$C$5:$W$46,21,FALSE)) | Y47: =IF(Y46="","",VLOOKUP(Y46,'シフト記号表（勤務時間帯）'!$C$5:$W$46,21,FALSE)) | Z47: =IF(Z46="","",VLOOKUP(Z46,'シフト記号表（勤務時間帯）'!$C$5:$W$46,21,FALSE)) | AA47: =IF(AA46="","",VLOOKUP(AA46,'シフト記号表（勤務時間帯）'!$C$5:$W$46,21,FALSE)) | ... AX47: =IF(AX46="","",VLOOKUP(AX46,'シフト記号表（勤務時間帯）'!$C$5:$W$46,21,FALSE)) | AY47: =IF($BB$3="計画",SUM(T47:AU47),IF($BB$3="実績",SUM(T47:AX47),"")) -> 0 | BA47: =IF($BB$3="計画",AY47/4,IF($BB$3="実績",(AY47/($BB$7/7)),"")) -> 0
F48: =C47 -> 0 | O48: 夜間・深夜の勤務時間数 | T48: =IF(T46="","",VLOOKUP(T46,'シフト記号表（勤務時間帯）'!$C$5:$Y$46,23,FALSE)) | U48: =IF(U46="","",VLOOKUP(U46,'シフト記号表（勤務時間帯）'!$C$5:$Y$46,23,FALSE)) | V48: =IF(V46="","",VLOOKUP(V46,'シフト記号表（勤務時間帯）'!$C$5:$Y$46,23,FALSE)) | W48: =IF(W46="","",VLOOKUP(W46,'シフト記号表（勤務時間帯）'!$C$5:$Y$46,23,FALSE)) | X48: =IF(X46="","",VLOOKUP(X46,'シフト記号表（勤務時間帯）'!$C$5:$Y$46,23,FALSE)) | Y48: =IF(Y46="","",VLOOKUP(Y46,'シフト記号表（勤務時間帯）'!$C$5:$Y$46,23,FALSE)) | Z48: =IF(Z46="","",VLOOKUP(Z46,'シフト記号表（勤務時間帯）'!$C$5:$Y$46,23,FALSE)) | AA48: =IF(AA46="","",VLOOKUP(AA46,'シフト記号表（勤務時間帯）'!$C$5:$Y$46,23,FALSE)) | ... AX48: =IF(AX46="","",VLOOKUP(AX46,'シフト記号表（勤務時間帯）'!$C$5:$Y$46,23,FALSE)) | AY48: =IF($BB$3="計画",SUM(T48:AU48),IF($BB$3="実績",SUM(T48:AX48),"")) -> 0 | BA48: =IF($BB$3="計画",AY48/4,IF($BB$3="実績",(AY48/($BB$7/7)),"")) -> 0
O49: シフト記号
B50: =B47+1 -> 11 | O50: 日中の勤務時間数 | T50: =IF(T49="","",VLOOKUP(T49,'シフト記号表（勤務時間帯）'!$C$5:$W$46,21,FALSE)) | U50: =IF(U49="","",VLOOKUP(U49,'シフト記号表（勤務時間帯）'!$C$5:$W$46,21,FALSE)) | V50: =IF(V49="","",VLOOKUP(V49,'シフト記号表（勤務時間帯）'!$C$5:$W$46,21,FALSE)) | W50: =IF(W49="","",VLOOKUP(W49,'シフト記号表（勤務時間帯）'!$C$5:$W$46,21,FALSE)) | X50: =IF(X49="","",VLOOKUP(X49,'シフト記号表（勤務時間帯）'!$C$5:$W$46,21,FALSE)) | Y50: =IF(Y49="","",VLOOKUP(Y49,'シフト記号表（勤務時間帯）'!$C$5:$W$46,21,FALSE)) | Z50: =IF(Z49="","",VLOOKUP(Z49,'シフト記号表（勤務時間帯）'!$C$5:$W$46,21,FALSE)) | AA50: =IF(AA49="","",VLOOKUP(AA49,'シフト記号表（勤務時間帯）'!$C$5:$W$46,21,FALSE)) | ... AX50: =IF(AX49="","",VLOOKUP(AX49,'シフト記号表（勤務時間帯）'!$C$5:$W$46,21,FALSE)) | AY50: =IF($BB$3="計画",SUM(T50:AU50),IF($BB$3="実績",SUM(T50:AX50),"")) -> 0 | BA50: =IF($BB$3="計画",AY50/4,IF($BB$3="実績",(AY50/($BB$7/7)),"")) -> 0
F51: =C50 -> 0 | O51: 夜間・深夜の勤務時間数 | T51: =IF(T49="","",VLOOKUP(T49,'シフト記号表（勤務時間帯）'!$C$5:$Y$46,23,FALSE)) | U51: =IF(U49="","",VLOOKUP(U49,'シフト記号表（勤務時間帯）'!$C$5:$Y$46,23,FALSE)) | V51: =IF(V49="","",VLOOKUP(V49,'シフト記号表（勤務時間帯）'!$C$5:$Y$46,23,FALSE)) | W51: =IF(W49="","",VLOOKUP(W49,'シフト記号表（勤務時間帯）'!$C$5:$Y$46,23,FALSE)) | X51: =IF(X49="","",VLOOKUP(X49,'シフト記号表（勤務時間帯）'!$C$5:$Y$46,23,FALSE)) | Y51: =IF(Y49="","",VLOOKUP(Y49,'シフト記号表（勤務時間帯）'!$C$5:$Y$46,23,FALSE)) | Z51: =IF(Z49="","",VLOOKUP(Z49,'シフト記号表（勤務時間帯）'!$C$5:$Y$46,23,FALSE)) | AA51: =IF(AA49="","",VLOOKUP(AA49,'シフト記号表（勤務時間帯）'!$C$5:$Y$46,23,FALSE)) | ... AX51: =IF(AX49="","",VLOOKUP(AX49,'シフト記号表（勤務時間帯）'!$C$5:$Y$46,23,FALSE)) | AY51: =IF($BB$3="計画",SUM(T51:AU51),IF($BB$3="実績",SUM(T51:AX51),"")) -> 0 | BA51: =IF($BB$3="計画",AY51/4,IF($BB$3="実績",(AY51/($BB$7/7)),"")) -> 0
O52: シフト記号
B53: =B50+1 -> 12 | O53: 日中の勤務時間数 | T53: =IF(T52="","",VLOOKUP(T52,'シフト記号表（勤務時間帯）'!$C$5:$W$46,21,FALSE)) | U53: =IF(U52="","",VLOOKUP(U52,'シフト記号表（勤務時間帯）'!$C$5:$W$46,21,FALSE)) | V53: =IF(V52="","",VLOOKUP(V52,'シフト記号表（勤務時間帯）'!$C$5:$W$46,21,FALSE)) | W53: =IF(W52="","",VLOOKUP(W52,'シフト記号表（勤務時間帯）'!$C$5:$W$46,21,FALSE)) | X53: =IF(X52="","",VLOOKUP(X52,'シフト記号表（勤務時間帯）'!$C$5:$W$46,21,FALSE)) | Y53: =IF(Y52="","",VLOOKUP(Y52,'シフト記号表（勤務時間帯）'!$C$5:$W$46,21,FALSE)) | Z53: =IF(Z52="","",VLOOKUP(Z52,'シフト記号表（勤務時間帯）'!$C$5:$W$46,21,FALSE)) | AA53: =IF(AA52="","",VLOOKUP(AA52,'シフト記号表（勤務時間帯）'!$C$5:$W$46,21,FALSE)) | ... AX53: =IF(AX52="","",VLOOKUP(AX52,'シフト記号表（勤務時間帯）'!$C$5:$W$46,21,FALSE)) | AY53: =IF($BB$3="計画",SUM(T53:AU53),IF($BB$3="実績",SUM(T53:AX53),"")) -> 0 | BA53: =IF($BB$3="計画",AY53/4,IF($BB$3="実績",(AY53/($BB$7/7)),"")) -> 0
F54: =C53 -> 0 | O54: 夜間・深夜の勤務時間数 | T54: =IF(T52="","",VLOOKUP(T52,'シフト記号表（勤務時間帯）'!$C$5:$Y$46,23,FALSE)) | U54: =IF(U52="","",VLOOKUP(U52,'シフト記号表（勤務時間帯）'!$C$5:$Y$46,23,FALSE)) | V54: =IF(V52="","",VLOOKUP(V52,'シフト記号表（勤務時間帯）'!$C$5:$Y$46,23,FALSE)) | W54: =IF(W52="","",VLOOKUP(W52,'シフト記号表（勤務時間帯）'!$C$5:$Y$46,23,FALSE)) | X54: =IF(X52="","",VLOOKUP(X52,'シフト記号表（勤務時間帯）'!$C$5:$Y$46,23,FALSE)) | Y54: =IF(Y52="","",VLOOKUP(Y52,'シフト記号表（勤務時間帯）'!$C$5:$Y$46,23,FALSE)) | Z54: =IF(Z52="","",VLOOKUP(Z52,'シフト記号表（勤務時間帯）'!$C$5:$Y$46,23,FALSE)) | AA54: =IF(AA52="","",VLOOKUP(AA52,'シフト記号表（勤務時間帯）'!$C$5:$Y$46,23,FALSE)) | ... AX54: =IF(AX52="","",VLOOKUP(AX52,'シフト記号表（勤務時間帯）'!$C$5:$Y$46,23,FALSE)) | AY54: =IF($BB$3="計画",SUM(T54:AU54),IF($BB$3="実績",SUM(T54:AX54),"")) -> 0 | BA54: =IF($BB$3="計画",AY54/4,IF($BB$3="実績",(AY54/($BB$7/7)),"")) -> 0
O55: シフト記号
B56: =B53+1 -> 13 | O56: 日中の勤務時間数 | T56: =IF(T55="","",VLOOKUP(T55,'シフト記号表（勤務時間帯）'!$C$5:$W$46,21,FALSE)) | U56: =IF(U55="","",VLOOKUP(U55,'シフト記号表（勤務時間帯）'!$C$5:$W$46,21,FALSE)) | V56: =IF(V55="","",VLOOKUP(V55,'シフト記号表（勤務時間帯）'!$C$5:$W$46,21,FALSE)) | W56: =IF(W55="","",VLOOKUP(W55,'シフト記号表（勤務時間帯）'!$C$5:$W$46,21,FALSE)) | X56: =IF(X55="","",VLOOKUP(X55,'シフト記号表（勤務時間帯）'!$C$5:$W$46,21,FALSE)) | Y56: =IF(Y55="","",VLOOKUP(Y55,'シフト記号表（勤務時間帯）'!$C$5:$W$46,21,FALSE)) | Z56: =IF(Z55="","",VLOOKUP(Z55,'シフト記号表（勤務時間帯）'!$C$5:$W$46,21,FALSE)) | AA56: =IF(AA55="","",VLOOKUP(AA55,'シフト記号表（勤務時間帯）'!$C$5:$W$46,21,FALSE)) | ... AX56: =IF(AX55="","",VLOOKUP(AX55,'シフト記号表（勤務時間帯）'!$C$5:$W$46,21,FALSE)) | AY56: =IF($BB$3="計画",SUM(T56:AU56),IF($BB$3="実績",SUM(T56:AX56),"")) -> 0 | BA56: =IF($BB$3="計画",AY56/4,IF($BB$3="実績",(AY56/($BB$7/7)),"")) -> 0
F57: =C56 -> 0 | O57: 夜間・深夜の勤務時間数 | T57: =IF(T55="","",VLOOKUP(T55,'シフト記号表（勤務時間帯）'!$C$5:$Y$46,23,FALSE)) | U57: =IF(U55="","",VLOOKUP(U55,'シフト記号表（勤務時間帯）'!$C$5:$Y$46,23,FALSE)) | V57: =IF(V55="","",VLOOKUP(V55,'シフト記号表（勤務時間帯）'!$C$5:$Y$46,23,FALSE)) | W57: =IF(W55="","",VLOOKUP(W55,'シフト記号表（勤務時間帯）'!$C$5:$Y$46,23,FALSE)) | X57: =IF(X55="","",VLOOKUP(X55,'シフト記号表（勤務時間帯）'!$C$5:$Y$46,23,FALSE)) | Y57: =IF(Y55="","",VLOOKUP(Y55,'シフト記号表（勤務時間帯）'!$C$5:$Y$46,23,FALSE)) | Z57: =IF(Z55="","",VLOOKUP(Z55,'シフト記号表（勤務時間帯）'!$C$5:$Y$46,23,FALSE)) | AA57: =IF(AA55="","",VLOOKUP(AA55,'シフト記号表（勤務時間帯）'!$C$5:$Y$46,23,FALSE)) | ... AX57: =IF(AX55="","",VLOOKUP(AX55,'シフト記号表（勤務時間帯）'!$C$5:$Y$46,23,FALSE)) | AY57: =IF($BB$3="計画",SUM(T57:AU57),IF($BB$3="実績",SUM(T57:AX57),"")) -> 0 | BA57: =IF($BB$3="計画",AY57/4,IF($BB$3="実績",(AY57/($BB$7/7)),"")) -> 0
O58: シフト記号
B59: =B56+1 -> 14 | O59: 日中の勤務時間数 | T59: =IF(T58="","",VLOOKUP(T58,'シフト記号表（勤務時間帯）'!$C$5:$W$46,21,FALSE)) | U59: =IF(U58="","",VLOOKUP(U58,'シフト記号表（勤務時間帯）'!$C$5:$W$46,21,FALSE)) | V59: =IF(V58="","",VLOOKUP(V58,'シフト記号表（勤務時間帯）'!$C$5:$W$46,21,FALSE)) | W59: =IF(W58="","",VLOOKUP(W58,'シフト記号表（勤務時間帯）'!$C$5:$W$46,21,FALSE)) | X59: =IF(X58="","",VLOOKUP(X58,'シフト記号表（勤務時間帯）'!$C$5:$W$46,21,FALSE)) | Y59: =IF(Y58="","",VLOOKUP(Y58,'シフト記号表（勤務時間帯）'!$C$5:$W$46,21,FALSE)) | Z59: =IF(Z58="","",VLOOKUP(Z58,'シフト記号表（勤務時間帯）'!$C$5:$W$46,21,FALSE)) | AA59: =IF(AA58="","",VLOOKUP(AA58,'シフト記号表（勤務時間帯）'!$C$5:$W$46,21,FALSE)) | ... AX59: =IF(AX58="","",VLOOKUP(AX58,'シフト記号表（勤務時間帯）'!$C$5:$W$46,21,FALSE)) | AY59: =IF($BB$3="計画",SUM(T59:AU59),IF($BB$3="実績",SUM(T59:AX59),"")) -> 0 | BA59: =IF($BB$3="計画",AY59/4,IF($BB$3="実績",(AY59/($BB$7/7)),"")) -> 0
F60: =C59 -> 0 | O60: 夜間・深夜の勤務時間数 | T60: =IF(T58="","",VLOOKUP(T58,'シフト記号表（勤務時間帯）'!$C$5:$Y$46,23,FALSE)) | U60: =IF(U58="","",VLOOKUP(U58,'シフト記号表（勤務時間帯）'!$C$5:$Y$46,23,FALSE)) | V60: =IF(V58="","",VLOOKUP(V58,'シフト記号表（勤務時間帯）'!$C$5:$Y$46,23,FALSE)) | W60: =IF(W58="","",VLOOKUP(W58,'シフト記号表（勤務時間帯）'!$C$5:$Y$46,23,FALSE)) | X60: =IF(X58="","",VLOOKUP(X58,'シフト記号表（勤務時間帯）'!$C$5:$Y$46,23,FALSE)) | Y60: =IF(Y58="","",VLOOKUP(Y58,'シフト記号表（勤務時間帯）'!$C$5:$Y$46,23,FALSE)) | Z60: =IF(Z58="","",VLOOKUP(Z58,'シフト記号表（勤務時間帯）'!$C$5:$Y$46,23,FALSE)) | AA60: =IF(AA58="","",VLOOKUP(AA58,'シフト記号表（勤務時間帯）'!$C$5:$Y$46,23,FALSE)) | ... AX60: =IF(AX58="","",VLOOKUP(AX58,'シフト記号表（勤務時間帯）'!$C$5:$Y$46,23,FALSE)) | AY60: =IF($BB$3="計画",SUM(T60:AU60),IF($BB$3="実績",SUM(T60:AX60),"")) -> 0 | BA60: =IF($BB$3="計画",AY60/4,IF($BB$3="実績",(AY60/($BB$7/7)),"")) -> 0
O61: シフト記号
B62: =B59+1 -> 15 | O62: 日中の勤務時間数 | T62: =IF(T61="","",VLOOKUP(T61,'シフト記号表（勤務時間帯）'!$C$5:$W$46,21,FALSE)) | U62: =IF(U61="","",VLOOKUP(U61,'シフト記号表（勤務時間帯）'!$C$5:$W$46,21,FALSE)) | V62: =IF(V61="","",VLOOKUP(V61,'シフト記号表（勤務時間帯）'!$C$5:$W$46,21,FALSE)) | W62: =IF(W61="","",VLOOKUP(W61,'シフト記号表（勤務時間帯）'!$C$5:$W$46,21,FALSE)) | X62: =IF(X61="","",VLOOKUP(X61,'シフト記号表（勤務時間帯）'!$C$5:$W$46,21,FALSE)) | Y62: =IF(Y61="","",VLOOKUP(Y61,'シフト記号表（勤務時間帯）'!$C$5:$W$46,21,FALSE)) | Z62: =IF(Z61="","",VLOOKUP(Z61,'シフト記号表（勤務時間帯）'!$C$5:$W$46,21,FALSE)) | AA62: =IF(AA61="","",VLOOKUP(AA61,'シフト記号表（勤務時間帯）'!$C$5:$W$46,21,FALSE)) | ... AX62: =IF(AX61="","",VLOOKUP(AX61,'シフト記号表（勤務時間帯）'!$C$5:$W$46,21,FALSE)) | AY62: =IF($BB$3="計画",SUM(T62:AU62),IF($BB$3="実績",SUM(T62:AX62),"")) -> 0 | BA62: =IF($BB$3="計画",AY62/4,IF($BB$3="実績",(AY62/($BB$7/7)),"")) -> 0
F63: =C62 -> 0 | O63: 夜間・深夜の勤務時間数 | T63: =IF(T61="","",VLOOKUP(T61,'シフト記号表（勤務時間帯）'!$C$5:$Y$46,23,FALSE)) | U63: =IF(U61="","",VLOOKUP(U61,'シフト記号表（勤務時間帯）'!$C$5:$Y$46,23,FALSE)) | V63: =IF(V61="","",VLOOKUP(V61,'シフト記号表（勤務時間帯）'!$C$5:$Y$46,23,FALSE)) | W63: =IF(W61="","",VLOOKUP(W61,'シフト記号表（勤務時間帯）'!$C$5:$Y$46,23,FALSE)) | X63: =IF(X61="","",VLOOKUP(X61,'シフト記号表（勤務時間帯）'!$C$5:$Y$46,23,FALSE)) | Y63: =IF(Y61="","",VLOOKUP(Y61,'シフト記号表（勤務時間帯）'!$C$5:$Y$46,23,FALSE)) | Z63: =IF(Z61="","",VLOOKUP(Z61,'シフト記号表（勤務時間帯）'!$C$5:$Y$46,23,FALSE)) | AA63: =IF(AA61="","",VLOOKUP(AA61,'シフト記号表（勤務時間帯）'!$C$5:$Y$46,23,FALSE)) | ... AX63: =IF(AX61="","",VLOOKUP(AX61,'シフト記号表（勤務時間帯）'!$C$5:$Y$46,23,FALSE)) | AY63: =IF($BB$3="計画",SUM(T63:AU63),IF($BB$3="実績",SUM(T63:AX63),"")) -> 0 | BA63: =IF($BB$3="計画",AY63/4,IF($BB$3="実績",(AY63/($BB$7/7)),"")) -> 0
B64: (14) 宿直① （上記における該当者のNoを記載）
B65: (14) 宿直② （上記における該当者のNoを記載）
B66: (15) 日ごとの通いサービスの実利用者数
B67: (16) 日ごとの宿泊サービスの実利用者数
B68: (17) 介護従業者（看護職員を含む）の日中の勤務時間の合計 | T68: =IF((SUMIF($C$19:$E$63,"介護従業者",T19:T63)+SUMIF($C$19:$E$63,"看護職員",T19:T63))=0,"",SUMIF($C$19:$E$63,"介護従業者",T19:T63)+SUMIF($C$19:$E$63,"看護職員",T19:T63)) | U68: =IF((SUMIF($C$19:$E$63,"介護従業者",U19:U63)+SUMIF($C$19:$E$63,"看護職員",U19:U63))=0,"",SUMIF($C$19:$E$63,"介護従業者",U19:U63)+SUMIF($C$19:$E$63,"看護職員",U19:U63)) | V68: =IF((SUMIF($C$19:$E$63,"介護従業者",V19:V63)+SUMIF($C$19:$E$63,"看護職員",V19:V63))=0,"",SUMIF($C$19:$E$63,"介護従業者",V19:V63)+SUMIF($C$19:$E$63,"看護職員",V19:V63)) | W68: =IF((SUMIF($C$19:$E$63,"介護従業者",W19:W63)+SUMIF($C$19:$E$63,"看護職員",W19:W63))=0,"",SUMIF($C$19:$E$63,"介護従業者",W19:W63)+SUMIF($C$19:$E$63,"看護職員",W19:W63)) | X68: =IF((SUMIF($C$19:$E$63,"介護従業者",X19:X63)+SUMIF($C$19:$E$63,"看護職員",X19:X63))=0,"",SUMIF($C$19:$E$63,"介護従業者",X19:X63)+SUMIF($C$19:$E$63,"看護職員",X19:X63)) | Y68: =IF((SUMIF($C$19:$E$63,"介護従業者",Y19:Y63)+SUMIF($C$19:$E$63,"看護職員",Y19:Y63))=0,"",SUMIF($C$19:$E$63,"介護従業者",Y19:Y63)+SUMIF($C$19:$E$63,"看護職員",Y19:Y63)) | Z68: =IF((SUMIF($C$19:$E$63,"介護従業者",Z19:Z63)+SUMIF($C$19:$E$63,"看護職員",Z19:Z63))=0,"",SUMIF($C$19:$E$63,"介護従業者",Z19:Z63)+SUMIF($C$19:$E$63,"看護職員",Z19:Z63)) | AA68: =IF((SUMIF($C$19:$E$63,"介護従業者",AA19:AA63)+SUMIF($C$19:$E$63,"看護職員",AA19:AA63))=0,"",SUMIF($C$19:$E$63,"介護従業者",AA19:AA63)+SUMIF($C$19:$E$63,"看護職員",AA19:AA63)) | ... AX68: =IF((SUMIF($C$19:$E$63,"介護従業者",AX19:AX63)+SUMIF($C$19:$E$63,"看護職員",AX19:AX63))=0,"",SUMIF($C$19:$E$63,"介護従業者",AX19:AX63)+SUMIF($C$19:$E$63,"看護職員",AX19:AX63)) | AY68: =IF($BB$3="計画",SUM(T68:AU68),IF($BB$3="実績",SUM(T68:AX68),"")) -> 0
B69: (18) 看護職員の日中の勤務時間の合計 | T69: =IF(SUMIF($C$19:$E$63,"看護職員",T19:T63)=0,"",SUMIF($C$19:$E$63,"看護職員",T19:T63)) | U69: =IF(SUMIF($C$19:$E$63,"看護職員",U19:U63)=0,"",SUMIF($C$19:$E$63,"看護職員",U19:U63)) | V69: =IF(SUMIF($C$19:$E$63,"看護職員",V19:V63)=0,"",SUMIF($C$19:$E$63,"看護職員",V19:V63)) | W69: =IF(SUMIF($C$19:$E$63,"看護職員",W19:W63)=0,"",SUMIF($C$19:$E$63,"看護職員",W19:W63)) | X69: =IF(SUMIF($C$19:$E$63,"看護職員",X19:X63)=0,"",SUMIF($C$19:$E$63,"看護職員",X19:X63)) | Y69: =IF(SUMIF($C$19:$E$63,"看護職員",Y19:Y63)=0,"",SUMIF($C$19:$E$63,"看護職員",Y19:Y63)) | Z69: =IF(SUMIF($C$19:$E$63,"看護職員",Z19:Z63)=0,"",SUMIF($C$19:$E$63,"看護職員",Z19:Z63)) | AA69: =IF(SUMIF($C$19:$E$63,"看護職員",AA19:AA63)=0,"",SUMIF($C$19:$E$63,"看護職員",AA19:AA63)) | ... AX69: =IF(SUMIF($C$19:$E$63,"看護職員",AX19:AX63)=0,"",SUMIF($C$19:$E$63,"看護職員",AX19:AX63)) | AY69: =IF($BB$3="計画",SUM(T69:AU69),IF($BB$3="実績",SUM(T69:AX69),"")) -> 0
B70: (19) 介護従業者（看護職員を含む）の夜間・深夜の勤務時間の合計 | T70: =IF((SUMIF($F$19:$F$63,"介護従業者",T19:T63)+SUMIF($F$19:$F$63,"看護職員",T19:T63))=0,"",(SUMIF($F$19:$F$63,"介護従業者",T19:T63)+SUMIF($F$19:$F$63,"看護職員",T19:T63))) | U70: =IF((SUMIF($F$19:$F$63,"介護従業者",U19:U63)+SUMIF($F$19:$F$63,"看護職員",U19:U63))=0,"",(SUMIF($F$19:$F$63,"介護従業者",U19:U63)+SUMIF($F$19:$F$63,"看護職員",U19:U63))) | V70: =IF((SUMIF($F$19:$F$63,"介護従業者",V19:V63)+SUMIF($F$19:$F$63,"看護職員",V19:V63))=0,"",(SUMIF($F$19:$F$63,"介護従業者",V19:V63)+SUMIF($F$19:$F$63,"看護職員",V19:V63))) | W70: =IF((SUMIF($F$19:$F$63,"介護従業者",W19:W63)+SUMIF($F$19:$F$63,"看護職員",W19:W63))=0,"",(SUMIF($F$19:$F$63,"介護従業者",W19:W63)+SUMIF($F$19:$F$63,"看護職員",W19:W63))) | X70: =IF((SUMIF($F$19:$F$63,"介護従業者",X19:X63)+SUMIF($F$19:$F$63,"看護職員",X19:X63))=0,"",(SUMIF($F$19:$F$63,"介護従業者",X19:X63)+SUMIF($F$19:$F$63,"看護職員",X19:X63))) | Y70: =IF((SUMIF($F$19:$F$63,"介護従業者",Y19:Y63)+SUMIF($F$19:$F$63,"看護職員",Y19:Y63))=0,"",(SUMIF($F$19:$F$63,"介護従業者",Y19:Y63)+SUMIF($F$19:$F$63,"看護職員",Y19:Y63))) | Z70: =IF((SUMIF($F$19:$F$63,"介護従業者",Z19:Z63)+SUMIF($F$19:$F$63,"看護職員",Z19:Z63))=0,"",(SUMIF($F$19:$F$63,"介護従業者",Z19:Z63)+SUMIF($F$19:$F$63,"看護職員",Z19:Z63))) | AA70: =IF((SUMIF($F$19:$F$63,"介護従業者",AA19:AA63)+SUMIF($F$19:$F$63,"看護職員",AA19:AA63))=0,"",(SUMIF($F$19:$F$63,"介護従業者",AA19:AA63)+SUMIF($F$19:$F$63,"看護職員",AA19:AA63))) | ... AX70: =IF((SUMIF($F$19:$F$63,"介護従業者",AX19:AX63)+SUMIF($F$19:$F$63,"看護職員",AX19:AX63))=0,"",(SUMIF($F$19:$F$63,"介護従業者",AX19:AX63)+SUMIF($F$19:$F$63,"看護職員",AX19:AX63))) | AY70: =IF($BB$3="計画",SUM(T70:AU70),IF($BB$3="実績",SUM(T70:AX70),"")) -> 0

Sheet シフト記号表（勤務時間帯）
B1: ≪要 提出≫
B2: ■シフト記号表（勤務時間帯） | E2: ※24時間表記 | I2: 休憩時間1時間は「1:00」、休憩時間45分は「00:45」と入力してください。
E3: 勤務時間 | M3: 日中の時間帯 | Q3: 日中の勤務時間 | Y3: 夜間及び深夜
B4: （記号の意味） | C4: 記号 | E4: 始業時間 | G4: 終業時間 | I4: うち、休憩時間 | K4: 勤務時間 | M4: 開始 | O4: 終了 | Q4: 開始 | S4: 終了 | U4: うち、休憩時間 | W4: 勤務時間 | Y4: の勤務時間
B5: 休：休暇 | C5: 休 | D5: ： | E5: - | F5: ～ | G5: - | H5: （ | I5: - | J5: ） | K5: - | M5: - | N5: ～ | O5: - | Q5: - | R5: ～ | S5: - | T5: （ | U5: - | V5: ） | W5: - | Y5: -
B6: 出：出張 | C6: 出 | D6: ： | E6: - | F6: ～ | G6: - | H6: （ | I6: - | J6: ） | K6: - | M6: - | N6: ～ | O6: - | Q6: - | R6: ～ | S6: - | T6: （ | U6: - | V6: ） | W6: - | Y6: -
B7: 研：研修 | C7: 研 | D7: ： | E7: - | F7: ～ | G7: - | H7: （ | I7: - | J7: ） | K7: - | M7: - | N7: ～ | O7: - | Q7: - | R7: ～ | S7: - | T7: （ | U7: - | V7: ） | W7: - | Y7: -
C8: a | D8: ： | E8: 0.5 | F8: ～ | G8: 0.66666667 | H8: （ | I8: 0.041666667 | J8: ） | K8: =IF(OR(E8="",G8=""),"",(G8+IF(E8>G8,1,0)-E8-I8)*24) -> 3 | M8: =看多機!$J$11 -> 0.29166667 | N8: ～ | O8: =看多機!$N$11 -> 0.83333333 | Q8: =IF(E8="","",IF(E8<M8,M8,IF(E8>=O8,"",E8))) -> 0.5 | R8: ～ | S8: =IF(G8="","",IF(G8>E8,IF(G8<O8,G8,O8),O8)) -> 0.66666667 | T8: （ | U8: =I8 -> 0.041666667 | V8: ） | W8: =IF(Q8="","",IF((S8+IF(Q8>S8,1,0)-Q8-U8)*24=0,"",(S8+IF(Q8>S8,1,0)-Q8-U8)*24)) -> 3 | Y8: =IF(W8="",K8,IF(OR(K8-W8=0,K8-W8<0),"-",K8-W8)) -> -
C9: b | D9: ： | E9: 0.45833333 | F9: ～ | G9: 0.83333333 | H9: （ | I9: 0.041666667 | J9: ） | K9: =IF(OR(E9="",G9=""),"",(G9+IF(E9>G9,1,0)-E9-I9)*24) -> 8 | M9: =看多機!$J$11 -> 0.29166667 | N9: ～ | O9: =看多機!$N$11 -> 0.83333333 | Q9: =IF(E9="","",IF(E9<M9,M9,IF(E9>=O9,"",E9))) -> 0.45833333 | R9: ～ | S9: =IF(G9="","",IF(G9>E9,IF(G9<O9,G9,O9),O9)) -> 0.83333333 | T9: （ | U9: =I9 -> 0.041666667 | V9: ） | W9: =IF(Q9="","",IF((S9+IF(Q9>S9,1,0)-Q9-U9)*24=0,"",(S9+IF(Q9>S9,1,0)-Q9-U9)*24)) -> 8 | Y9: =IF(W9="",K9,IF(OR(K9-W9=0,K9-W9<0),"-",K9-W9)) -> -
C10: c | D10: ： | E10: 0.375 | F10: ～ | G10: 0.75 | H10: （ | I10: 0.041666667 | J10: ） | K10: =IF(OR(E10="",G10=""),"",(G10+IF(E10>G10,1,0)-E10-I10)*24) -> 8 | M10: =看多機!$J$11 -> 0.29166667 | N10: ～ | O10: =看多機!$N$11 -> 0.83333333 | Q10: =IF(E10="","",IF(E10<M10,M10,IF(E10>=O10,"",E10))) -> 0.375 | R10: ～ | S10: =IF(G10="","",IF(G10>E10,IF(G10<O10,G10,O10),O10)) -> 0.75 | T10: （ | U10: =I10 -> 0.041666667 | V10: ） | W10: =IF(Q10="","",IF((S10+IF(Q10>S10,1,0)-Q10-U10)*24=0,"",(S10+IF(Q10>S10,1,0)-Q10-U10)*24)) -> 8 | Y10: =IF(W10="",K10,IF(OR(K10-W10=0,K10-W10<0),"-",K10-W10)) -> -
C11: d | D11: ： | E11: 0.35416667 | F11: ～ | G11: 0.72916667 | H11: （ | I11: 0.041666667 | J11: ） | K11: =IF(OR(E11="",G11=""),"",(G11+IF(E11>G11,1,0)-E11-I11)*24) -> 8 | M11: =看多機!$J$11 -> 0.29166667 | N11: ～ | O11: =看多機!$N$11 -> 0.83333333 | Q11: =IF(E11="","",IF(E11<M11,M11,IF(E11>=O11,"",E11))) -> 0.35416667 | R11: ～ | S11: =IF(G11="","",IF(G11>E11,IF(G11<O11,G11,O11),O11)) -> 0.72916667 | T11: （ | U11: =I11 -> 0.041666667 | V11: ） | W11: =IF(Q11="","",IF((S11+IF(Q11>S11,1,0)-Q11-U11)*24=0,"",(S11+IF(Q11>S11,1,0)-Q11-U11)*24)) -> 8 | Y11: =IF(W11="",K11,IF(OR(K11-W11=0,K11-W11<0),"-",K11-W11)) -> -
C12: e | D12: ： | E12: 0.375 | F12: ～ | G12: 0.60416667 | H12: （ | I12: 0 | J12: ） | K12: =IF(OR(E12="",G12=""),"",(G12+IF(E12>G12,1,0)-E12-I12)*24) -> 5.5 | M12: =看多機!$J$11 -> 0.29166667 | N12: ～ | O12: =看多機!$N$11 -> 0.83333333 | Q12: =IF(E12="","",IF(E12<M12,M12,IF(E12>=O12,"",E12))) -> 0.375 | R12: ～ | S12: =IF(G12="","",IF(G12>E12,IF(G12<O12,G12,O12),O12)) -> 0.60416667 | T12: （ | U12: =I12 -> 0 | V12: ） | W12: =IF(Q12="","",IF((S12+IF(Q12>S12,1,0)-Q12-U12)*24=0,"",(S12+IF(Q12>S12,1,0)-Q12-U12)*24)) -> 5.5 | Y12: =IF(W12="",K12,IF(OR(K12-W12=0,K12-W12<0),"-",K12-W12)) -> -
C13: f | D13: ： | E13: 0.375 | F13: ～ | G13: 0.625 | H13: （ | I13: 0.020833333 | J13: ） | K13: =IF(OR(E13="",G13=""),"",(G13+IF(E13>G13,1,0)-E13-I13)*24) -> 5.5 | M13: =看多機!$J$11 -> 0.29166667 | N13: ～ | O13: =看多機!$N$11 -> 0.83333333 | Q13: =IF(E13="","",IF(E13<M13,M13,IF(E13>=O13,"",E13))) -> 0.375 | R13: ～ | S13: =IF(G13="","",IF(G13>E13,IF(G13<O13,G13,O13),O13)) -> 0.625 | T13: （ | U13: =I13 -> 0.020833333 | V13: ） | W13: =IF(Q13="","",IF((S13+IF(Q13>S13,1,0)-Q13-U13)*24=0,"",(S13+IF(Q13>S13,1,0)-Q13-U13)*24)) -> 5.5 | Y13: =IF(W13="",K13,IF(OR(K13-W13=0,K13-W13<0),"-",K13-W13)) -> -
C14: g | D14: ： | E14: 0.29166667 | F14: ～ | G14: 0.39583333 | H14: （ | I14: 0 | J14: ） | K14: =IF(OR(E14="",G14=""),"",(G14+IF(E14>G14,1,0)-E14-I14)*24) -> 2.5 | M14: =看多機!$J$11 -> 0.29166667 | N14: ～ | O14: =看多機!$N$11 -> 0.83333333 | Q14: =IF(E14="","",IF(E14<M14,M14,IF(E14>=O14,"",E14))) -> 0.29166667 | R14: ～ | S14: =IF(G14="","",IF(G14>E14,IF(G14<O14,G14,O14),O14)) -> 0.39583333 | T14: （ | U14: =I14 -> 0 | V14: ） | W14: =IF(Q14="","",IF((S14+IF(Q14>S14,1,0)-Q14-U14)*24=0,"",(S14+IF(Q14>S14,1,0)-Q14-U14)*24)) -> 2.5 | Y14: =IF(W14="",K14,IF(OR(K14-W14=0,K14-W14<0),"-",K14-W14)) -> -
C15: h | D15: ： | E15: 0.6875 | F15: ～ | G15: 0.83333333 | H15: （ | I15: 0 | J15: ） | K15: =IF(OR(E15="",G15=""),"",(G15+IF(E15>G15,1,0)-E15-I15)*24) -> 3.5 | M15: =看多機!$J$11 -> 0.29166667 | N15: ～ | O15: =看多機!$N$11 -> 0.83333333 | Q15: =IF(E15="","",IF(E15<M15,M15,IF(E15>=O15,"",E15))) -> 0.6875 | R15: ～ | S15: =IF(G15="","",IF(G15>E15,IF(G15<O15,G15,O15),O15)) -> 0.83333333 | T15: （ | U15: =I15 -> 0 | V15: ） | W15: =IF(Q15="","",IF((S15+IF(Q15>S15,1,0)-Q15-U15)*24=0,"",(S15+IF(Q15>S15,1,0)-Q15-U15)*24)) -> 3.5 | Y15: =IF(W15="",K15,IF(OR(K15-W15=0,K15-W15<0),"-",K15-W15)) -> -
C16: i | D16: ： | E16: 0.66666667 | F16: ～ | G16: 0.29166667 | H16: （ | I16: 0.041666667 | J16: ） | K16: =IF(OR(E16="",G16=""),"",(G16+IF(E16>G16,1,0)-E16-I16)*24) -> 14 | M16: =看多機!$J$11 -> 0.29166667 | N16: ～ | O16: =看多機!$N$11 -> 0.83333333 | Q16: =IF(E16="","",IF(E16<M16,M16,IF(E16>=O16,"",E16))) -> 0.66666667 | R16: ～ | S16: =IF(G16="","",IF(G16>E16,IF(G16<O16,G16,O16),O16)) -> 0.83333333 | T16: （ | U16: =I16 -> 0.041666667 | V16: ） | W16: =IF(Q16="","",IF((S16+IF(Q16>S16,1,0)-Q16-U16)*24=0,"",(S16+IF(Q16>S16,1,0)-Q16-U16)*24)) -> 3 | Y16: =IF(W16="",K16,IF(OR(K16-W16=0,K16-W16<0),"-",K16-W16)) -> 11
C17: j | D17: ： | E17: 0.29166667 | F17: ～ | G17: 0.375 | H17: （ | I17: 0 | J17: ） | K17: =IF(OR(E17="",G17=""),"",(G17+IF(E17>G17,1,0)-E17-I17)*24) -> 2 | M17: =看多機!$J$11 -> 0.29166667 | N17: ～ | O17: =看多機!$N$11 -> 0.83333333 | Q17: =IF(E17="","",IF(E17<M17,M17,IF(E17>=O17,"",E17))) -> 0.29166667 | R17: ～ | S17: =IF(G17="","",IF(G17>E17,IF(G17<O17,G17,O17),O17)) -> 0.375 | T17: （ | U17: =I17 -> 0 | V17: ） | W17: =IF(Q17="","",IF((S17+IF(Q17>S17,1,0)-Q17-U17)*24=0,"",(S17+IF(Q17>S17,1,0)-Q17-U17)*24)) -> 2 | Y17: =IF(W17="",K17,IF(OR(K17-W17=0,K17-W17<0),"-",K17-W17)) -> -
C18: k | D18: ： | F18: ～ | H18: （ | I18: 0 | J18: ） | K18: =IF(OR(E18="",G18=""),"",(G18+IF(E18>G18,1,0)-E18-I18)*24) | M18: =看多機!$J$11 -> 0.29166667 | N18: ～ | O18: =看多機!$N$11 -> 0.83333333 | Q18: =IF(E18="","",IF(E18<M18,M18,IF(E18>=O18,"",E18))) | R18: ～ | S18: =IF(G18="","",IF(G18>E18,IF(G18<O18,G18,O18),O18)) | T18: （ | U18: =I18 -> 0 | V18: ） | W18: =IF(Q18="","",IF((S18+IF(Q18>S18,1,0)-Q18-U18)*24=0,"",(S18+IF(Q18>S18,1,0)-Q18-U18)*24)) | Y18: =IF(W18="",K18,IF(OR(K18-W18=0,K18-W18<0),"-",K18-W18))
C19: l | D19: ： | F19: ～ | H19: （ | I19: 0 | J19: ） | K19: =IF(OR(E19="",G19=""),"",(G19+IF(E19>G19,1,0)-E19-I19)*24) | M19: =看多機!$J$11 -> 0.29166667 | N19: ～ | O19: =看多機!$N$11 -> 0.83333333 | Q19: =IF(E19="","",IF(E19<M19,M19,IF(E19>=O19,"",E19))) | R19: ～ | S19: =IF(G19="","",IF(G19>E19,IF(G19<O19,G19,O19),O19)) | T19: （ | U19: =I19 -> 0 | V19: ） | W19: =IF(Q19="","",IF((S19+IF(Q19>S19,1,0)-Q19-U19)*24=0,"",(S19+IF(Q19>S19,1,0)-Q19-U19)*24)) | Y19: =IF(W19="",K19,IF(OR(K19-W19=0,K19-W19<0),"-",K19-W19))
C20: m | D20: ： | F20: ～ | H20: （ | I20: 0 | J20: ） | K20: =IF(OR(E20="",G20=""),"",(G20+IF(E20>G20,1,0)-E20-I20)*24) | M20: =看多機!$J$11 -> 0.29166667 | N20: ～ | O20: =看多機!$N$11 -> 0.83333333 | Q20: =IF(E20="","",IF(E20<M20,M20,IF(E20>=O20,"",E20))) | R20: ～ | S20: =IF(G20="","",IF(G20>E20,IF(G20<O20,G20,O20),O20)) | T20: （ | U20: =I20 -> 0 | V20: ） | W20: =IF(Q20="","",IF((S20+IF(Q20>S20,1,0)-Q20-U20)*24=0,"",(S20+IF(Q20>S20,1,0)-Q20-U20)*24)) | Y20: =IF(W20="",K20,IF(OR(K20-W20=0,K20-W20<0),"-",K20-W20))
C21: n | D21: ： | F21: ～ | H21: （ | I21: 0 | J21: ） | K21: =IF(OR(E21="",G21=""),"",(G21+IF(E21>G21,1,0)-E21-I21)*24) | M21: =看多機!$J$11 -> 0.29166667 | N21: ～ | O21: =看多機!$N$11 -> 0.83333333 | Q21: =IF(E21="","",IF(E21<M21,M21,IF(E21>=O21,"",E21))) | R21: ～ | S21: =IF(G21="","",IF(G21>E21,IF(G21<O21,G21,O21),O21)) | T21: （ | U21: =I21 -> 0 | V21: ） | W21: =IF(Q21="","",IF((S21+IF(Q21>S21,1,0)-Q21-U21)*24=0,"",(S21+IF(Q21>S21,1,0)-Q21-U21)*24)) | Y21: =IF(W21="",K21,IF(OR(K21-W21=0,K21-W21<0),"-",K21-W21))
C22: o | D22: ： | F22: ～ | H22: （ | J22: ） | K22: 1 | N22: ～ | R22: ～ | T22: （ | V22: ） | W22: 1 | Y22: -
C23: p | D23: ： | F23: ～ | H23: （ | J23: ） | K23: 2 | N23: ～ | R23: ～ | T23: （ | V23: ） | W23: 2 | Y23: -
C24: q | D24: ： | F24: ～ | H24: （ | J24: ） | K24: 3 | N24: ～ | R24: ～ | T24: （ | V24: ） | W24: 3 | Y24: -
C25: r | D25: ： | F25: ～ | H25: （ | J25: ） | K25: 4 | N25: ～ | R25: ～ | T25: （ | V25: ） | W25: 4 | Y25: -
C26: s | D26: ： | F26: ～ | H26: （ | J26: ） | K26: 5 | N26: ～ | R26: ～ | T26: （ | V26: ） | W26: 5 | Y26: -
C27: t | D27: ： | F27: ～ | H27: （ | J27: ） | K27: 6 | N27: ～ | R27: ～ | T27: （ | V27: ） | W27: 6 | Y27: -
C28: u | D28: ： | F28: ～ | H28: （ | J28: ） | K28: 7 | N28: ～ | R28: ～ | T28: （ | V28: ） | W28: 7 | Y28: -
C29: v | D29: ： | F29: ～ | H29: （ | J29: ） | K29: 8 | N29: ～ | R29: ～ | T29: （ | V29: ） | W29: 8 | Y29: -
C30: w | D30: ： | F30: ～ | H30: （ | J30: ） | K30: 1 | N30: ～ | R30: ～ | T30: （ | V30: ） | W30: - | Y30: 1
C31: x | D31: ： | F31: ～ | H31: （ | J31: ） | K31: 2 | N31: ～ | R31: ～ | T31: （ | V31: ） | W31: - | Y31: 2
C32: y | D32: ： | F32: ～ | H32: （ | J32: ） | K32: 3 | N32: ～ | R32: ～ | T32: （ | V32: ） | W32: - | Y32: 3
C33: z | D33: ： | F33: ～ | H33: （ | J33: ） | K33: 4 | N33: ～ | R33: ～ | T33: （ | V33: ） | W33: - | Y33: 4
C34: aa | D34: ： | F34: ～ | H34: （ | J34: ） | K34: 5 | N34: ～ | R34: ～ | T34: （ | V34: ） | W34: - | Y34: 5
C35: ab | D35: ： | F35: ～ | H35: （ | J35: ） | K35: 6 | N35: ～ | R35: ～ | T35: （ | V35: ） | W35: - | Y35: 6
C36: ac | D36: ： | F36: ～ | H36: （ | J36: ） | K36: 7 | N36: ～ | R36: ～ | T36: （ | V36: ） | W36: - | Y36: 7
C37: ad | D37: ： | F37: ～ | H37: （ | J37: ） | K37: 8 | N37: ～ | R37: ～ | T37: （ | V37: ） | W37: - | Y37: 8
C38: ae | D38: ： | F38: ～ | H38: （ | I38: 0 | J38: ） | K38: =IF(OR(E38="",G38=""),"",(G38+IF(E38>G38,1,0)-E38-I38)*24) | M38: =看多機!$J$11 -> 0.29166667 | N38: ～ | O38: =看多機!$N$11 -> 0.83333333 | Q38: =IF(E38="","",IF(E38<M38,M38,IF(E38>=O38,"",E38))) | R38: ～ | S38: =IF(G38="","",IF(G38>E38,IF(G38<O38,G38,O38),O38)) | T38: （ | U38: =I38 -> 0 | V38: ） | W38: =IF(Q38="","",IF((S38+IF(Q38>S38,1,0)-Q38-U38)*24=0,"",(S38+IF(Q38>S38,1,0)-Q38-U38)*24)) | Y38: =IF(W38="",K38,IF(OR(K38-W38=0,K38-W38<0),"-",K38-W38))
C39: af | D39: ： | F39: ～ | H39: （ | I39: 0 | J39: ） | K39: =IF(OR(E39="",G39=""),"",(G39+IF(E39>G39,1,0)-E39-I39)*24) | M39: =看多機!$J$11 -> 0.29166667 | N39: ～ | O39: =看多機!$N$11 -> 0.83333333 | Q39: =IF(E39="","",IF(E39<M39,M39,IF(E39>=O39,"",E39))) | R39: ～ | S39: =IF(G39="","",IF(G39>E39,IF(G39<O39,G39,O39),O39)) | T39: （ | U39: =I39 -> 0 | V39: ） | W39: =IF(Q39="","",IF((S39+IF(Q39>S39,1,0)-Q39-U39)*24=0,"",(S39+IF(Q39>S39,1,0)-Q39-U39)*24)) | Y39: =IF(W39="",K39,IF(OR(K39-W39=0,K39-W39<0),"-",K39-W39))
C40: ag | D40: ： | F40: ～ | H40: （ | I40: 0 | J40: ） | K40: =IF(OR(E40="",G40=""),"",(G40+IF(E40>G40,1,0)-E40-I40)*24) | M40: =看多機!$J$11 -> 0.29166667 | N40: ～ | O40: =看多機!$N$11 -> 0.83333333 | Q40: =IF(E40="","",IF(E40<M40,M40,IF(E40>=O40,"",E40))) | R40: ～ | S40: =IF(G40="","",IF(G40>E40,IF(G40<O40,G40,O40),O40)) | T40: （ | U40: =I40 -> 0 | V40: ） | W40: =IF(Q40="","",IF((S40+IF(Q40>S40,1,0)-Q40-U40)*24=0,"",(S40+IF(Q40>S40,1,0)-Q40-U40)*24)) | Y40: =IF(W40="",K40,IF(OR(K40-W40=0,K40-W40<0),"-",K40-W40))
C41: 早退(1) | D41: ： | F41: ～ | H41: （ | I41: 0 | J41: ） | K41: =IF(OR(E41="",G41=""),"",(G41+IF(E41>G41,1,0)-E41-I41)*24) | M41: =看多機!$J$11 -> 0.29166667 | N41: ～ | O41: =看多機!$N$11 -> 0.83333333 | Q41: =IF(E41="","",IF(E41<M41,M41,IF(E41>=O41,"",E41))) | R41: ～ | S41: =IF(G41="","",IF(G41>E41,IF(G41<O41,G41,O41),O41)) | T41: （ | U41: =I41 -> 0 | V41: ） | W41: =IF(Q41="","",IF((S41+IF(Q41>S41,1,0)-Q41-U41)*24=0,"",(S41+IF(Q41>S41,1,0)-Q41-U41)*24)) | Y41: =IF(W41="",K41,IF(OR(K41-W41=0,K41-W41<0),"-",K41-W41)) | AA41: 実績で早退者がいた場合に使用
C42: 早退(2) | D42: ： | F42: ～ | H42: （ | I42: 0 | J42: ） | K42: =IF(OR(E42="",G42=""),"",(G42+IF(E42>G42,1,0)-E42-I42)*24) | M42: =看多機!$J$11 -> 0.29166667 | N42: ～ | O42: =看多機!$N$11 -> 0.83333333 | Q42: =IF(E42="","",IF(E42<M42,M42,IF(E42>=O42,"",E42))) | R42: ～ | S42: =IF(G42="","",IF(G42>E42,IF(G42<O42,G42,O42),O42)) | T42: （ | U42: =I42 -> 0 | V42: ） | W42: =IF(Q42="","",IF((S42+IF(Q42>S42,1,0)-Q42-U42)*24=0,"",(S42+IF(Q42>S42,1,0)-Q42-U42)*24)) | Y42: =IF(W42="",K42,IF(OR(K42-W42=0,K42-W42<0),"-",K42-W42)) | AA42: 実績で早退者がいた場合に使用
C43: az | D43: ： | F43: ～ | H43: （ | I43: 0 | J43: ） | K43: =IF(OR(E43="",G43=""),"",(G43+IF(E43>G43,1,0)-E43-I43)*24) | M43: =看多機!$J$11 -> 0.29166667 | N43: ～ | O43: =看多機!$N$11 -> 0.83333333 | Q43: =IF(E43="","",IF(E43<M43,M43,IF(E43>=O43,"",E43))) | R43: ～ | S43: =IF(G43="","",IF(G43>E43,IF(G43<O43,G43,O43),O43)) | T43: （ | U43: =I43 -> 0 | V43: ） | W43: =IF(Q43="","",IF((S43+IF(Q43>S43,1,0)-Q43-U43)*24=0,"",(S43+IF(Q43>S43,1,0)-Q43-U43)*24)) | Y43: =IF(W43="",K43,IF(OR(K43-W43=0,K43-W43<0),"-",K43-W43))
B44: 1日のうち | D44: ： | E44: 0.29166667 | F44: ～ | G44: 0.39583333 | H44: （ | I44: 0 | J44: ） | K44: =IF(OR(E44="",G44=""),"",(G44+IF(E44>G44,1,0)-E44-I44)*24) -> 2.5 | M44: =看多機!$J$11 -> 0.29166667 | N44: ～ | O44: =看多機!$N$11 -> 0.83333333 | Q44: =IF(E44="","",IF(E44<M44,M44,IF(E44>=O44,"",E44))) -> 0.29166667 | R44: ～ | S44: =IF(G44="","",IF(G44>E44,IF(G44<O44,G44,O44),O44)) -> 0.39583333 | T44: （ | U44: =I44 -> 0 | V44: ） | W44: =IF(Q44="","",IF((S44+IF(Q44>S44,1,0)-Q44-U44)*24=0,"",(S44+IF(Q44>S44,1,0)-Q44-U44)*24)) -> 2.5 | Y44: =IF(W44="",K44,IF(OR(K44-W44=0,K44-W44<0),"-",K44-W44)) -> -
B45: 朝・夜の2回 | D45: ： | E45: 0.6875 | F45: ～ | G45: 0.83333333 | H45: （ | I45: 0 | J45: ） | K45: =IF(OR(E45="",G45=""),"",(G45+IF(E45>G45,1,0)-E45-I45)*24) -> 3.5 | M45: =看多機!$J$11 -> 0.29166667 | N45: ～ | O45: =看多機!$N$11 -> 0.83333333 | Q45: =IF(E45="","",IF(E45<M45,M45,IF(E45>=O45,"",E45))) -> 0.6875 | R45: ～ | S45: =IF(G45="","",IF(G45>E45,IF(G45<O45,G45,O45),O45)) -> 0.83333333 | T45: （ | U45: =I45 -> 0 | V45: ） | W45: =IF(Q45="","",IF((S45+IF(Q45>S45,1,0)-Q45-U45)*24=0,"",(S45+IF(Q45>S45,1,0)-Q45-U45)*24)) -> 3.5 | Y45: =IF(W45="",K45,IF(OR(K45-W45=0,K45-W45<0),"-",K45-W45)) -> -
B46: 勤務の場合 | C46: ba | D46: ： | E46: - | F46: ～ | G46: - | H46: （ | I46: - | J46: ） | K46: =K44+K45 -> 6 | M46: =看多機!$J$11 -> 0.29166667 | N46: ～ | O46: =看多機!$N$11 -> 0.83333333 | Q46: =IF(E46="","",IF(E46<M46,M46,IF(E46>=O46,"",E46))) | R46: ～ | S46: =IF(G46="","",IF(G46>E46,IF(G46<O46,G46,O46),O46)) -> 0.83333333 | T46: （ | U46: =I46 -> - | V46: ） | W46: =W44+W45 -> 6 | Y46: =IF(W46="",K46,IF(OR(K46-W46=0,K46-W46<0),"-",K46-W46)) -> -
B47: （プルダウン対象外）→ | C47: 宿直 | D47: ： | E47: 0.83333333 | F47: ～ | G47: 0.29166667 | H47: （ | J47: ） | K47: =IF(OR(E47="",G47=""),"",(G47+IF(E47>G47,1,0)-E47-I47)*24) -> 11 | M47: =看多機!$J$11 -> 0.29166667 | N47: ～ | O47: =看多機!$N$11 -> 0.83333333 | Q47: =IF(E47="","",IF(E47<M47,M47,IF(E47>=O47,"",E47))) | R47: ～ | S47: =IF(G47="","",IF(G47>E47,IF(G47<O47,G47,O47),O47)) -> 0.83333333 | T47: （ | U47: =I47 -> 0 | V47: ） | W47: =IF(Q47="","",IF((S47+IF(Q47>S47,1,0)-Q47-U47)*24=0,"",(S47+IF(Q47>S47,1,0)-Q47-U47)*24)) | Y47: =IF(W47="",K47,IF(OR(K47-W47=0,K47-W47<0),"-",K47-W47)) -> 11

Sheet 【記載例】看多機
C1: （参考様式） | J1: 従業者の勤務の体制及び勤務形態一覧表 | AP1: サービス種別（ | AQ1: 看護小規模多機能型居宅介護 | BG1: ）
Y2: 令和 | Z2: 8 | AB2: ( | AC2: =IF(Z2=0,"",YEAR(DATE(2018+Z2,1,1))) -> 2026 | AE2: ) | AF2: 年 | AG2: 4 | AI2: 月 | AP2: 事業所名（ | AQ2: ○○サービス | BG2: ）
BA3: (1) | BB3: 計画
AH5: (2) 事業所における常勤の従業者が勤務すべき時間数 | AT5: 8 | AV5: 時間/日 | AX5: 40 | AZ5: 時間/週 | BB5: 160 | BD5: 時間/月
AY7: 当月の日数 | BB7: =DAY(EOMONTH(DATE(AC2,AG2,1),0)) -> 30 | BD7: 日
AN9: (4) 定員 | AX9: (5) 利用者数（通いサービス）
B10: (3) 日中／夜間及び深夜の時間帯の区分 | AO10: 登録定員 | AT10: 24 | AV10: 人 | AY10: 前年度の平均値 | BC10: 10 | BE10: 人
B11: 利用者の生活時間帯（日中） | J11: 0.29166667 | M11: ～ | N11: 0.83333333 | AO11: 通いサービスの定員 | AT11: 15 | AV11: 人 | AY11: （新規に指定を受ける場合）
B12: 夜間及び深夜の時間帯 | J12: 0.83333333 | M12: ～ | N12: 0.29166667 | AO12: 宿泊サービスの定員 | AT12: 9 | AV12: 人 | AY12: 推定数 | BE12: 人
B14: No | C14: (6) 職種 | G14: (7) 勤務 形態 | H14: (8) 資格 | L14: (9) 氏 名 | O14: 日中／夜間及び深夜 の区分 | AH14: (10) 勤 務 時 間 数 | AM14: （宿直 ･･･ | AP14: ） | AY14: =IF(BB3="計画","(11)1～4週目の勤務時間数合計","(11)1か月の勤務時間数 合計") -> (11)1～4週目の勤務時間数合計 | BA14: (12) 週平均 勤務時間数 | BC14: (13) 兼務状況 （兼務先/兼務する職務の内容 /兼務時間数）
T15: 1週目 | AA15: 2週目 | AH15: 3週目 | AO15: 4週目 | AV15: 5週目
T16: 1 | U16: 2 | V16: 3 | W16: 4 | X16: 5 | Y16: 6 | Z16: 7 | AA16: 8 | AB16: 9 | AC16: 10 | AD16: 11 | AE16: 12 | AF16: 13 | AG16: 14 | AH16: 15 | AI16: 16 | AJ16: 17 | AK16: 18 | AL16: 19 | AM16: 20 | AN16: 21 | AO16: 22 | AP16: 23 | AQ16: 24 | AR16: 25 | AS16: 26 | AT16: 27 | AU16: 28 | AV16: =IF($BB$3="実績",IF(DAY(DATE($AC$2,$AG$2,29))=29,29,""),"") | AW16: =IF($BB$3="実績",IF(DAY(DATE($AC$2,$AG$2,30))=30,30,""),"") | AX16: =IF($BB$3="実績",IF(DAY(DATE($AC$2,$AG$2,31))=31,31,""),"")
T17: =WEEKDAY(DATE($AC$2,$AG$2,1)) -> 4 | U17: =WEEKDAY(DATE($AC$2,$AG$2,2)) -> 5 | V17: =WEEKDAY(DATE($AC$2,$AG$2,3)) -> 6 | W17: =WEEKDAY(DATE($AC$2,$AG$2,4)) -> 7 | X17: =WEEKDAY(DATE($AC$2,$AG$2,5)) -> 1 | Y17: =WEEKDAY(DATE($AC$2,$AG$2,6)) -> 2 | Z17: =WEEKDAY(DATE($AC$2,$AG$2,7)) -> 3 | AA17: =WEEKDAY(DATE($AC$2,$AG$2,8)) -> 4 | AB17: =WEEKDAY(DATE($AC$2,$AG$2,9)) -> 5 | AC17: =WEEKDAY(DATE($AC$2,$AG$2,10)) -> 6 | AD17: =WEEKDAY(DATE($AC$2,$AG$2,11)) -> 7 | AE17: =WEEKDAY(DATE($AC$2,$AG$2,12)) -> 1 | AF17: =WEEKDAY(DATE($AC$2,$AG$2,13)) -> 2 | AG17: =WEEKDAY(DATE($AC$2,$AG$2,14)) -> 3 | AH17: =WEEKDAY(DATE($AC$2,$AG$2,15)) -> 4 | AI17: =WEEKDAY(DATE($AC$2,$AG$2,16)) -> 5 | AJ17: =WEEKDAY(DATE($AC$2,$AG$2,17)) -> 6 | AK17: =WEEKDAY(DATE($AC$2,$AG$2,18)) -> 7 | AL17: =WEEKDAY(DATE($AC$2,$AG$2,19)) -> 1 | AM17: =WEEKDAY(DATE($AC$2,$AG$2,20)) -> 2 | AN17: =WEEKDAY(DATE($AC$2,$AG$2,21)) -> 3 | AO17: =WEEKDAY(DATE($AC$2,$AG$2,22)) -> 4 | AP17: =WEEKDAY(DATE($AC$2,$AG$2,23)) -> 5 | AQ17: =WEEKDAY(DATE($AC$2,$AG$2,24)) -> 6 | AR17: =WEEKDAY(DATE($AC$2,$AG$2,25)) -> 7 | AS17: =WEEKDAY(DATE($AC$2,$AG$2,26)) -> 1 | AT17: =WEEKDAY(DATE($AC$2,$AG$2,27)) -> 2 | AU17: =WEEKDAY(DATE($AC$2,$AG$2,28)) -> 3 | AV17: =IF(AV16=29,WEEKDAY(DATE($AC$2,$AG$2,29)),0) -> 0 | AW17: =IF(AW16=30,WEEKDAY(DATE($AC$2,$AG$2,30)),0) -> 0 | AX17: =IF(AX16=31,WEEKDAY(DATE($AC$2,$AG$2,31)),0) -> 0
T18: =IF(T17=1,"日",IF(T17=2,"月",IF(T17=3,"火",IF(T17=4,"水",IF(T17=5,"木",IF(T17=6,"金","土")))))) -> 水 | U18: =IF(U17=1,"日",IF(U17=2,"月",IF(U17=3,"火",IF(U17=4,"水",IF(U17=5,"木",IF(U17=6,"金","土")))))) -> 木 | V18: =IF(V17=1,"日",IF(V17=2,"月",IF(V17=3,"火",IF(V17=4,"水",IF(V17=5,"木",IF(V17=6,"金","土")))))) -> 金 | W18: =IF(W17=1,"日",IF(W17=2,"月",IF(W17=3,"火",IF(W17=4,"水",IF(W17=5,"木",IF(W17=6,"金","土")))))) -> 土 | X18: =IF(X17=1,"日",IF(X17=2,"月",IF(X17=3,"火",IF(X17=4,"水",IF(X17=5,"木",IF(X17=6,"金","土")))))) -> 日 | Y18: =IF(Y17=1,"日",IF(Y17=2,"月",IF(Y17=3,"火",IF(Y17=4,"水",IF(Y17=5,"木",IF(Y17=6,"金","土")))))) -> 月 | Z18: =IF(Z17=1,"日",IF(Z17=2,"月",IF(Z17=3,"火",IF(Z17=4,"水",IF(Z17=5,"木",IF(Z17=6,"金","土")))))) -> 火 | AA18: =IF(AA17=1,"日",IF(AA17=2,"月",IF(AA17=3,"火",IF(AA17=4,"水",IF(AA17=5,"木",IF(AA17=6,"金","土")))))) -> 水 | ... AU18: =IF(AU17=1,"日",IF(AU17=2,"月",IF(AU17=3,"火",IF(AU17=4,"水",IF(AU17=5,"木",IF(AU17=6,"金","土")))))) -> 火 | AV18: =IF(AV17=1,"日",IF(AV17=2,"月",IF(AV17=3,"火",IF(AV17=4,"水",IF(AV17=5,"木",IF(AV17=6,"金",IF(AV17=0,"","土"))))))) | AW18: =IF(AW17=1,"日",IF(AW17=2,"月",IF(AW17=3,"火",IF(AW17=4,"水",IF(AW17=5,"木",IF(AW17=6,"金",IF(AW17=0,"","土"))))))) | AX18: =IF(AX17=1,"日",IF(AX17=2,"月",IF(AX17=3,"火",IF(AX17=4,"水",IF(AX17=5,"木",IF(AX17=6,"金",IF(AX17=0,"","土")))))))
G19: A | L19: 厚労 太郎 | O19: シフト記号 | T19: c | U19: c | V19: c | W19: 休 | X19: c | Y19: a | Z19: 休 | AA19: c | AB19: 休 | AC19: 休 | AD19: c | AE19: c | AF19: 休 | AG19: c | AH19: 休 | AI19: c | AJ19: c | AK19: c | AL19: c | AM19: c | AN19: 休 | AO19: 休 | AP19: c | AQ19: c | AR19: c | AS19: c | AT19: c | AU19: 休
B20: 1 | C20: 管理者 | H20: 保健師 | O20: 日中の勤務時間数 | T20: =IF(T19="","",VLOOKUP(T19,'【記載例】シフト記号表（勤務時間帯）'!$C$5:$W$46,21,FALSE)) -> 8 | U20: =IF(U19="","",VLOOKUP(U19,'【記載例】シフト記号表（勤務時間帯）'!$C$5:$W$46,21,FALSE)) -> 8 | V20: =IF(V19="","",VLOOKUP(V19,'【記載例】シフト記号表（勤務時間帯）'!$C$5:$W$46,21,FALSE)) -> 8 | W20: =IF(W19="","",VLOOKUP(W19,'【記載例】シフト記号表（勤務時間帯）'!$C$5:$W$46,21,FALSE)) -> - | X20: =IF(X19="","",VLOOKUP(X19,'【記載例】シフト記号表（勤務時間帯）'!$C$5:$W$46,21,FALSE)) -> 8 | Y20: =IF(Y19="","",VLOOKUP(Y19,'【記載例】シフト記号表（勤務時間帯）'!$C$5:$W$46,21,FALSE)) -> 8 | Z20: =IF(Z19="","",VLOOKUP(Z19,'【記載例】シフト記号表（勤務時間帯）'!$C$5:$W$46,21,FALSE)) -> - | AA20: =IF(AA19="","",VLOOKUP(AA19,'【記載例】シフト記号表（勤務時間帯）'!$C$5:$W$46,21,FALSE)) -> 8 | ... AX20: =IF(AX19="","",VLOOKUP(AX19,'【記載例】シフト記号表（勤務時間帯）'!$C$5:$W$46,21,FALSE)) | AY20: =IF($BB$3="計画",SUM(T20:AU20),IF($BB$3="実績",SUM(T20:AX20),"")) -> 152 | BA20: =IF($BB$3="計画",AY20/4,IF($BB$3="実績",(AY20/($BB$7/7)),"")) -> 38
F21: =C20 -> 管理者 | O21: 夜間・深夜の勤務時間数 | T21: =IF(T19="","",VLOOKUP(T19,'【記載例】シフト記号表（勤務時間帯）'!$C$5:$Y$46,23,FALSE)) -> - | U21: =IF(U19="","",VLOOKUP(U19,'【記載例】シフト記号表（勤務時間帯）'!$C$5:$Y$46,23,FALSE)) -> - | V21: =IF(V19="","",VLOOKUP(V19,'【記載例】シフト記号表（勤務時間帯）'!$C$5:$Y$46,23,FALSE)) -> - | W21: =IF(W19="","",VLOOKUP(W19,'【記載例】シフト記号表（勤務時間帯）'!$C$5:$Y$46,23,FALSE)) -> - | X21: =IF(X19="","",VLOOKUP(X19,'【記載例】シフト記号表（勤務時間帯）'!$C$5:$Y$46,23,FALSE)) -> - | Y21: =IF(Y19="","",VLOOKUP(Y19,'【記載例】シフト記号表（勤務時間帯）'!$C$5:$Y$46,23,FALSE)) -> - | Z21: =IF(Z19="","",VLOOKUP(Z19,'【記載例】シフト記号表（勤務時間帯）'!$C$5:$Y$46,23,FALSE)) -> - | AA21: =IF(AA19="","",VLOOKUP(AA19,'【記載例】シフト記号表（勤務時間帯）'!$C$5:$Y$46,23,FALSE)) -> - | ... AX21: =IF(AX19="","",VLOOKUP(AX19,'【記載例】シフト記号表（勤務時間帯）'!$C$5:$Y$46,23,FALSE)) | AY21: =IF($BB$3="計画",SUM(T21:AU21),IF($BB$3="実績",SUM(T21:AX21),"")) -> 0 | BA21: =IF($BB$3="計画",AY21/4,IF($BB$3="実績",(AY21/($BB$7/7)),"")) -> 0
G22: A | L22: ○○ A男 | O22: シフト記号 | T22: d | U22: d | V22: d | W22: d | X22: 休 | Y22: d | Z22: d | AA22: 休 | AB22: d | AC22: d | AD22: d | AE22: 休 | AF22: 休 | AG22: d | AH22: d | AI22: d | AJ22: 休 | AK22: d | AL22: d | AM22: d | AN22: d | AO22: d | AP22: 休 | AQ22: d | AR22: 休 | AS22: d | AT22: 休 | AU22: d
B23: =B20+1 -> 2 | C23: 介護支援専門員 | H23: 介護支援専門員 | O23: 日中の勤務時間数 | T23: =IF(T22="","",VLOOKUP(T22,'【記載例】シフト記号表（勤務時間帯）'!$C$5:$W$46,21,FALSE)) -> 8 | U23: =IF(U22="","",VLOOKUP(U22,'【記載例】シフト記号表（勤務時間帯）'!$C$5:$W$46,21,FALSE)) -> 8 | V23: =IF(V22="","",VLOOKUP(V22,'【記載例】シフト記号表（勤務時間帯）'!$C$5:$W$46,21,FALSE)) -> 8 | W23: =IF(W22="","",VLOOKUP(W22,'【記載例】シフト記号表（勤務時間帯）'!$C$5:$W$46,21,FALSE)) -> 8 | X23: =IF(X22="","",VLOOKUP(X22,'【記載例】シフト記号表（勤務時間帯）'!$C$5:$W$46,21,FALSE)) -> - | Y23: =IF(Y22="","",VLOOKUP(Y22,'【記載例】シフト記号表（勤務時間帯）'!$C$5:$W$46,21,FALSE)) -> 8 | Z23: =IF(Z22="","",VLOOKUP(Z22,'【記載例】シフト記号表（勤務時間帯）'!$C$5:$W$46,21,FALSE)) -> 8 | AA23: =IF(AA22="","",VLOOKUP(AA22,'【記載例】シフト記号表（勤務時間帯）'!$C$5:$W$46,21,FALSE)) -> - | ... AX23: =IF(AX22="","",VLOOKUP(AX22,'【記載例】シフト記号表（勤務時間帯）'!$C$5:$W$46,21,FALSE)) | AY23: =IF($BB$3="計画",SUM(T23:AU23),IF($BB$3="実績",SUM(T23:AX23),"")) -> 160 | BA23: =IF($BB$3="計画",AY23/4,IF($BB$3="実績",(AY23/($BB$7/7)),"")) -> 40
F24: =C23 -> 介護支援専門員 | O24: 夜間・深夜の勤務時間数 | T24: =IF(T22="","",VLOOKUP(T22,'【記載例】シフト記号表（勤務時間帯）'!$C$5:$Y$46,23,FALSE)) -> - | U24: =IF(U22="","",VLOOKUP(U22,'【記載例】シフト記号表（勤務時間帯）'!$C$5:$Y$46,23,FALSE)) -> - | V24: =IF(V22="","",VLOOKUP(V22,'【記載例】シフト記号表（勤務時間帯）'!$C$5:$Y$46,23,FALSE)) -> - | W24: =IF(W22="","",VLOOKUP(W22,'【記載例】シフト記号表（勤務時間帯）'!$C$5:$Y$46,23,FALSE)) -> - | X24: =IF(X22="","",VLOOKUP(X22,'【記載例】シフト記号表（勤務時間帯）'!$C$5:$Y$46,23,FALSE)) -> - | Y24: =IF(Y22="","",VLOOKUP(Y22,'【記載例】シフト記号表（勤務時間帯）'!$C$5:$Y$46,23,FALSE)) -> - | Z24: =IF(Z22="","",VLOOKUP(Z22,'【記載例】シフト記号表（勤務時間帯）'!$C$5:$Y$46,23,FALSE)) -> - | AA24: =IF(AA22="","",VLOOKUP(AA22,'【記載例】シフト記号表（勤務時間帯）'!$C$5:$Y$46,23,FALSE)) -> - | ... AX24: =IF(AX22="","",VLOOKUP(AX22,'【記載例】シフト記号表（勤務時間帯）'!$C$5:$Y$46,23,FALSE)) | AY24: =IF($BB$3="計画",SUM(T24:AU24),IF($BB$3="実績",SUM(T24:AX24),"")) -> 0 | BA24: =IF($BB$3="計画",AY24/4,IF($BB$3="実績",(AY24/($BB$7/7)),"")) -> 0
G25: A | L25: ○○ B子 | O25: シフト記号 | T25: i | U25: j | V25: 休 | W25: a | X25: c | Y25: 休 | Z25: a | AA25: i | AB25: j | AC25: c | AD25: 休 | AE25: a | AF25: c | AG25: 休 | AH25: c | AI25: i | AJ25: j | AK25: 休 | AL25: 休 | AM25: i | AN25: j | AO25: 休 | AP25: a | AQ25: c | AR25: i | AS25: j | AT25: 休 | AU25: 休
B26: =B23+1 -> 3 | C26: 看護職員 | H26: 保健師 | O26: 日中の勤務時間数 | T26: =IF(T25="","",VLOOKUP(T25,'【記載例】シフト記号表（勤務時間帯）'!$C$5:$W$46,21,FALSE)) -> 3 | U26: =IF(U25="","",VLOOKUP(U25,'【記載例】シフト記号表（勤務時間帯）'!$C$5:$W$46,21,FALSE)) -> 5 | V26: =IF(V25="","",VLOOKUP(V25,'【記載例】シフト記号表（勤務時間帯）'!$C$5:$W$46,21,FALSE)) -> - | W26: =IF(W25="","",VLOOKUP(W25,'【記載例】シフト記号表（勤務時間帯）'!$C$5:$W$46,21,FALSE)) -> 8 | X26: =IF(X25="","",VLOOKUP(X25,'【記載例】シフト記号表（勤務時間帯）'!$C$5:$W$46,21,FALSE)) -> 8 | Y26: =IF(Y25="","",VLOOKUP(Y25,'【記載例】シフト記号表（勤務時間帯）'!$C$5:$W$46,21,FALSE)) -> - | Z26: =IF(Z25="","",VLOOKUP(Z25,'【記載例】シフト記号表（勤務時間帯）'!$C$5:$W$46,21,FALSE)) -> 8 | AA26: =IF(AA25="","",VLOOKUP(AA25,'【記載例】シフト記号表（勤務時間帯）'!$C$5:$W$46,21,FALSE)) -> 3 | ... AX26: =IF(AX25="","",VLOOKUP(AX25,'【記載例】シフト記号表（勤務時間帯）'!$C$5:$W$46,21,FALSE)) | AY26: =IF($BB$3="計画",SUM(T26:AU26),IF($BB$3="実績",SUM(T26:AX26),"")) -> 112 | BA26: =IF($BB$3="計画",AY26/4,IF($BB$3="実績",(AY26/($BB$7/7)),"")) -> 28
F27: =C26 -> 看護職員 | O27: 夜間・深夜の勤務時間数 | T27: =IF(T25="","",VLOOKUP(T25,'【記載例】シフト記号表（勤務時間帯）'!$C$5:$Y$46,23,FALSE)) -> 11 | U27: =IF(U25="","",VLOOKUP(U25,'【記載例】シフト記号表（勤務時間帯）'!$C$5:$Y$46,23,FALSE)) -> - | V27: =IF(V25="","",VLOOKUP(V25,'【記載例】シフト記号表（勤務時間帯）'!$C$5:$Y$46,23,FALSE)) -> - | W27: =IF(W25="","",VLOOKUP(W25,'【記載例】シフト記号表（勤務時間帯）'!$C$5:$Y$46,23,FALSE)) -> - | X27: =IF(X25="","",VLOOKUP(X25,'【記載例】シフト記号表（勤務時間帯）'!$C$5:$Y$46,23,FALSE)) -> - | Y27: =IF(Y25="","",VLOOKUP(Y25,'【記載例】シフト記号表（勤務時間帯）'!$C$5:$Y$46,23,FALSE)) -> - | Z27: =IF(Z25="","",VLOOKUP(Z25,'【記載例】シフト記号表（勤務時間帯）'!$C$5:$Y$46,23,FALSE)) -> - | AA27: =IF(AA25="","",VLOOKUP(AA25,'【記載例】シフト記号表（勤務時間帯）'!$C$5:$Y$46,23,FALSE)) -> 11 | ... AX27: =IF(AX25="","",VLOOKUP(AX25,'【記載例】シフト記号表（勤務時間帯）'!$C$5:$Y$46,23,FALSE)) | AY27: =IF($BB$3="計画",SUM(T27:AU27),IF($BB$3="実績",SUM(T27:AX27),"")) -> 55 | BA27: =IF($BB$3="計画",AY27/4,IF($BB$3="実績",(AY27/($BB$7/7)),"")) -> 13.75
G28: A | L28: ○○ C太 | O28: シフト記号 | T28: 休 | U28: i | V28: j | W28: 休 | X28: 休 | Y28: i | Z28: j | AA28: 休 | AB28: a | AC28: i | AD28: j | AE28: 休 | AF28: b | AG28: a | AH28: 休 | AI28: a | AJ28: c | AK28: i | AL28: j | AM28: 休 | AN28: a | AO28: b | AP28: c | AQ28: i | AR28: j | AS28: 休 | AT28: 休 | AU28: a
B29: =B26+1 -> 4 | C29: 看護職員 | H29: 看護師 | O29: 日中の勤務時間数 | T29: =IF(T28="","",VLOOKUP(T28,'【記載例】シフト記号表（勤務時間帯）'!$C$5:$W$46,21,FALSE)) -> - | U29: =IF(U28="","",VLOOKUP(U28,'【記載例】シフト記号表（勤務時間帯）'!$C$5:$W$46,21,FALSE)) -> 3 | V29: =IF(V28="","",VLOOKUP(V28,'【記載例】シフト記号表（勤務時間帯）'!$C$5:$W$46,21,FALSE)) -> 5 | W29: =IF(W28="","",VLOOKUP(W28,'【記載例】シフト記号表（勤務時間帯）'!$C$5:$W$46,21,FALSE)) -> - | X29: =IF(X28="","",VLOOKUP(X28,'【記載例】シフト記号表（勤務時間帯）'!$C$5:$W$46,21,FALSE)) -> - | Y29: =IF(Y28="","",VLOOKUP(Y28,'【記載例】シフト記号表（勤務時間帯）'!$C$5:$W$46,21,FALSE)) -> 3 | Z29: =IF(Z28="","",VLOOKUP(Z28,'【記載例】シフト記号表（勤務時間帯）'!$C$5:$W$46,21,FALSE)) -> 5 | AA29: =IF(AA28="","",VLOOKUP(AA28,'【記載例】シフト記号表（勤務時間帯）'!$C$5:$W$46,21,FALSE)) -> - | ... AX29: =IF(AX28="","",VLOOKUP(AX28,'【記載例】シフト記号表（勤務時間帯）'!$C$5:$W$46,21,FALSE)) | AY29: =IF($BB$3="計画",SUM(T29:AU29),IF($BB$3="実績",SUM(T29:AX29),"")) -> 112 | BA29: =IF($BB$3="計画",AY29/4,IF($BB$3="実績",(AY29/($BB$7/7)),"")) -> 28
F30: =C29 -> 看護職員 | O30: 夜間・深夜の勤務時間数 | T30: =IF(T28="","",VLOOKUP(T28,'【記載例】シフト記号表（勤務時間帯）'!$C$5:$Y$46,23,FALSE)) -> - | U30: =IF(U28="","",VLOOKUP(U28,'【記載例】シフト記号表（勤務時間帯）'!$C$5:$Y$46,23,FALSE)) -> 11 | V30: =IF(V28="","",VLOOKUP(V28,'【記載例】シフト記号表（勤務時間帯）'!$C$5:$Y$46,23,FALSE)) -> - | W30: =IF(W28="","",VLOOKUP(W28,'【記載例】シフト記号表（勤務時間帯）'!$C$5:$Y$46,23,FALSE)) -> - | X30: =IF(X28="","",VLOOKUP(X28,'【記載例】シフト記号表（勤務時間帯）'!$C$5:$Y$46,23,FALSE)) -> - | Y30: =IF(Y28="","",VLOOKUP(Y28,'【記載例】シフト記号表（勤務時間帯）'!$C$5:$Y$46,23,FALSE)) -> 11 | Z30: =IF(Z28="","",VLOOKUP(Z28,'【記載例】シフト記号表（勤務時間帯）'!$C$5:$Y$46,23,FALSE)) -> - | AA30: =IF(AA28="","",VLOOKUP(AA28,'【記載例】シフト記号表（勤務時間帯）'!$C$5:$Y$46,23,FALSE)) -> - | ... AX30: =IF(AX28="","",VLOOKUP(AX28,'【記載例】シフト記号表（勤務時間帯）'!$C$5:$Y$46,23,FALSE)) | AY30: =IF($BB$3="計画",SUM(T30:AU30),IF($BB$3="実績",SUM(T30:AX30),"")) -> 55 | BA30: =IF($BB$3="計画",AY30/4,IF($BB$3="実績",(AY30/($BB$7/7)),"")) -> 13.75
G31: A | L31: ○○ D美 | O31: シフト記号 | T31: d | U31: a | V31: 休 | W31: a | X31: d | Y31: d | Z31: 休 | AA31: d | AB31: d | AC31: 休 | AD31: d | AE31: d | AF31: 休 | AG31: d | AH31: d | AI31: 休 | AJ31: a | AK31: 休 | AL31: d | AM31: d | AN31: d | AO31: 休 | AP31: d | AQ31: 休 | AR31: d | AS31: d | AT31: d | AU31: d
B32: =B29+1 -> 5 | C32: 看護職員 | H32: 看護師 | O32: 日中の勤務時間数 | T32: =IF(T31="","",VLOOKUP(T31,'【記載例】シフト記号表（勤務時間帯）'!$C$5:$W$46,21,FALSE)) -> 8 | U32: =IF(U31="","",VLOOKUP(U31,'【記載例】シフト記号表（勤務時間帯）'!$C$5:$W$46,21,FALSE)) -> 8 | V32: =IF(V31="","",VLOOKUP(V31,'【記載例】シフト記号表（勤務時間帯）'!$C$5:$W$46,21,FALSE)) -> - | W32: =IF(W31="","",VLOOKUP(W31,'【記載例】シフト記号表（勤務時間帯）'!$C$5:$W$46,21,FALSE)) -> 8 | X32: =IF(X31="","",VLOOKUP(X31,'【記載例】シフト記号表（勤務時間帯）'!$C$5:$W$46,21,FALSE)) -> 8 | Y32: =IF(Y31="","",VLOOKUP(Y31,'【記載例】シフト記号表（勤務時間帯）'!$C$5:$W$46,21,FALSE)) -> 8 | Z32: =IF(Z31="","",VLOOKUP(Z31,'【記載例】シフト記号表（勤務時間帯）'!$C$5:$W$46,21,FALSE)) -> - | AA32: =IF(AA31="","",VLOOKUP(AA31,'【記載例】シフト記号表（勤務時間帯）'!$C$5:$W$46,21,FALSE)) -> 8 | ... AX32: =IF(AX31="","",VLOOKUP(AX31,'【記載例】シフト記号表（勤務時間帯）'!$C$5:$W$46,21,FALSE)) | AY32: =IF($BB$3="計画",SUM(T32:AU32),IF($BB$3="実績",SUM(T32:AX32),"")) -> 160 | BA32: =IF($BB$3="計画",AY32/4,IF($BB$3="実績",(AY32/($BB$7/7)),"")) -> 40
F33: =C32 -> 看護職員 | O33: 夜間・深夜の勤務時間数 | T33: =IF(T31="","",VLOOKUP(T31,'【記載例】シフト記号表（勤務時間帯）'!$C$5:$Y$46,23,FALSE)) -> - | U33: =IF(U31="","",VLOOKUP(U31,'【記載例】シフト記号表（勤務時間帯）'!$C$5:$Y$46,23,FALSE)) -> - | V33: =IF(V31="","",VLOOKUP(V31,'【記載例】シフト記号表（勤務時間帯）'!$C$5:$Y$46,23,FALSE)) -> - | W33: =IF(W31="","",VLOOKUP(W31,'【記載例】シフト記号表（勤務時間帯）'!$C$5:$Y$46,23,FALSE)) -> - | X33: =IF(X31="","",VLOOKUP(X31,'【記載例】シフト記号表（勤務時間帯）'!$C$5:$Y$46,23,FALSE)) -> - | Y33: =IF(Y31="","",VLOOKUP(Y31,'【記載例】シフト記号表（勤務時間帯）'!$C$5:$Y$46,23,FALSE)) -> - | Z33: =IF(Z31="","",VLOOKUP(Z31,'【記載例】シフト記号表（勤務時間帯）'!$C$5:$Y$46,23,FALSE)) -> - | AA33: =IF(AA31="","",VLOOKUP(AA31,'【記載例】シフト記号表（勤務時間帯）'!$C$5:$Y$46,23,FALSE)) -> - | ... AX33: =IF(AX31="","",VLOOKUP(AX31,'【記載例】シフト記号表（勤務時間帯）'!$C$5:$Y$46,23,FALSE)) | AY33: =IF($BB$3="計画",SUM(T33:AU33),IF($BB$3="実績",SUM(T33:AX33),"")) -> 0 | BA33: =IF($BB$3="計画",AY33/4,IF($BB$3="実績",(AY33/($BB$7/7)),"")) -> 0
G34: A | L34: ○○ E夫 | O34: シフト記号 | T34: j | U34: 休 | V34: a | W34: 休 | X34: i | Y34: j | Z34: 休 | AA34: c | AB34: i | AC34: j | AD34: 休 | AE34: a | AF34: i | AG34: j | AH34: 休 | AI34: c | AJ34: c | AK34: 休 | AL34: c | AM34: 休 | AN34: i | AO34: j | AP34: c | AQ34: c | AR34: 休 | AS34: c | AT34: a | AU34: 休
B35: =B32+1 -> 6 | C35: 看護職員 | H35: 准看護師 | O35: 日中の勤務時間数 | T35: =IF(T34="","",VLOOKUP(T34,'【記載例】シフト記号表（勤務時間帯）'!$C$5:$W$46,21,FALSE)) -> 5 | U35: =IF(U34="","",VLOOKUP(U34,'【記載例】シフト記号表（勤務時間帯）'!$C$5:$W$46,21,FALSE)) -> - | V35: =IF(V34="","",VLOOKUP(V34,'【記載例】シフト記号表（勤務時間帯）'!$C$5:$W$46,21,FALSE)) -> 8 | W35: =IF(W34="","",VLOOKUP(W34,'【記載例】シフト記号表（勤務時間帯）'!$C$5:$W$46,21,FALSE)) -> - | X35: =IF(X34="","",VLOOKUP(X34,'【記載例】シフト記号表（勤務時間帯）'!$C$5:$W$46,21,FALSE)) -> 3 | Y35: =IF(Y34="","",VLOOKUP(Y34,'【記載例】シフト記号表（勤務時間帯）'!$C$5:$W$46,21,FALSE)) -> 5 | Z35: =IF(Z34="","",VLOOKUP(Z34,'【記載例】シフト記号表（勤務時間帯）'!$C$5:$W$46,21,FALSE)) -> - | AA35: =IF(AA34="","",VLOOKUP(AA34,'【記載例】シフト記号表（勤務時間帯）'!$C$5:$W$46,21,FALSE)) -> 8 | ... AX35: =IF(AX34="","",VLOOKUP(AX34,'【記載例】シフト記号表（勤務時間帯）'!$C$5:$W$46,21,FALSE)) | AY35: =IF($BB$3="計画",SUM(T35:AU35),IF($BB$3="実績",SUM(T35:AX35),"")) -> 117 | BA35: =IF($BB$3="計画",AY35/4,IF($BB$3="実績",(AY35/($BB$7/7)),"")) -> 29.25
F36: =C35 -> 看護職員 | O36: 夜間・深夜の勤務時間数 | T36: =IF(T34="","",VLOOKUP(T34,'【記載例】シフト記号表（勤務時間帯）'!$C$5:$Y$46,23,FALSE)) -> - | U36: =IF(U34="","",VLOOKUP(U34,'【記載例】シフト記号表（勤務時間帯）'!$C$5:$Y$46,23,FALSE)) -> - | V36: =IF(V34="","",VLOOKUP(V34,'【記載例】シフト記号表（勤務時間帯）'!$C$5:$Y$46,23,FALSE)) -> - | W36: =IF(W34="","",VLOOKUP(W34,'【記載例】シフト記号表（勤務時間帯）'!$C$5:$Y$46,23,FALSE)) -> - | X36: =IF(X34="","",VLOOKUP(X34,'【記載例】シフト記号表（勤務時間帯）'!$C$5:$Y$46,23,FALSE)) -> 11 | Y36: =IF(Y34="","",VLOOKUP(Y34,'【記載例】シフト記号表（勤務時間帯）'!$C$5:$Y$46,23,FALSE)) -> - | Z36: =IF(Z34="","",VLOOKUP(Z34,'【記載例】シフト記号表（勤務時間帯）'!$C$5:$Y$46,23,FALSE)) -> - | AA36: =IF(AA34="","",VLOOKUP(AA34,'【記載例】シフト記号表（勤務時間帯）'!$C$5:$Y$46,23,FALSE)) -> - | ... AX36: =IF(AX34="","",VLOOKUP(AX34,'【記載例】シフト記号表（勤務時間帯）'!$C$5:$Y$46,23,FALSE)) | AY36: =IF($BB$3="計画",SUM(T36:AU36),IF($BB$3="実績",SUM(T36:AX36),"")) -> 44 | BA36: =IF($BB$3="計画",AY36/4,IF($BB$3="実績",(AY36/($BB$7/7)),"")) -> 11
G37: A | L37: ○○ F子 | O37: シフト記号 | T37: 休 | U37: a | V37: i | W37: j | X37: 休 | Y37: a | Z37: a | AB37: a | AC37: a | AD37: 休 | AE37: i | AF37: j | AG37: a | AH37: 休 | AI37: 休 | AJ37: i | AK37: j | AL37: 休 | AM37: a | AN37: a | AO37: c | AP37: 休 | AQ37: a | AR37: b | AS37: i | AT37: j | AU37: 休
B38: =B35+1 -> 7 | C38: 看護職員 | H38: 准看護師 | O38: 日中の勤務時間数 | T38: =IF(T37="","",VLOOKUP(T37,'【記載例】シフト記号表（勤務時間帯）'!$C$5:$W$46,21,FALSE)) -> - | U38: =IF(U37="","",VLOOKUP(U37,'【記載例】シフト記号表（勤務時間帯）'!$C$5:$W$46,21,FALSE)) -> 8 | V38: =IF(V37="","",VLOOKUP(V37,'【記載例】シフト記号表（勤務時間帯）'!$C$5:$W$46,21,FALSE)) -> 3 | W38: =IF(W37="","",VLOOKUP(W37,'【記載例】シフト記号表（勤務時間帯）'!$C$5:$W$46,21,FALSE)) -> 5 | X38: =IF(X37="","",VLOOKUP(X37,'【記載例】シフト記号表（勤務時間帯）'!$C$5:$W$46,21,FALSE)) -> - | Y38: =IF(Y37="","",VLOOKUP(Y37,'【記載例】シフト記号表（勤務時間帯）'!$C$5:$W$46,21,FALSE)) -> 8 | Z38: =IF(Z37="","",VLOOKUP(Z37,'【記載例】シフト記号表（勤務時間帯）'!$C$5:$W$46,21,FALSE)) -> 8 | AA38: =IF(AA37="","",VLOOKUP(AA37,'【記載例】シフト記号表（勤務時間帯）'!$C$5:$W$46,21,FALSE)) | ... AX38: =IF(AX37="","",VLOOKUP(AX37,'【記載例】シフト記号表（勤務時間帯）'!$C$5:$W$46,21,FALSE)) | AY38: =IF($BB$3="計画",SUM(T38:AU38),IF($BB$3="実績",SUM(T38:AX38),"")) -> 120 | BA38: =IF($BB$3="計画",AY38/4,IF($BB$3="実績",(AY38/($BB$7/7)),"")) -> 30
F39: =C38 -> 看護職員 | O39: 夜間・深夜の勤務時間数 | T39: =IF(T37="","",VLOOKUP(T37,'【記載例】シフト記号表（勤務時間帯）'!$C$5:$Y$46,23,FALSE)) -> - | U39: =IF(U37="","",VLOOKUP(U37,'【記載例】シフト記号表（勤務時間帯）'!$C$5:$Y$46,23,FALSE)) -> - | V39: =IF(V37="","",VLOOKUP(V37,'【記載例】シフト記号表（勤務時間帯）'!$C$5:$Y$46,23,FALSE)) -> 11 | W39: =IF(W37="","",VLOOKUP(W37,'【記載例】シフト記号表（勤務時間帯）'!$C$5:$Y$46,23,FALSE)) -> - | X39: =IF(X37="","",VLOOKUP(X37,'【記載例】シフト記号表（勤務時間帯）'!$C$5:$Y$46,23,FALSE)) -> - | Y39: =IF(Y37="","",VLOOKUP(Y37,'【記載例】シフト記号表（勤務時間帯）'!$C$5:$Y$46,23,FALSE)) -> - | Z39: =IF(Z37="","",VLOOKUP(Z37,'【記載例】シフト記号表（勤務時間帯）'!$C$5:$Y$46,23,FALSE)) -> - | AA39: =IF(AA37="","",VLOOKUP(AA37,'【記載例】シフト記号表（勤務時間帯）'!$C$5:$Y$46,23,FALSE)) | ... AX39: =IF(AX37="","",VLOOKUP(AX37,'【記載例】シフト記号表（勤務時間帯）'!$C$5:$Y$46,23,FALSE)) | AY39: =IF($BB$3="計画",SUM(T39:AU39),IF($BB$3="実績",SUM(T39:AX39),"")) -> 44 | BA39: =IF($BB$3="計画",AY39/4,IF($BB$3="実績",(AY39/($BB$7/7)),"")) -> 11
G40: A | L40: ○○ G太 | O40: シフト記号 | T40: a | U40: c | V40: b | W40: i | X40: j | Y40: 休 | Z40: c | AA40: a | AB40: c | AC40: c | AD40: i | AE40: j | AF40: 休 | AG40: a | AH40: i | AI40: j | AJ40: 休 | AK40: a | AL40: a | AM40: 休 | AN40: 休 | AO40: i | AP40: j | AQ40: 休 | AR40: a | AS40: 休 | AT40: i | AU40: j
B41: =B38+1 -> 8 | C41: 看護職員 | H41: 准看護師 | O41: 日中の勤務時間数 | T41: =IF(T40="","",VLOOKUP(T40,'【記載例】シフト記号表（勤務時間帯）'!$C$5:$W$46,21,FALSE)) -> 8 | U41: =IF(U40="","",VLOOKUP(U40,'【記載例】シフト記号表（勤務時間帯）'!$C$5:$W$46,21,FALSE)) -> 8 | V41: =IF(V40="","",VLOOKUP(V40,'【記載例】シフト記号表（勤務時間帯）'!$C$5:$W$46,21,FALSE)) -> 8 | W41: =IF(W40="","",VLOOKUP(W40,'【記載例】シフト記号表（勤務時間帯）'!$C$5:$W$46,21,FALSE)) -> 3 | X41: =IF(X40="","",VLOOKUP(X40,'【記載例】シフト記号表（勤務時間帯）'!$C$5:$W$46,21,FALSE)) -> 5 | Y41: =IF(Y40="","",VLOOKUP(Y40,'【記載例】シフト記号表（勤務時間帯）'!$C$5:$W$46,21,FALSE)) -> - | Z41: =IF(Z40="","",VLOOKUP(Z40,'【記載例】シフト記号表（勤務時間帯）'!$C$5:$W$46,21,FALSE)) -> 8 | AA41: =IF(AA40="","",VLOOKUP(AA40,'【記載例】シフト記号表（勤務時間帯）'!$C$5:$W$46,21,FALSE)) -> 8 | ... AX41: =IF(AX40="","",VLOOKUP(AX40,'【記載例】シフト記号表（勤務時間帯）'!$C$5:$W$46,21,FALSE)) | AY41: =IF($BB$3="計画",SUM(T41:AU41),IF($BB$3="実績",SUM(T41:AX41),"")) -> 128 | BA41: =IF($BB$3="計画",AY41/4,IF($BB$3="実績",(AY41/($BB$7/7)),"")) -> 32
F42: =C41 -> 看護職員 | O42: 夜間・深夜の勤務時間数 | T42: =IF(T40="","",VLOOKUP(T40,'【記載例】シフト記号表（勤務時間帯）'!$C$5:$Y$46,23,FALSE)) -> - | U42: =IF(U40="","",VLOOKUP(U40,'【記載例】シフト記号表（勤務時間帯）'!$C$5:$Y$46,23,FALSE)) -> - | V42: =IF(V40="","",VLOOKUP(V40,'【記載例】シフト記号表（勤務時間帯）'!$C$5:$Y$46,23,FALSE)) -> - | W42: =IF(W40="","",VLOOKUP(W40,'【記載例】シフト記号表（勤務時間帯）'!$C$5:$Y$46,23,FALSE)) -> 11 | X42: =IF(X40="","",VLOOKUP(X40,'【記載例】シフト記号表（勤務時間帯）'!$C$5:$Y$46,23,FALSE)) -> - | Y42: =IF(Y40="","",VLOOKUP(Y40,'【記載例】シフト記号表（勤務時間帯）'!$C$5:$Y$46,23,FALSE)) -> - | Z42: =IF(Z40="","",VLOOKUP(Z40,'【記載例】シフト記号表（勤務時間帯）'!$C$5:$Y$46,23,FALSE)) -> - | AA42: =IF(AA40="","",VLOOKUP(AA40,'【記載例】シフト記号表（勤務時間帯）'!$C$5:$Y$46,23,FALSE)) -> - | ... AX42: =IF(AX40="","",VLOOKUP(AX40,'【記載例】シフト記号表（勤務時間帯）'!$C$5:$Y$46,23,FALSE)) | AY42: =IF($BB$3="計画",SUM(T42:AU42),IF($BB$3="実績",SUM(T42:AX42),"")) -> 55 | BA42: =IF($BB$3="計画",AY42/4,IF($BB$3="実績",(AY42/($BB$7/7)),"")) -> 13.75
G43: A | L43: ○○ H美 | O43: シフト記号 | T43: j | U43: 休 | V43: c | W43: c | X43: 休 | Y43: 休 | Z43: i | AA43: j | AB43: 休 | AC43: 休 | AD43: a | AE43: c | AF43: c | AG43: i | AH43: j | AI43: c | AJ43: 休 | AK43: b | AL43: i | AM43: j | AN43: 休 | AO43: a | AP43: i | AQ43: j | AR43: 休 | AS43: a | AT43: b | AU43: i
B44: =B41+1 -> 9 | C44: 看護職員 | H44: 准看護師 | O44: 日中の勤務時間数 | T44: =IF(T43="","",VLOOKUP(T43,'【記載例】シフト記号表（勤務時間帯）'!$C$5:$W$46,21,FALSE)) -> 5 | U44: =IF(U43="","",VLOOKUP(U43,'【記載例】シフト記号表（勤務時間帯）'!$C$5:$W$46,21,FALSE)) -> - | V44: =IF(V43="","",VLOOKUP(V43,'【記載例】シフト記号表（勤務時間帯）'!$C$5:$W$46,21,FALSE)) -> 8 | W44: =IF(W43="","",VLOOKUP(W43,'【記載例】シフト記号表（勤務時間帯）'!$C$5:$W$46,21,FALSE)) -> 8 | X44: =IF(X43="","",VLOOKUP(X43,'【記載例】シフト記号表（勤務時間帯）'!$C$5:$W$46,21,FALSE)) -> - | Y44: =IF(Y43="","",VLOOKUP(Y43,'【記載例】シフト記号表（勤務時間帯）'!$C$5:$W$46,21,FALSE)) -> - | Z44: =IF(Z43="","",VLOOKUP(Z43,'【記載例】シフト記号表（勤務時間帯）'!$C$5:$W$46,21,FALSE)) -> 3 | AA44: =IF(AA43="","",VLOOKUP(AA43,'【記載例】シフト記号表（勤務時間帯）'!$C$5:$W$46,21,FALSE)) -> 5 | ... AX44: =IF(AX43="","",VLOOKUP(AX43,'【記載例】シフト記号表（勤務時間帯）'!$C$5:$W$46,21,FALSE)) | AY44: =IF($BB$3="計画",SUM(T44:AU44),IF($BB$3="実績",SUM(T44:AX44),"")) -> 120 | BA44: =IF($BB$3="計画",AY44/4,IF($BB$3="実績",(AY44/($BB$7/7)),"")) -> 30
F45: =C44 -> 看護職員 | O45: 夜間・深夜の勤務時間数 | T45: =IF(T43="","",VLOOKUP(T43,'【記載例】シフト記号表（勤務時間帯）'!$C$5:$Y$46,23,FALSE)) -> - | U45: =IF(U43="","",VLOOKUP(U43,'【記載例】シフト記号表（勤務時間帯）'!$C$5:$Y$46,23,FALSE)) -> - | V45: =IF(V43="","",VLOOKUP(V43,'【記載例】シフト記号表（勤務時間帯）'!$C$5:$Y$46,23,FALSE)) -> - | W45: =IF(W43="","",VLOOKUP(W43,'【記載例】シフト記号表（勤務時間帯）'!$C$5:$Y$46,23,FALSE)) -> - | X45: =IF(X43="","",VLOOKUP(X43,'【記載例】シフト記号表（勤務時間帯）'!$C$5:$Y$46,23,FALSE)) -> - | Y45: =IF(Y43="","",VLOOKUP(Y43,'【記載例】シフト記号表（勤務時間帯）'!$C$5:$Y$46,23,FALSE)) -> - | Z45: =IF(Z43="","",VLOOKUP(Z43,'【記載例】シフト記号表（勤務時間帯）'!$C$5:$Y$46,23,FALSE)) -> 11 | AA45: =IF(AA43="","",VLOOKUP(AA43,'【記載例】シフト記号表（勤務時間帯）'!$C$5:$Y$46,23,FALSE)) -> - | ... AX45: =IF(AX43="","",VLOOKUP(AX43,'【記載例】シフト記号表（勤務時間帯）'!$C$5:$Y$46,23,FALSE)) | AY45: =IF($BB$3="計画",SUM(T45:AU45),IF($BB$3="実績",SUM(T45:AX45),"")) -> 55 | BA45: =IF($BB$3="計画",AY45/4,IF($BB$3="実績",(AY45/($BB$7/7)),"")) -> 13.75
G46: C | L46: ○○ J太郎 | O46: シフト記号 | T46: a | U46: 休 | V46: 休 | W46: 休 | X46: a | Y46: 休 | Z46: 休 | AA46: a | AB46: 休 | AC46: 休 | AD46: a | AE46: 休 | AF46: 休 | AG46: 休 | AH46: a | AI46: 休 | AJ46: a | AK46: a | AL46: 休 | AM46: 休 | AN46: 休 | AO46: a | AP46: 休 | AQ46: 休 | AR46: 休 | AS46: a | AT46: 休 | AU46: 休
B47: =B44+1 -> 10 | C47: 介護従業者 | H47: 介護福祉士 | O47: 日中の勤務時間数 | T47: =IF(T46="","",VLOOKUP(T46,'【記載例】シフト記号表（勤務時間帯）'!$C$5:$W$46,21,FALSE)) -> 8 | U47: =IF(U46="","",VLOOKUP(U46,'【記載例】シフト記号表（勤務時間帯）'!$C$5:$W$46,21,FALSE)) -> - | V47: =IF(V46="","",VLOOKUP(V46,'【記載例】シフト記号表（勤務時間帯）'!$C$5:$W$46,21,FALSE)) -> - | W47: =IF(W46="","",VLOOKUP(W46,'【記載例】シフト記号表（勤務時間帯）'!$C$5:$W$46,21,FALSE)) -> - | X47: =IF(X46="","",VLOOKUP(X46,'【記載例】シフト記号表（勤務時間帯）'!$C$5:$W$46,21,FALSE)) -> 8 | Y47: =IF(Y46="","",VLOOKUP(Y46,'【記載例】シフト記号表（勤務時間帯）'!$C$5:$W$46,21,FALSE)) -> - | Z47: =IF(Z46="","",VLOOKUP(Z46,'【記載例】シフト記号表（勤務時間帯）'!$C$5:$W$46,21,FALSE)) -> - | AA47: =IF(AA46="","",VLOOKUP(AA46,'【記載例】シフト記号表（勤務時間帯）'!$C$5:$W$46,21,FALSE)) -> 8 | ... AX47: =IF(AX46="","",VLOOKUP(AX46,'【記載例】シフト記号表（勤務時間帯）'!$C$5:$W$46,21,FALSE)) | AY47: =IF($BB$3="計画",SUM(T47:AU47),IF($BB$3="実績",SUM(T47:AX47),"")) -> 72 | BA47: =IF($BB$3="計画",AY47/4,IF($BB$3="実績",(AY47/($BB$7/7)),"")) -> 18
F48: =C47 -> 介護従業者 | O48: 夜間・深夜の勤務時間数 | T48: =IF(T46="","",VLOOKUP(T46,'【記載例】シフト記号表（勤務時間帯）'!$C$5:$Y$46,23,FALSE)) -> - | U48: =IF(U46="","",VLOOKUP(U46,'【記載例】シフト記号表（勤務時間帯）'!$C$5:$Y$46,23,FALSE)) -> - | V48: =IF(V46="","",VLOOKUP(V46,'【記載例】シフト記号表（勤務時間帯）'!$C$5:$Y$46,23,FALSE)) -> - | W48: =IF(W46="","",VLOOKUP(W46,'【記載例】シフト記号表（勤務時間帯）'!$C$5:$Y$46,23,FALSE)) -> - | X48: =IF(X46="","",VLOOKUP(X46,'【記載例】シフト記号表（勤務時間帯）'!$C$5:$Y$46,23,FALSE)) -> - | Y48: =IF(Y46="","",VLOOKUP(Y46,'【記載例】シフト記号表（勤務時間帯）'!$C$5:$Y$46,23,FALSE)) -> - | Z48: =IF(Z46="","",VLOOKUP(Z46,'【記載例】シフト記号表（勤務時間帯）'!$C$5:$Y$46,23,FALSE)) -> - | AA48: =IF(AA46="","",VLOOKUP(AA46,'【記載例】シフト記号表（勤務時間帯）'!$C$5:$Y$46,23,FALSE)) -> - | ... AX48: =IF(AX46="","",VLOOKUP(AX46,'【記載例】シフト記号表（勤務時間帯）'!$C$5:$Y$46,23,FALSE)) | AY48: =IF($BB$3="計画",SUM(T48:AU48),IF($BB$3="実績",SUM(T48:AX48),"")) -> 0 | BA48: =IF($BB$3="計画",AY48/4,IF($BB$3="実績",(AY48/($BB$7/7)),"")) -> 0
G49: C | L49: ○○ K子 | O49: シフト記号 | T49: d | U49: d | V49: 休 | W49: 休 | X49: 休 | Y49: d | Z49: d | AA49: 休 | AB49: 休 | AC49: d | AD49: d | AE49: 休 | AF49: d | AG49: d | AH49: d | AI49: 休 | AJ49: 休 | AK49: d | AL49: 休 | AM49: 休 | AN49: d | AO49: d | AP49: 休 | AQ49: 休 | AR49: d | AS49: 休 | AT49: d | AU49: d
B50: =B47+1 -> 11 | C50: 介護従業者 | H50: 介護福祉士 | O50: 日中の勤務時間数 | T50: =IF(T49="","",VLOOKUP(T49,'【記載例】シフト記号表（勤務時間帯）'!$C$5:$W$46,21,FALSE)) -> 8 | U50: =IF(U49="","",VLOOKUP(U49,'【記載例】シフト記号表（勤務時間帯）'!$C$5:$W$46,21,FALSE)) -> 8 | V50: =IF(V49="","",VLOOKUP(V49,'【記載例】シフト記号表（勤務時間帯）'!$C$5:$W$46,21,FALSE)) -> - | W50: =IF(W49="","",VLOOKUP(W49,'【記載例】シフト記号表（勤務時間帯）'!$C$5:$W$46,21,FALSE)) -> - | X50: =IF(X49="","",VLOOKUP(X49,'【記載例】シフト記号表（勤務時間帯）'!$C$5:$W$46,21,FALSE)) -> - | Y50: =IF(Y49="","",VLOOKUP(Y49,'【記載例】シフト記号表（勤務時間帯）'!$C$5:$W$46,21,FALSE)) -> 8 | Z50: =IF(Z49="","",VLOOKUP(Z49,'【記載例】シフト記号表（勤務時間帯）'!$C$5:$W$46,21,FALSE)) -> 8 | AA50: =IF(AA49="","",VLOOKUP(AA49,'【記載例】シフト記号表（勤務時間帯）'!$C$5:$W$46,21,FALSE)) -> - | ... AX50: =IF(AX49="","",VLOOKUP(AX49,'【記載例】シフト記号表（勤務時間帯）'!$C$5:$W$46,21,FALSE)) | AY50: =IF($BB$3="計画",SUM(T50:AU50),IF($BB$3="実績",SUM(T50:AX50),"")) -> 120 | BA50: =IF($BB$3="計画",AY50/4,IF($BB$3="実績",(AY50/($BB$7/7)),"")) -> 30
F51: =C50 -> 介護従業者 | O51: 夜間・深夜の勤務時間数 | T51: =IF(T49="","",VLOOKUP(T49,'【記載例】シフト記号表（勤務時間帯）'!$C$5:$Y$46,23,FALSE)) -> - | U51: =IF(U49="","",VLOOKUP(U49,'【記載例】シフト記号表（勤務時間帯）'!$C$5:$Y$46,23,FALSE)) -> - | V51: =IF(V49="","",VLOOKUP(V49,'【記載例】シフト記号表（勤務時間帯）'!$C$5:$Y$46,23,FALSE)) -> - | W51: =IF(W49="","",VLOOKUP(W49,'【記載例】シフト記号表（勤務時間帯）'!$C$5:$Y$46,23,FALSE)) -> - | X51: =IF(X49="","",VLOOKUP(X49,'【記載例】シフト記号表（勤務時間帯）'!$C$5:$Y$46,23,FALSE)) -> - | Y51: =IF(Y49="","",VLOOKUP(Y49,'【記載例】シフト記号表（勤務時間帯）'!$C$5:$Y$46,23,FALSE)) -> - | Z51: =IF(Z49="","",VLOOKUP(Z49,'【記載例】シフト記号表（勤務時間帯）'!$C$5:$Y$46,23,FALSE)) -> - | AA51: =IF(AA49="","",VLOOKUP(AA49,'【記載例】シフト記号表（勤務時間帯）'!$C$5:$Y$46,23,FALSE)) -> - | ... AX51: =IF(AX49="","",VLOOKUP(AX49,'【記載例】シフト記号表（勤務時間帯）'!$C$5:$Y$46,23,FALSE)) | AY51: =IF($BB$3="計画",SUM(T51:AU51),IF($BB$3="実績",SUM(T51:AX51),"")) -> 0 | BA51: =IF($BB$3="計画",AY51/4,IF($BB$3="実績",(AY51/($BB$7/7)),"")) -> 0
G52: C | L52: ○○ M子 | O52: シフト記号 | T52: 休 | U52: 休 | V52: d | W52: d | X52: d | Y52: d | Z52: 休 | AA52: d | AB52: d | AC52: 休 | AD52: d | AE52: d | AF52: 休 | AG52: 休 | AH52: 休 | AI52: d | AJ52: 休 | AK52: d | AL52: d | AM52: d | AN52: 休 | AO52: 休 | AP52: d | AQ52: d | AR52: 休 | AS52: d | AT52: 休 | AU52: d
B53: =B50+1 -> 12 | C53: 介護従業者 | H53: ー | O53: 日中の勤務時間数 | T53: =IF(T52="","",VLOOKUP(T52,'【記載例】シフト記号表（勤務時間帯）'!$C$5:$W$46,21,FALSE)) -> - | U53: =IF(U52="","",VLOOKUP(U52,'【記載例】シフト記号表（勤務時間帯）'!$C$5:$W$46,21,FALSE)) -> - | V53: =IF(V52="","",VLOOKUP(V52,'【記載例】シフト記号表（勤務時間帯）'!$C$5:$W$46,21,FALSE)) -> 8 | W53: =IF(W52="","",VLOOKUP(W52,'【記載例】シフト記号表（勤務時間帯）'!$C$5:$W$46,21,FALSE)) -> 8 | X53: =IF(X52="","",VLOOKUP(X52,'【記載例】シフト記号表（勤務時間帯）'!$C$5:$W$46,21,FALSE)) -> 8 | Y53: =IF(Y52="","",VLOOKUP(Y52,'【記載例】シフト記号表（勤務時間帯）'!$C$5:$W$46,21,FALSE)) -> 8 | Z53: =IF(Z52="","",VLOOKUP(Z52,'【記載例】シフト記号表（勤務時間帯）'!$C$5:$W$46,21,FALSE)) -> - | AA53: =IF(AA52="","",VLOOKUP(AA52,'【記載例】シフト記号表（勤務時間帯）'!$C$5:$W$46,21,FALSE)) -> 8 | ... AX53: =IF(AX52="","",VLOOKUP(AX52,'【記載例】シフト記号表（勤務時間帯）'!$C$5:$W$46,21,FALSE)) | AY53: =IF($BB$3="計画",SUM(T53:AU53),IF($BB$3="実績",SUM(T53:AX53),"")) -> 128 | BA53: =IF($BB$3="計画",AY53/4,IF($BB$3="実績",(AY53/($BB$7/7)),"")) -> 32
F54: =C53 -> 介護従業者 | O54: 夜間・深夜の勤務時間数 | T54: =IF(T52="","",VLOOKUP(T52,'【記載例】シフト記号表（勤務時間帯）'!$C$5:$Y$46,23,FALSE)) -> - | U54: =IF(U52="","",VLOOKUP(U52,'【記載例】シフト記号表（勤務時間帯）'!$C$5:$Y$46,23,FALSE)) -> - | V54: =IF(V52="","",VLOOKUP(V52,'【記載例】シフト記号表（勤務時間帯）'!$C$5:$Y$46,23,FALSE)) -> - | W54: =IF(W52="","",VLOOKUP(W52,'【記載例】シフト記号表（勤務時間帯）'!$C$5:$Y$46,23,FALSE)) -> - | X54: =IF(X52="","",VLOOKUP(X52,'【記載例】シフト記号表（勤務時間帯）'!$C$5:$Y$46,23,FALSE)) -> - | Y54: =IF(Y52="","",VLOOKUP(Y52,'【記載例】シフト記号表（勤務時間帯）'!$C$5:$Y$46,23,FALSE)) -> - | Z54: =IF(Z52="","",VLOOKUP(Z52,'【記載例】シフト記号表（勤務時間帯）'!$C$5:$Y$46,23,FALSE)) -> - | AA54: =IF(AA52="","",VLOOKUP(AA52,'【記載例】シフト記号表（勤務時間帯）'!$C$5:$Y$46,23,FALSE)) -> - | ... AX54: =IF(AX52="","",VLOOKUP(AX52,'【記載例】シフト記号表（勤務時間帯）'!$C$5:$Y$46,23,FALSE)) | AY54: =IF($BB$3="計画",SUM(T54:AU54),IF($BB$3="実績",SUM(T54:AX54),"")) -> 0 | BA54: =IF($BB$3="計画",AY54/4,IF($BB$3="実績",(AY54/($BB$7/7)),"")) -> 0
G55: C | L55: ○○ N男 | O55: シフト記号 | T55: 休 | U55: h | V55: 休 | W55: h | X55: h | Y55: h | Z55: h | AA55: 休 | AB55: h | AC55: h | AD55: 休 | AE55: h | AF55: 休 | AG55: 休 | AH55: h | AI55: h | AJ55: h | AK55: 休 | AL55: h | AM55: h | AN55: h | AO55: 休 | AP55: h | AQ55: h | AR55: 休 | AS55: h | AT55: 休 | AU55: h
B56: =B53+1 -> 13 | C56: 介護従業者 | H56: ー | O56: 日中の勤務時間数 | T56: =IF(T55="","",VLOOKUP(T55,'【記載例】シフト記号表（勤務時間帯）'!$C$5:$W$46,21,FALSE)) -> - | U56: =IF(U55="","",VLOOKUP(U55,'【記載例】シフト記号表（勤務時間帯）'!$C$5:$W$46,21,FALSE)) -> 5.5 | V56: =IF(V55="","",VLOOKUP(V55,'【記載例】シフト記号表（勤務時間帯）'!$C$5:$W$46,21,FALSE)) -> - | W56: =IF(W55="","",VLOOKUP(W55,'【記載例】シフト記号表（勤務時間帯）'!$C$5:$W$46,21,FALSE)) -> 5.5 | X56: =IF(X55="","",VLOOKUP(X55,'【記載例】シフト記号表（勤務時間帯）'!$C$5:$W$46,21,FALSE)) -> 5.5 | Y56: =IF(Y55="","",VLOOKUP(Y55,'【記載例】シフト記号表（勤務時間帯）'!$C$5:$W$46,21,FALSE)) -> 5.5 | Z56: =IF(Z55="","",VLOOKUP(Z55,'【記載例】シフト記号表（勤務時間帯）'!$C$5:$W$46,21,FALSE)) -> 5.5 | AA56: =IF(AA55="","",VLOOKUP(AA55,'【記載例】シフト記号表（勤務時間帯）'!$C$5:$W$46,21,FALSE)) -> - | ... AX56: =IF(AX55="","",VLOOKUP(AX55,'【記載例】シフト記号表（勤務時間帯）'!$C$5:$W$46,21,FALSE)) | AY56: =IF($BB$3="計画",SUM(T56:AU56),IF($BB$3="実績",SUM(T56:AX56),"")) -> 99 | BA56: =IF($BB$3="計画",AY56/4,IF($BB$3="実績",(AY56/($BB$7/7)),"")) -> 24.75
F57: =C56 -> 介護従業者 | O57: 夜間・深夜の勤務時間数 | T57: =IF(T55="","",VLOOKUP(T55,'【記載例】シフト記号表（勤務時間帯）'!$C$5:$Y$46,23,FALSE)) -> - | U57: =IF(U55="","",VLOOKUP(U55,'【記載例】シフト記号表（勤務時間帯）'!$C$5:$Y$46,23,FALSE)) -> - | V57: =IF(V55="","",VLOOKUP(V55,'【記載例】シフト記号表（勤務時間帯）'!$C$5:$Y$46,23,FALSE)) -> - | W57: =IF(W55="","",VLOOKUP(W55,'【記載例】シフト記号表（勤務時間帯）'!$C$5:$Y$46,23,FALSE)) -> - | X57: =IF(X55="","",VLOOKUP(X55,'【記載例】シフト記号表（勤務時間帯）'!$C$5:$Y$46,23,FALSE)) -> - | Y57: =IF(Y55="","",VLOOKUP(Y55,'【記載例】シフト記号表（勤務時間帯）'!$C$5:$Y$46,23,FALSE)) -> - | Z57: =IF(Z55="","",VLOOKUP(Z55,'【記載例】シフト記号表（勤務時間帯）'!$C$5:$Y$46,23,FALSE)) -> - | AA57: =IF(AA55="","",VLOOKUP(AA55,'【記載例】シフト記号表（勤務時間帯）'!$C$5:$Y$46,23,FALSE)) -> - | ... AX57: =IF(AX55="","",VLOOKUP(AX55,'【記載例】シフト記号表（勤務時間帯）'!$C$5:$Y$46,23,FALSE)) | AY57: =IF($BB$3="計画",SUM(T57:AU57),IF($BB$3="実績",SUM(T57:AX57),"")) -> 0 | BA57: =IF($BB$3="計画",AY57/4,IF($BB$3="実績",(AY57/($BB$7/7)),"")) -> 0
G58: C | L58: ○○ P子 | O58: シフト記号 | T58: 休 | U58: j | V58: j | W58: j | X58: j | Y58: 休 | Z58: j | AA58: 休 | AB58: 休 | AC58: j | AD58: 休 | AE58: 休 | AF58: j | AG58: j | AH58: 休 | AI58: j | AJ58: j | AK58: 休 | AL58: j | AM58: j | AN58: j | AO58: 休 | AP58: j | AQ58: j | AR58: j | AS58: 休 | AT58: j | AU58: j
B59: =B56+1 -> 14 | C59: 介護従業者 | H59: ー | O59: 日中の勤務時間数 | T59: =IF(T58="","",VLOOKUP(T58,'【記載例】シフト記号表（勤務時間帯）'!$C$5:$W$46,21,FALSE)) -> - | U59: =IF(U58="","",VLOOKUP(U58,'【記載例】シフト記号表（勤務時間帯）'!$C$5:$W$46,21,FALSE)) -> 5 | V59: =IF(V58="","",VLOOKUP(V58,'【記載例】シフト記号表（勤務時間帯）'!$C$5:$W$46,21,FALSE)) -> 5 | W59: =IF(W58="","",VLOOKUP(W58,'【記載例】シフト記号表（勤務時間帯）'!$C$5:$W$46,21,FALSE)) -> 5 | X59: =IF(X58="","",VLOOKUP(X58,'【記載例】シフト記号表（勤務時間帯）'!$C$5:$W$46,21,FALSE)) -> 5 | Y59: =IF(Y58="","",VLOOKUP(Y58,'【記載例】シフト記号表（勤務時間帯）'!$C$5:$W$46,21,FALSE)) -> - | Z59: =IF(Z58="","",VLOOKUP(Z58,'【記載例】シフト記号表（勤務時間帯）'!$C$5:$W$46,21,FALSE)) -> 5 | AA59: =IF(AA58="","",VLOOKUP(AA58,'【記載例】シフト記号表（勤務時間帯）'!$C$5:$W$46,21,FALSE)) -> - | ... AX59: =IF(AX58="","",VLOOKUP(AX58,'【記載例】シフト記号表（勤務時間帯）'!$C$5:$W$46,21,FALSE)) | AY59: =IF($BB$3="計画",SUM(T59:AU59),IF($BB$3="実績",SUM(T59:AX59),"")) -> 90 | BA59: =IF($BB$3="計画",AY59/4,IF($BB$3="実績",(AY59/($BB$7/7)),"")) -> 22.5
F60: =C59 -> 介護従業者 | O60: 夜間・深夜の勤務時間数 | T60: =IF(T58="","",VLOOKUP(T58,'【記載例】シフト記号表（勤務時間帯）'!$C$5:$Y$46,23,FALSE)) -> - | U60: =IF(U58="","",VLOOKUP(U58,'【記載例】シフト記号表（勤務時間帯）'!$C$5:$Y$46,23,FALSE)) -> - | V60: =IF(V58="","",VLOOKUP(V58,'【記載例】シフト記号表（勤務時間帯）'!$C$5:$Y$46,23,FALSE)) -> - | W60: =IF(W58="","",VLOOKUP(W58,'【記載例】シフト記号表（勤務時間帯）'!$C$5:$Y$46,23,FALSE)) -> - | X60: =IF(X58="","",VLOOKUP(X58,'【記載例】シフト記号表（勤務時間帯）'!$C$5:$Y$46,23,FALSE)) -> - | Y60: =IF(Y58="","",VLOOKUP(Y58,'【記載例】シフト記号表（勤務時間帯）'!$C$5:$Y$46,23,FALSE)) -> - | Z60: =IF(Z58="","",VLOOKUP(Z58,'【記載例】シフト記号表（勤務時間帯）'!$C$5:$Y$46,23,FALSE)) -> - | AA60: =IF(AA58="","",VLOOKUP(AA58,'【記載例】シフト記号表（勤務時間帯）'!$C$5:$Y$46,23,FALSE)) -> - | ... AX60: =IF(AX58="","",VLOOKUP(AX58,'【記載例】シフト記号表（勤務時間帯）'!$C$5:$Y$46,23,FALSE)) | AY60: =IF($BB$3="計画",SUM(T60:AU60),IF($BB$3="実績",SUM(T60:AX60),"")) -> 0 | BA60: =IF($BB$3="計画",AY60/4,IF($BB$3="実績",(AY60/($BB$7/7)),"")) -> 0
G61: C | L61: ○○ R次郎 | O61: シフト記号 | T61: ba | U61: 休 | V61: ba | W61: 休 | X61: 休 | Y61: ba | Z61: 休 | AA61: ba | AB61: 休 | AC61: 休 | AD61: ba | AE61: 休 | AF61: ba | AG61: 休 | AH61: ba | AI61: 休 | AJ61: 休 | AK61: ba | AL61: 休 | AM61: ba | AN61: 休 | AO61: ba | AP61: 休 | AQ61: ba | AR61: ba | AS61: 休 | AT61: ba | AU61: 休
B62: =B59+1 -> 15 | C62: 介護従業者 | H62: ー | O62: 日中の勤務時間数 | T62: =IF(T61="","",VLOOKUP(T61,'【記載例】シフト記号表（勤務時間帯）'!$C$5:$W$46,21,FALSE)) -> 6 | U62: =IF(U61="","",VLOOKUP(U61,'【記載例】シフト記号表（勤務時間帯）'!$C$5:$W$46,21,FALSE)) -> - | V62: =IF(V61="","",VLOOKUP(V61,'【記載例】シフト記号表（勤務時間帯）'!$C$5:$W$46,21,FALSE)) -> 6 | W62: =IF(W61="","",VLOOKUP(W61,'【記載例】シフト記号表（勤務時間帯）'!$C$5:$W$46,21,FALSE)) -> - | X62: =IF(X61="","",VLOOKUP(X61,'【記載例】シフト記号表（勤務時間帯）'!$C$5:$W$46,21,FALSE)) -> - | Y62: =IF(Y61="","",VLOOKUP(Y61,'【記載例】シフト記号表（勤務時間帯）'!$C$5:$W$46,21,FALSE)) -> 6 | Z62: =IF(Z61="","",VLOOKUP(Z61,'【記載例】シフト記号表（勤務時間帯）'!$C$5:$W$46,21,FALSE)) -> - | AA62: =IF(AA61="","",VLOOKUP(AA61,'【記載例】シフト記号表（勤務時間帯）'!$C$5:$W$46,21,FALSE)) -> 6 | ... AX62: =IF(AX61="","",VLOOKUP(AX61,'【記載例】シフト記号表（勤務時間帯）'!$C$5:$W$46,21,FALSE)) | AY62: =IF($BB$3="計画",SUM(T62:AU62),IF($BB$3="実績",SUM(T62:AX62),"")) -> 78 | BA62: =IF($BB$3="計画",AY62/4,IF($BB$3="実績",(AY62/($BB$7/7)),"")) -> 19.5
F63: =C62 -> 介護従業者 | O63: 夜間・深夜の勤務時間数 | T63: =IF(T61="","",VLOOKUP(T61,'【記載例】シフト記号表（勤務時間帯）'!$C$5:$Y$46,23,FALSE)) -> - | U63: =IF(U61="","",VLOOKUP(U61,'【記載例】シフト記号表（勤務時間帯）'!$C$5:$Y$46,23,FALSE)) -> - | V63: =IF(V61="","",VLOOKUP(V61,'【記載例】シフト記号表（勤務時間帯）'!$C$5:$Y$46,23,FALSE)) -> - | W63: =IF(W61="","",VLOOKUP(W61,'【記載例】シフト記号表（勤務時間帯）'!$C$5:$Y$46,23,FALSE)) -> - | X63: =IF(X61="","",VLOOKUP(X61,'【記載例】シフト記号表（勤務時間帯）'!$C$5:$Y$46,23,FALSE)) -> - | Y63: =IF(Y61="","",VLOOKUP(Y61,'【記載例】シフト記号表（勤務時間帯）'!$C$5:$Y$46,23,FALSE)) -> - | Z63: =IF(Z61="","",VLOOKUP(Z61,'【記載例】シフト記号表（勤務時間帯）'!$C$5:$Y$46,23,FALSE)) -> - | AA63: =IF(AA61="","",VLOOKUP(AA61,'【記載例】シフト記号表（勤務時間帯）'!$C$5:$Y$46,23,FALSE)) -> - | ... AX63: =IF(AX61="","",VLOOKUP(AX61,'【記載例】シフト記号表（勤務時間帯）'!$C$5:$Y$46,23,FALSE)) | AY63: =IF($BB$3="計画",SUM(T63:AU63),IF($BB$3="実績",SUM(T63:AX63),"")) -> 0 | BA63: =IF($BB$3="計画",AY63/4,IF($BB$3="実績",(AY63/($BB$7/7)),"")) -> 0
B64: (14) 宿直① （上記における該当者のNoを記載） | T64: 9 | U64: 5 | V64: 6 | W64: 7 | X64: 3 | Y64: 5 | Z64: 4 | AA64: 9 | AB64: 8 | AC64: 3 | AD64: 5 | AE64: 6 | AF64: 7 | AG64: 4 | AH64: 3 | AI64: 9 | AJ64: 6 | AK64: 7 | AL64: 8 | AM64: 9 | AN64: 4 | AO64: 7 | AP64: 5 | AQ64: 6 | AR64: 8 | AS64: 3 | AT64: 7 | AU64: 5
B65: (14) 宿直② （上記における該当者のNoを記載）
B66: (15) 日ごとの通いサービスの実利用者数 | T66: 10 | U66: 10 | V66: 10 | W66: 10 | X66: 10 | Y66: 10 | Z66: 10 | AA66: 10 | AB66: 10 | AC66: 10 | AD66: 10 | AE66: 10 | AF66: 10 | AG66: 10 | AH66: 10 | AI66: 10 | AJ66: 10 | AK66: 10 | AL66: 10 | AM66: 10 | AN66: 10 | AO66: 10 | AP66: 10 | AQ66: 10 | AR66: 10 | AS66: 10 | AT66: 10 | AU66: 10
B67: (16) 日ごとの宿泊サービスの実利用者数 | T67: 3 | U67: 3 | V67: 3 | W67: 3 | X67: 3 | Y67: 3 | Z67: 3 | AA67: 3 | AB67: 3 | AC67: 3 | AD67: 3 | AE67: 3 | AF67: 3 | AG67: 3 | AH67: 3 | AI67: 3 | AJ67: 3 | AK67: 3 | AL67: 3 | AM67: 3 | AN67: 3 | AO67: 3 | AP67: 3 | AQ67: 3 | AR67: 3 | AS67: 3 | AT67: 3 | AU67: 3
B68: (17) 介護従業者（看護職員を含む）の日中の勤務時間の合計 | T68: =IF((SUMIF($C$19:$E$63,"介護従業者",T19:T63)+SUMIF($C$19:$E$63,"看護職員",T19:T63))=0,"",SUMIF($C$19:$E$63,"介護従業者",T19:T63)+SUMIF($C$19:$E$63,"看護職員",T19:T63)) -> 51 | U68: =IF((SUMIF($C$19:$E$63,"介護従業者",U19:U63)+SUMIF($C$19:$E$63,"看護職員",U19:U63))=0,"",SUMIF($C$19:$E$63,"介護従業者",U19:U63)+SUMIF($C$19:$E$63,"看護職員",U19:U63)) -> 50.5 | V68: =IF((SUMIF($C$19:$E$63,"介護従業者",V19:V63)+SUMIF($C$19:$E$63,"看護職員",V19:V63))=0,"",SUMIF($C$19:$E$63,"介護従業者",V19:V63)+SUMIF($C$19:$E$63,"看護職員",V19:V63)) -> 51 | W68: =IF((SUMIF($C$19:$E$63,"介護従業者",W19:W63)+SUMIF($C$19:$E$63,"看護職員",W19:W63))=0,"",SUMIF($C$19:$E$63,"介護従業者",W19:W63)+SUMIF($C$19:$E$63,"看護職員",W19:W63)) -> 50.5 | X68: =IF((SUMIF($C$19:$E$63,"介護従業者",X19:X63)+SUMIF($C$19:$E$63,"看護職員",X19:X63))=0,"",SUMIF($C$19:$E$63,"介護従業者",X19:X63)+SUMIF($C$19:$E$63,"看護職員",X19:X63)) -> 50.5 | Y68: =IF((SUMIF($C$19:$E$63,"介護従業者",Y19:Y63)+SUMIF($C$19:$E$63,"看護職員",Y19:Y63))=0,"",SUMIF($C$19:$E$63,"介護従業者",Y19:Y63)+SUMIF($C$19:$E$63,"看護職員",Y19:Y63)) -> 51.5 | Z68: =IF((SUMIF($C$19:$E$63,"介護従業者",Z19:Z63)+SUMIF($C$19:$E$63,"看護職員",Z19:Z63))=0,"",SUMIF($C$19:$E$63,"介護従業者",Z19:Z63)+SUMIF($C$19:$E$63,"看護職員",Z19:Z63)) -> 50.5 | AA68: =IF((SUMIF($C$19:$E$63,"介護従業者",AA19:AA63)+SUMIF($C$19:$E$63,"看護職員",AA19:AA63))=0,"",SUMIF($C$19:$E$63,"介護従業者",AA19:AA63)+SUMIF($C$19:$E$63,"看護職員",AA19:AA63)) -> 54 | ... AX68: =IF((SUMIF($C$19:$E$63,"介護従業者",AX19:AX63)+SUMIF($C$19:$E$63,"看護職員",AX19:AX63))=0,"",SUMIF($C$19:$E$63,"介護従業者",AX19:AX63)+SUMIF($C$19:$E$63,"看護職員",AX19:AX63)) | AY68: =IF($BB$3="計画",SUM(T68:AU68),IF($BB$3="実績",SUM(T68:AX68),"")) -> 1456
B69: (18) 看護職員の日中の勤務時間の合計 | T69: =IF(SUMIF($C$19:$E$63,"看護職員",T19:T63)=0,"",SUMIF($C$19:$E$63,"看護職員",T19:T63)) -> 29 | U69: =IF(SUMIF($C$19:$E$63,"看護職員",U19:U63)=0,"",SUMIF($C$19:$E$63,"看護職員",U19:U63)) -> 32 | V69: =IF(SUMIF($C$19:$E$63,"看護職員",V19:V63)=0,"",SUMIF($C$19:$E$63,"看護職員",V19:V63)) -> 32 | W69: =IF(SUMIF($C$19:$E$63,"看護職員",W19:W63)=0,"",SUMIF($C$19:$E$63,"看護職員",W19:W63)) -> 32 | X69: =IF(SUMIF($C$19:$E$63,"看護職員",X19:X63)=0,"",SUMIF($C$19:$E$63,"看護職員",X19:X63)) -> 24 | Y69: =IF(SUMIF($C$19:$E$63,"看護職員",Y19:Y63)=0,"",SUMIF($C$19:$E$63,"看護職員",Y19:Y63)) -> 24 | Z69: =IF(SUMIF($C$19:$E$63,"看護職員",Z19:Z63)=0,"",SUMIF($C$19:$E$63,"看護職員",Z19:Z63)) -> 32 | AA69: =IF(SUMIF($C$19:$E$63,"看護職員",AA19:AA63)=0,"",SUMIF($C$19:$E$63,"看護職員",AA19:AA63)) -> 32 | ... AX69: =IF(SUMIF($C$19:$E$63,"看護職員",AX19:AX63)=0,"",SUMIF($C$19:$E$63,"看護職員",AX19:AX63)) | AY69: =IF($BB$3="計画",SUM(T69:AU69),IF($BB$3="実績",SUM(T69:AX69),"")) -> 869
B70: (19) 介護従業者（看護職員を含む）の夜間・深夜の勤務時間の合計 | T70: =IF((SUMIF($F$19:$F$63,"介護従業者",T19:T63)+SUMIF($F$19:$F$63,"看護職員",T19:T63))=0,"",(SUMIF($F$19:$F$63,"介護従業者",T19:T63)+SUMIF($F$19:$F$63,"看護職員",T19:T63))) -> 11 | U70: =IF((SUMIF($F$19:$F$63,"介護従業者",U19:U63)+SUMIF($F$19:$F$63,"看護職員",U19:U63))=0,"",(SUMIF($F$19:$F$63,"介護従業者",U19:U63)+SUMIF($F$19:$F$63,"看護職員",U19:U63))) -> 11 | V70: =IF((SUMIF($F$19:$F$63,"介護従業者",V19:V63)+SUMIF($F$19:$F$63,"看護職員",V19:V63))=0,"",(SUMIF($F$19:$F$63,"介護従業者",V19:V63)+SUMIF($F$19:$F$63,"看護職員",V19:V63))) -> 11 | W70: =IF((SUMIF($F$19:$F$63,"介護従業者",W19:W63)+SUMIF($F$19:$F$63,"看護職員",W19:W63))=0,"",(SUMIF($F$19:$F$63,"介護従業者",W19:W63)+SUMIF($F$19:$F$63,"看護職員",W19:W63))) -> 11 | X70: =IF((SUMIF($F$19:$F$63,"介護従業者",X19:X63)+SUMIF($F$19:$F$63,"看護職員",X19:X63))=0,"",(SUMIF($F$19:$F$63,"介護従業者",X19:X63)+SUMIF($F$19:$F$63,"看護職員",X19:X63))) -> 11 | Y70: =IF((SUMIF($F$19:$F$63,"介護従業者",Y19:Y63)+SUMIF($F$19:$F$63,"看護職員",Y19:Y63))=0,"",(SUMIF($F$19:$F$63,"介護従業者",Y19:Y63)+SUMIF($F$19:$F$63,"看護職員",Y19:Y63))) -> 11 | Z70: =IF((SUMIF($F$19:$F$63,"介護従業者",Z19:Z63)+SUMIF($F$19:$F$63,"看護職員",Z19:Z63))=0,"",(SUMIF($F$19:$F$63,"介護従業者",Z19:Z63)+SUMIF($F$19:$F$63,"看護職員",Z19:Z63))) -> 11 | AA70: =IF((SUMIF($F$19:$F$63,"介護従業者",AA19:AA63)+SUMIF($F$19:$F$63,"看護職員",AA19:AA63))=0,"",(SUMIF($F$19:$F$63,"介護従業者",AA19:AA63)+SUMIF($F$19:$F$63,"看護職員",AA19:AA63))) -> 11 | ... AX70: =IF((SUMIF($F$19:$F$63,"介護従業者",AX19:AX63)+SUMIF($F$19:$F$63,"看護職員",AX19:AX63))=0,"",(SUMIF($F$19:$F$63,"介護従業者",AX19:AX63)+SUMIF($F$19:$F$63,"看護職員",AX19:AX63))) | AY70: =IF($BB$3="計画",SUM(T70:AU70),IF($BB$3="実績",SUM(T70:AX70),"")) -> 308

Sheet 【記載例】シフト記号表（勤務時間帯）
B1: ≪要 提出≫
B2: ■シフト記号表（勤務時間帯） | E2: ※24時間表記 | I2: 休憩時間1時間は「1:00」、休憩時間45分は「00:45」と入力してください。
E3: 勤務時間 | M3: 日中の時間帯 | Q3: 日中の勤務時間 | Y3: 夜間及び深夜
B4: （記号の意味） | C4: 記号 | E4: 始業時間 | G4: 終業時間 | I4: うち、休憩時間 | K4: 勤務時間 | M4: 開始 | O4: 終了 | Q4: 開始 | S4: 終了 | U4: うち、休憩時間 | W4: 勤務時間 | Y4: の勤務時間
B5: 休：休暇 | C5: 休 | D5: ： | E5: - | F5: ～ | G5: - | H5: （ | I5: - | J5: ） | K5: - | M5: - | N5: ～ | O5: - | Q5: - | R5: ～ | S5: - | T5: （ | U5: - | V5: ） | W5: - | Y5: -
B6: 出：出張 | C6: 出 | D6: ： | E6: - | F6: ～ | G6: - | H6: （ | I6: - | J6: ） | K6: - | M6: - | N6: ～ | O6: - | Q6: - | R6: ～ | S6: - | T6: （ | U6: - | V6: ） | W6: - | Y6: -
B7: 研：研修 | C7: 研 | D7: ： | E7: - | F7: ～ | G7: - | H7: （ | I7: - | J7: ） | K7: - | M7: - | N7: ～ | O7: - | Q7: - | R7: ～ | S7: - | T7: （ | U7: - | V7: ） | W7: - | Y7: -
C8: a | D8: ： | E8: 0.29166667 | F8: ～ | G8: 0.66666667 | H8: （ | I8: 0.041666667 | J8: ） | K8: =IF(OR(E8="",G8=""),"",(G8+IF(E8>G8,1,0)-E8-I8)*24) -> 8 | M8: =看多機!$J$11 -> 0.29166667 | N8: ～ | O8: =看多機!$N$11 -> 0.83333333 | Q8: =IF(E8="","",IF(E8<M8,M8,IF(E8>=O8,"",E8))) -> 0.29166667 | R8: ～ | S8: =IF(G8="","",IF(G8>E8,IF(G8<O8,G8,O8),O8)) -> 0.66666667 | T8: （ | U8: =I8 -> 0.041666667 | V8: ） | W8: =IF(Q8="","",IF((S8+IF(Q8>S8,1,0)-Q8-U8)*24=0,"",(S8+IF(Q8>S8,1,0)-Q8-U8)*24)) -> 8 | Y8: =IF(W8="",K8,IF(OR(K8-W8=0,K8-W8<0),"-",K8-W8)) -> -
C9: b | D9: ： | E9: 0.45833333 | F9: ～ | G9: 0.83333333 | H9: （ | I9: 0.041666667 | J9: ） | K9: =IF(OR(E9="",G9=""),"",(G9+IF(E9>G9,1,0)-E9-I9)*24) -> 8 | M9: =看多機!$J$11 -> 0.29166667 | N9: ～ | O9: =看多機!$N$11 -> 0.83333333 | Q9: =IF(E9="","",IF(E9<M9,M9,IF(E9>=O9,"",E9))) -> 0.45833333 | R9: ～ | S9: =IF(G9="","",IF(G9>E9,IF(G9<O9,G9,O9),O9)) -> 0.83333333 | T9: （ | U9: =I9 -> 0.041666667 | V9: ） | W9: =IF(Q9="","",IF((S9+IF(Q9>S9,1,0)-Q9-U9)*24=0,"",(S9+IF(Q9>S9,1,0)-Q9-U9)*24)) -> 8 | Y9: =IF(W9="",K9,IF(OR(K9-W9=0,K9-W9<0),"-",K9-W9)) -> -
C10: c | D10: ： | E10: 0.375 | F10: ～ | G10: 0.75 | H10: （ | I10: 0.041666667 | J10: ） | K10: =IF(OR(E10="",G10=""),"",(G10+IF(E10>G10,1,0)-E10-I10)*24) -> 8 | M10: =看多機!$J$11 -> 0.29166667 | N10: ～ | O10: =看多機!$N$11 -> 0.83333333 | Q10: =IF(E10="","",IF(E10<M10,M10,IF(E10>=O10,"",E10))) -> 0.375 | R10: ～ | S10: =IF(G10="","",IF(G10>E10,IF(G10<O10,G10,O10),O10)) -> 0.75 | T10: （ | U10: =I10 -> 0.041666667 | V10: ） | W10: =IF(Q10="","",IF((S10+IF(Q10>S10,1,0)-Q10-U10)*24=0,"",(S10+IF(Q10>S10,1,0)-Q10-U10)*24)) -> 8 | Y10: =IF(W10="",K10,IF(OR(K10-W10=0,K10-W10<0),"-",K10-W10)) -> -
C11: d | D11: ： | E11: 0.35416667 | F11: ～ | G11: 0.72916667 | H11: （ | I11: 0.041666667 | J11: ） | K11: =IF(OR(E11="",G11=""),"",(G11+IF(E11>G11,1,0)-E11-I11)*24) -> 8 | M11: =看多機!$J$11 -> 0.29166667 | N11: ～ | O11: =看多機!$N$11 -> 0.83333333 | Q11: =IF(E11="","",IF(E11<M11,M11,IF(E11>=O11,"",E11))) -> 0.35416667 | R11: ～ | S11: =IF(G11="","",IF(G11>E11,IF(G11<O11,G11,O11),O11)) -> 0.72916667 | T11: （ | U11: =I11 -> 0.041666667 | V11: ） | W11: =IF(Q11="","",IF((S11+IF(Q11>S11,1,0)-Q11-U11)*24=0,"",(S11+IF(Q11>S11,1,0)-Q11-U11)*24)) -> 8 | Y11: =IF(W11="",K11,IF(OR(K11-W11=0,K11-W11<0),"-",K11-W11)) -> -
C12: e | D12: ： | E12: 0.375 | F12: ～ | G12: 0.60416667 | H12: （ | I12: 0 | J12: ） | K12: =IF(OR(E12="",G12=""),"",(G12+IF(E12>G12,1,0)-E12-I12)*24) -> 5.5 | M12: =看多機!$J$11 -> 0.29166667 | N12: ～ | O12: =看多機!$N$11 -> 0.83333333 | Q12: =IF(E12="","",IF(E12<M12,M12,IF(E12>=O12,"",E12))) -> 0.375 | R12: ～ | S12: =IF(G12="","",IF(G12>E12,IF(G12<O12,G12,O12),O12)) -> 0.60416667 | T12: （ | U12: =I12 -> 0 | V12: ） | W12: =IF(Q12="","",IF((S12+IF(Q12>S12,1,0)-Q12-U12)*24=0,"",(S12+IF(Q12>S12,1,0)-Q12-U12)*24)) -> 5.5 | Y12: =IF(W12="",K12,IF(OR(K12-W12=0,K12-W12<0),"-",K12-W12)) -> -
C13: f | D13: ： | E13: 0.375 | F13: ～ | G13: 0.625 | H13: （ | I13: 0.020833333 | J13: ） | K13: =IF(OR(E13="",G13=""),"",(G13+IF(E13>G13,1,0)-E13-I13)*24) -> 5.5 | M13: =看多機!$J$11 -> 0.29166667 | N13: ～ | O13: =看多機!$N$11 -> 0.83333333 | Q13: =IF(E13="","",IF(E13<M13,M13,IF(E13>=O13,"",E13))) -> 0.375 | R13: ～ | S13: =IF(G13="","",IF(G13>E13,IF(G13<O13,G13,O13),O13)) -> 0.625 | T13: （ | U13: =I13 -> 0.020833333 | V13: ） | W13: =IF(Q13="","",IF((S13+IF(Q13>S13,1,0)-Q13-U13)*24=0,"",(S13+IF(Q13>S13,1,0)-Q13-U13)*24)) -> 5.5 | Y13: =IF(W13="",K13,IF(OR(K13-W13=0,K13-W13<0),"-",K13-W13)) -> -
C14: g | D14: ： | E14: 0.29166667 | F14: ～ | G14: 0.39583333 | H14: （ | I14: 0 | J14: ） | K14: =IF(OR(E14="",G14=""),"",(G14+IF(E14>G14,1,0)-E14-I14)*24) -> 2.5 | M14: =看多機!$J$11 -> 0.29166667 | N14: ～ | O14: =看多機!$N$11 -> 0.83333333 | Q14: =IF(E14="","",IF(E14<M14,M14,IF(E14>=O14,"",E14))) -> 0.29166667 | R14: ～ | S14: =IF(G14="","",IF(G14>E14,IF(G14<O14,G14,O14),O14)) -> 0.39583333 | T14: （ | U14: =I14 -> 0 | V14: ） | W14: =IF(Q14="","",IF((S14+IF(Q14>S14,1,0)-Q14-U14)*24=0,"",(S14+IF(Q14>S14,1,0)-Q14-U14)*24)) -> 2.5 | Y14: =IF(W14="",K14,IF(OR(K14-W14=0,K14-W14<0),"-",K14-W14)) -> -
C15: h | D15: ： | E15: 0.60416667 | F15: ～ | G15: 0.83333333 | H15: （ | I15: 0 | J15: ） | K15: =IF(OR(E15="",G15=""),"",(G15+IF(E15>G15,1,0)-E15-I15)*24) -> 5.5 | M15: =看多機!$J$11 -> 0.29166667 | N15: ～ | O15: =看多機!$N$11 -> 0.83333333 | Q15: =IF(E15="","",IF(E15<M15,M15,IF(E15>=O15,"",E15))) -> 0.60416667 | R15: ～ | S15: =IF(G15="","",IF(G15>E15,IF(G15<O15,G15,O15),O15)) -> 0.83333333 | T15: （ | U15: =I15 -> 0 | V15: ） | W15: =IF(Q15="","",IF((S15+IF(Q15>S15,1,0)-Q15-U15)*24=0,"",(S15+IF(Q15>S15,1,0)-Q15-U15)*24)) -> 5.5 | Y15: =IF(W15="",K15,IF(OR(K15-W15=0,K15-W15<0),"-",K15-W15)) -> -
C16: i | D16: ： | E16: 0.66666667 | F16: ～ | G16: 0.29166667 | H16: （ | I16: 0.041666667 | J16: ） | K16: =IF(OR(E16="",G16=""),"",(G16+IF(E16>G16,1,0)-E16-I16)*24) -> 14 | M16: =看多機!$J$11 -> 0.29166667 | N16: ～ | O16: =看多機!$N$11 -> 0.83333333 | Q16: =IF(E16="","",IF(E16<M16,M16,IF(E16>=O16,"",E16))) -> 0.66666667 | R16: ～ | S16: =IF(G16="","",IF(G16>E16,IF(G16<O16,G16,O16),O16)) -> 0.83333333 | T16: （ | U16: =I16 -> 0.041666667 | V16: ） | W16: =IF(Q16="","",IF((S16+IF(Q16>S16,1,0)-Q16-U16)*24=0,"",(S16+IF(Q16>S16,1,0)-Q16-U16)*24)) -> 3 | Y16: =IF(W16="",K16,IF(OR(K16-W16=0,K16-W16<0),"-",K16-W16)) -> 11
C17: j | D17: ： | E17: 0.29166667 | F17: ～ | G17: 0.5 | H17: （ | I17: 0 | J17: ） | K17: =IF(OR(E17="",G17=""),"",(G17+IF(E17>G17,1,0)-E17-I17)*24) -> 5 | M17: =看多機!$J$11 -> 0.29166667 | N17: ～ | O17: =看多機!$N$11 -> 0.83333333 | Q17: =IF(E17="","",IF(E17<M17,M17,IF(E17>=O17,"",E17))) -> 0.29166667 | R17: ～ | S17: =IF(G17="","",IF(G17>E17,IF(G17<O17,G17,O17),O17)) -> 0.5 | T17: （ | U17: =I17 -> 0 | V17: ） | W17: =IF(Q17="","",IF((S17+IF(Q17>S17,1,0)-Q17-U17)*24=0,"",(S17+IF(Q17>S17,1,0)-Q17-U17)*24)) -> 5 | Y17: =IF(W17="",K17,IF(OR(K17-W17=0,K17-W17<0),"-",K17-W17)) -> -
C18: k | D18: ： | F18: ～ | H18: （ | I18: 0 | J18: ） | K18: =IF(OR(E18="",G18=""),"",(G18+IF(E18>G18,1,0)-E18-I18)*24) | M18: =看多機!$J$11 -> 0.29166667 | N18: ～ | O18: =看多機!$N$11 -> 0.83333333 | Q18: =IF(E18="","",IF(E18<M18,M18,IF(E18>=O18,"",E18))) | R18: ～ | S18: =IF(G18="","",IF(G18>E18,IF(G18<O18,G18,O18),O18)) | T18: （ | U18: =I18 -> 0 | V18: ） | W18: =IF(Q18="","",IF((S18+IF(Q18>S18,1,0)-Q18-U18)*24=0,"",(S18+IF(Q18>S18,1,0)-Q18-U18)*24)) | Y18: =IF(W18="",K18,IF(OR(K18-W18=0,K18-W18<0),"-",K18-W18))
C19: l | D19: ： | F19: ～ | H19: （ | I19: 0 | J19: ） | K19: =IF(OR(E19="",G19=""),"",(G19+IF(E19>G19,1,0)-E19-I19)*24) | M19: =看多機!$J$11 -> 0.29166667 | N19: ～ | O19: =看多機!$N$11 -> 0.83333333 | Q19: =IF(E19="","",IF(E19<M19,M19,IF(E19>=O19,"",E19))) | R19: ～ | S19: =IF(G19="","",IF(G19>E19,IF(G19<O19,G19,O19),O19)) | T19: （ | U19: =I19 -> 0 | V19: ） | W19: =IF(Q19="","",IF((S19+IF(Q19>S19,1,0)-Q19-U19)*24=0,"",(S19+IF(Q19>S19,1,0)-Q19-U19)*24)) | Y19: =IF(W19="",K19,IF(OR(K19-W19=0,K19-W19<0),"-",K19-W19))
C20: m | D20: ： | F20: ～ | H20: （ | I20: 0 | J20: ） | K20: =IF(OR(E20="",G20=""),"",(G20+IF(E20>G20,1,0)-E20-I20)*24) | M20: =看多機!$J$11 -> 0.29166667 | N20: ～ | O20: =看多機!$N$11 -> 0.83333333 | Q20: =IF(E20="","",IF(E20<M20,M20,IF(E20>=O20,"",E20))) | R20: ～ | S20: =IF(G20="","",IF(G20>E20,IF(G20<O20,G20,O20),O20)) | T20: （ | U20: =I20 -> 0 | V20: ） | W20: =IF(Q20="","",IF((S20+IF(Q20>S20,1,0)-Q20-U20)*24=0,"",(S20+IF(Q20>S20,1,0)-Q20-U20)*24)) | Y20: =IF(W20="",K20,IF(OR(K20-W20=0,K20-W20<0),"-",K20-W20))
C21: n | D21: ： | F21: ～ | H21: （ | I21: 0 | J21: ） | K21: =IF(OR(E21="",G21=""),"",(G21+IF(E21>G21,1,0)-E21-I21)*24) | M21: =看多機!$J$11 -> 0.29166667 | N21: ～ | O21: =看多機!$N$11 -> 0.83333333 | Q21: =IF(E21="","",IF(E21<M21,M21,IF(E21>=O21,"",E21))) | R21: ～ | S21: =IF(G21="","",IF(G21>E21,IF(G21<O21,G21,O21),O21)) | T21: （ | U21: =I21 -> 0 | V21: ） | W21: =IF(Q21="","",IF((S21+IF(Q21>S21,1,0)-Q21-U21)*24=0,"",(S21+IF(Q21>S21,1,0)-Q21-U21)*24)) | Y21: =IF(W21="",K21,IF(OR(K21-W21=0,K21-W21<0),"-",K21-W21))
C22: o | D22: ： | F22: ～ | H22: （ | J22: ） | K22: 1 | N22: ～ | R22: ～ | T22: （ | V22: ） | W22: 1 | Y22: -
C23: p | D23: ： | F23: ～ | H23: （ | J23: ） | K23: 2 | N23: ～ | R23: ～ | T23: （ | V23: ） | W23: 2 | Y23: -
C24: q | D24: ： | F24: ～ | H24: （ | J24: ） | K24: 3 | N24: ～ | R24: ～ | T24: （ | V24: ） | W24: 3 | Y24: -
C25: r | D25: ： | F25: ～ | H25: （ | J25: ） | K25: 4 | N25: ～ | R25: ～ | T25: （ | V25: ） | W25: 4 | Y25: -
C26: s | D26: ： | F26: ～ | H26: （ | J26: ） | K26: 5 | N26: ～ | R26: ～ | T26: （ | V26: ） | W26: 5 | Y26: -
C27: t | D27: ： | F27: ～ | H27: （ | J27: ） | K27: 6 | N27: ～ | R27: ～ | T27: （ | V27: ） | W27: 6 | Y27: -
C28: u | D28: ： | F28: ～ | H28: （ | J28: ） | K28: 7 | N28: ～ | R28: ～ | T28: （ | V28: ） | W28: 7 | Y28: -
C29: v | D29: ： | F29: ～ | H29: （ | J29: ） | K29: 8 | N29: ～ | R29: ～ | T29: （ | V29: ） | W29: 8 | Y29: -
C30: w | D30: ： | F30: ～ | H30: （ | J30: ） | K30: 1 | N30: ～ | R30: ～ | T30: （ | V30: ） | W30: - | Y30: 1
C31: x | D31: ： | F31: ～ | H31: （ | J31: ） | K31: 2 | N31: ～ | R31: ～ | T31: （ | V31: ） | W31: - | Y31: 2
C32: y | D32: ： | F32: ～ | H32: （ | J32: ） | K32: 3 | N32: ～ | R32: ～ | T32: （ | V32: ） | W32: - | Y32: 3
C33: z | D33: ： | F33: ～ | H33: （ | J33: ） | K33: 4 | N33: ～ | R33: ～ | T33: （ | V33: ） | W33: - | Y33: 4
C34: aa | D34: ： | F34: ～ | H34: （ | J34: ） | K34: 5 | N34: ～ | R34: ～ | T34: （ | V34: ） | W34: - | Y34: 5
C35: ab | D35: ： | F35: ～ | H35: （ | J35: ） | K35: 6 | N35: ～ | R35: ～ | T35: （ | V35: ） | W35: - | Y35: 6
C36: ac | D36: ： | F36: ～ | H36: （ | J36: ） | K36: 7 | N36: ～ | R36: ～ | T36: （ | V36: ） | W36: - | Y36: 7
C37: ad | D37: ： | F37: ～ | H37: （ | J37: ） | K37: 8 | N37: ～ | R37: ～ | T37: （ | V37: ） | W37: - | Y37: 8
C38: ae | D38: ： | F38: ～ | H38: （ | I38: 0 | J38: ） | K38: =IF(OR(E38="",G38=""),"",(G38+IF(E38>G38,1,0)-E38-I38)*24) | M38: =看多機!$J$11 -> 0.29166667 | N38: ～ | O38: =看多機!$N$11 -> 0.83333333 | Q38: =IF(E38="","",IF(E38<M38,M38,IF(E38>=O38,"",E38))) | R38: ～ | S38: =IF(G38="","",IF(G38>E38,IF(G38<O38,G38,O38),O38)) | T38: （ | U38: =I38 -> 0 | V38: ） | W38: =IF(Q38="","",IF((S38+IF(Q38>S38,1,0)-Q38-U38)*24=0,"",(S38+IF(Q38>S38,1,0)-Q38-U38)*24)) | Y38: =IF(W38="",K38,IF(OR(K38-W38=0,K38-W38<0),"-",K38-W38))
C39: af | D39: ： | F39: ～ | H39: （ | I39: 0 | J39: ） | K39: =IF(OR(E39="",G39=""),"",(G39+IF(E39>G39,1,0)-E39-I39)*24) | M39: =看多機!$J$11 -> 0.29166667 | N39: ～ | O39: =看多機!$N$11 -> 0.83333333 | Q39: =IF(E39="","",IF(E39<M39,M39,IF(E39>=O39,"",E39))) | R39: ～ | S39: =IF(G39="","",IF(G39>E39,IF(G39<O39,G39,O39),O39)) | T39: （ | U39: =I39 -> 0 | V39: ） | W39: =IF(Q39="","",IF((S39+IF(Q39>S39,1,0)-Q39-U39)*24=0,"",(S39+IF(Q39>S39,1,0)-Q39-U39)*24)) | Y39: =IF(W39="",K39,IF(OR(K39-W39=0,K39-W39<0),"-",K39-W39))
C40: ag | D40: ： | F40: ～ | H40: （ | I40: 0 | J40: ） | K40: =IF(OR(E40="",G40=""),"",(G40+IF(E40>G40,1,0)-E40-I40)*24) | M40: =看多機!$J$11 -> 0.29166667 | N40: ～ | O40: =看多機!$N$11 -> 0.83333333 | Q40: =IF(E40="","",IF(E40<M40,M40,IF(E40>=O40,"",E40))) | R40: ～ | S40: =IF(G40="","",IF(G40>E40,IF(G40<O40,G40,O40),O40)) | T40: （ | U40: =I40 -> 0 | V40: ） | W40: =IF(Q40="","",IF((S40+IF(Q40>S40,1,0)-Q40-U40)*24=0,"",(S40+IF(Q40>S40,1,0)-Q40-U40)*24)) | Y40: =IF(W40="",K40,IF(OR(K40-W40=0,K40-W40<0),"-",K40-W40))
B41: 早：早退 | C41: 早退(1) | D41: ： | F41: ～ | H41: （ | I41: 0 | J41: ） | K41: =IF(OR(E41="",G41=""),"",(G41+IF(E41>G41,1,0)-E41-I41)*24) | M41: =看多機!$J$11 -> 0.29166667 | N41: ～ | O41: =看多機!$N$11 -> 0.83333333 | Q41: =IF(E41="","",IF(E41<M41,M41,IF(E41>=O41,"",E41))) | R41: ～ | S41: =IF(G41="","",IF(G41>E41,IF(G41<O41,G41,O41),O41)) | T41: （ | U41: =I41 -> 0 | V41: ） | W41: =IF(Q41="","",IF((S41+IF(Q41>S41,1,0)-Q41-U41)*24=0,"",(S41+IF(Q41>S41,1,0)-Q41-U41)*24)) | Y41: =IF(W41="",K41,IF(OR(K41-W41=0,K41-W41<0),"-",K41-W41)) | AA41: 実績で早退者がいた場合に使用
B42: 早：早退 | C42: 早退(2) | D42: ： | F42: ～ | H42: （ | I42: 0 | J42: ） | K42: =IF(OR(E42="",G42=""),"",(G42+IF(E42>G42,1,0)-E42-I42)*24) | M42: =看多機!$J$11 -> 0.29166667 | N42: ～ | O42: =看多機!$N$11 -> 0.83333333 | Q42: =IF(E42="","",IF(E42<M42,M42,IF(E42>=O42,"",E42))) | R42: ～ | S42: =IF(G42="","",IF(G42>E42,IF(G42<O42,G42,O42),O42)) | T42: （ | U42: =I42 -> 0 | V42: ） | W42: =IF(Q42="","",IF((S42+IF(Q42>S42,1,0)-Q42-U42)*24=0,"",(S42+IF(Q42>S42,1,0)-Q42-U42)*24)) | Y42: =IF(W42="",K42,IF(OR(K42-W42=0,K42-W42<0),"-",K42-W42)) | AA42: 実績で早退者がいた場合に使用
C43: az | D43: ： | F43: ～ | H43: （ | I43: 0 | J43: ） | K43: =IF(OR(E43="",G43=""),"",(G43+IF(E43>G43,1,0)-E43-I43)*24) | M43: =看多機!$J$11 -> 0.29166667 | N43: ～ | O43: =看多機!$N$11 -> 0.83333333 | Q43: =IF(E43="","",IF(E43<M43,M43,IF(E43>=O43,"",E43))) | R43: ～ | S43: =IF(G43="","",IF(G43>E43,IF(G43<O43,G43,O43),O43)) | T43: （ | U43: =I43 -> 0 | V43: ） | W43: =IF(Q43="","",IF((S43+IF(Q43>S43,1,0)-Q43-U43)*24=0,"",(S43+IF(Q43>S43,1,0)-Q43-U43)*24)) | Y43: =IF(W43="",K43,IF(OR(K43-W43=0,K43-W43<0),"-",K43-W43))
B44: 1日のうち | D44: ： | E44: 0.29166667 | F44: ～ | G44: 0.39583333 | H44: （ | I44: 0 | J44: ） | K44: =IF(OR(E44="",G44=""),"",(G44+IF(E44>G44,1,0)-E44-I44)*24) -> 2.5 | M44: =看多機!$J$11 -> 0.29166667 | N44: ～ | O44: =看多機!$N$11 -> 0.83333333 | Q44: =IF(E44="","",IF(E44<M44,M44,IF(E44>=O44,"",E44))) -> 0.29166667 | R44: ～ | S44: =IF(G44="","",IF(G44>E44,IF(G44<O44,G44,O44),O44)) -> 0.39583333 | T44: （ | U44: =I44 -> 0 | V44: ） | W44: =IF(Q44="","",IF((S44+IF(Q44>S44,1,0)-Q44-U44)*24=0,"",(S44+IF(Q44>S44,1,0)-Q44-U44)*24)) -> 2.5 | Y44: =IF(W44="",K44,IF(OR(K44-W44=0,K44-W44<0),"-",K44-W44)) -> -
B45: 朝・夜の2回 | D45: ： | E45: 0.6875 | F45: ～ | G45: 0.83333333 | H45: （ | I45: 0 | J45: ） | K45: =IF(OR(E45="",G45=""),"",(G45+IF(E45>G45,1,0)-E45-I45)*24) -> 3.5 | M45: =看多機!$J$11 -> 0.29166667 | N45: ～ | O45: =看多機!$N$11 -> 0.83333333 | Q45: =IF(E45="","",IF(E45<M45,M45,IF(E45>=O45,"",E45))) -> 0.6875 | R45: ～ | S45: =IF(G45="","",IF(G45>E45,IF(G45<O45,G45,O45),O45)) -> 0.83333333 | T45: （ | U45: =I45 -> 0 | V45: ） | W45: =IF(Q45="","",IF((S45+IF(Q45>S45,1,0)-Q45-U45)*24=0,"",(S45+IF(Q45>S45,1,0)-Q45-U45)*24)) -> 3.5 | Y45: =IF(W45="",K45,IF(OR(K45-W45=0,K45-W45<0),"-",K45-W45)) -> -
B46: 勤務の場合 | C46: ba | D46: ： | E46: - | F46: ～ | G46: - | H46: （ | I46: - | J46: ） | K46: =K44+K45 -> 6 | M46: =看多機!$J$11 -> 0.29166667 | N46: ～ | O46: =看多機!$N$11 -> 0.83333333 | Q46: =IF(E46="","",IF(E46<M46,M46,IF(E46>=O46,"",E46))) | R46: ～ | S46: =IF(G46="","",IF(G46>E46,IF(G46<O46,G46,O46),O46)) -> 0.83333333 | T46: （ | U46: =I46 -> - | V46: ） | W46: =W44+W45 -> 6 | Y46: =IF(W46="",K46,IF(OR(K46-W46=0,K46-W46<0),"-",K46-W46)) -> -
B47: （プルダウン対象外）→ | C47: 宿直 | D47: ： | E47: 0.83333333 | F47: ～ | G47: 0.29166667 | H47: （ | J47: ） | K47: =IF(OR(E47="",G47=""),"",(G47+IF(E47>G47,1,0)-E47-I47)*24) -> 11 | M47: =看多機!$J$11 -> 0.29166667 | N47: ～ | O47: =看多機!$N$11 -> 0.83333333 | Q47: =IF(E47="","",IF(E47<M47,M47,IF(E47>=O47,"",E47))) | R47: ～ | S47: =IF(G47="","",IF(G47>E47,IF(G47<O47,G47,O47),O47)) -> 0.83333333 | T47: （ | U47: =I47 -> 0 | V47: ） | W47: =IF(Q47="","",IF((S47+IF(Q47>S47,1,0)-Q47-U47)*24=0,"",(S47+IF(Q47>S47,1,0)-Q47-U47)*24)) | Y47: =IF(W47="",K47,IF(OR(K47-W47=0,K47-W47<0),"-",K47-W47)) -> 11

Sheet 記入方法
B1: ≪提出不要≫
B2: 従業者の勤務の体制及び勤務形態一覧表 記入方法 （看護小規模多機能型居宅介護）
C4: ・・・直接入力する必要がある箇所です。 | F4: 下記の記入方法に従って、入力してください。
C5: ・・・プルダウンから選択して入力する必要がある箇所です。
B6: なお、「従業者の勤務の体制及び勤務形態一覧表」に「シフト記号表（勤務時間帯）」も必ず添付して提出してください。
B8: ・最初に「年月欄」「サービス種別」「事業所名」を入力してください。
B10: (1) 「計画」・「実績」のいずれかを選択してください。
B11: 指定基準の確認に際しては、「計画」を選択し、４週分の勤務時間を入力してください。
B12: 実績を表す場合は、「実績」を選択し、暦月分で勤務時間を入力してください。
B14: (2) 事業所における常勤の従業者が勤務すべき時間数を入力してください。
B16: (3) 事業所における日中、夜間及び深夜の時間帯の区分を入力してください。
B18: (4) 事業所の定員数を入力してください。
B20: (5) 通いサービスの利用者数を入力してください。利用者数は、前年度の平均値（前年度の全利用者等の延数を当該前年度の日数で除して得た数。小数点第2位以下を切り上げ）を入力してください。
B21: 新規又は再開の場合は、推定数を入力してください。
B23: (6) 従業者の職種について、下記のうち該当する職種をプルダウンより選択してください。
B24: 記入の順序は、職種ごとにまとめてください。
C26: No | D26: 職種名
C27: 1 | D27: 管理者
C28: 2 | D28: 介護従業者 | E28: （正式名称：看護小規模多機能型居宅介護従事者）
C29: 3 | D29: 看護職員 | E29: （介護従業者のうち、保健師、看護師又は准看護師は、看護職員とします。）
C30: 4 | D30: 介護支援専門員
C31: 5 | D31: 計画作成担当者 | E31: （サテライトの場合に選択）
B33: (7) 従業者の勤務形態について、下記のうち該当する区分の記号をプルダウンより選択してください。
B34: 記入の順序は、各職種の中で勤務形態の区分ごとにまとめてください。
C36: 記号 | D36: 区分
C37: A | D37: 常勤で専従
C38: B | D38: 常勤で兼務
C39: C | D39: 非常勤で専従
C40: D | D40: 非常勤で兼務
C42: （注）常勤・非常勤の区分について
C43: 当該事業所における勤務時間が、当該事業所において定められている常勤の従業者が勤務すべき時間数に達していることをいいます。雇用の形態は考慮しません。
C44: （例えば、常勤者は週に40時間勤務することとされた事業所であれば、非正規雇用であっても、週40時間勤務する従業者は常勤扱いとなります。）
B46: (8) 従業者の保有する資格について、該当する資格名称をプルダウンより選択してください。
B47: 保有資格を全て記入するのではなく、人員基準上、求められる資格等を入力してください。
B48: ※選択した資格及び研修に関して、必要に応じて、資格証又は研修修了証等の写しを添付資料として提出してください。
B50: (9) 従業者の氏名を記入してください。
B52: (10) 申請する事業に係る従業者（管理者を含む。）の1ヶ月分の勤務時間数を入力してください。（別シートの「シフト記号表」を作成し、シフト記号を選択または入力してください。）
B53: ※指定基準の確認に際しては、4週分の入力で可とします。実績を表す場合には、暦月で入力ください。
B55: (11) 従業者ごとに、合計勤務時間数が自動計算されますので、誤りがないか確認してください。
B56: ※入力することができる勤務時間数は、当該事業所において常勤の従業者が勤務すべき勤務時間数を上限とします。
B58: (12) 従業者ごとに、週平均の勤務時間数が自動計算されますので、誤りがないか確認してください。
B60: (13) 申請する事業所以外の事業所・施設との兼務がある場合は、兼務先の事業所・施設の名称、兼務する職務の内容、兼務時間数について記入してください。
B61: 同一事業所内の兼務についても兼務する職務の内容を記入してください。
B63: (14) 宿直の従業者の「No（ナンバー）」（本一覧表におけるNo）を記載してください。入力すると従業者の該当の日付のセルが | M63: に色づけされます。
B65: (15) 通いサービスの利用者数を入力してください。新規又は再開の場合は、推定数を入力してください。
B67: (16) 宿泊サービスの利用者数を入力してください。新規又は再開の場合は、推定数を入力してください。
B69: (17) 介護従業者（看護職員を含む）の日中の勤務時間の合計が自動計算されますので、誤りがないか確認してください。
B71: (18) 看護職員の日中の勤務時間の合計が自動計算されますので、誤りがないか確認してください。
B73: (19) 介護従業者（看護職員を含む）の夜間・深夜の勤務時間の合計が自動計算されますので、誤りがないか確認してください。

Sheet プルダウン・リスト
B1: １．サービス種別
B3: No | C3: サービス種別
B4: 1 | C4: 看護小規模多機能型居宅介護
B5: 2 | C5: （サテライト型）看護小規模多機能型居宅介護
B6: 3
B7: 4
B8: 5
B9: 6
B10: 7
B12: ２．職種名・資格名称
B14: 職種名 | C14: 管理者 | D14: 介護従業者 | E14: 看護職員 | F14: 介護支援専門員 | G14: 計画作成担当者
B15: 資格 | C15: 認知症対応型サービス事業管理者研修修了 | D15: 介護福祉士 | E15: 保健師 | F15: 介護支援専門員 | G15: 小規模多機能型サービス等計画作成担当者研修修了
C16: みなし措置 | D16: ー | E16: 看護師 | F16: 小規模多機能型サービス等計画作成担当者研修修了
C17: 保健師 | E17: 准看護師
C18: 看護師
C25: ※看護小規模多機能型居宅介護従業者（正式名称）
C26: ※介護従業者のうち、保健師、看護師、准看護師の資格を持つ者は職種名を看護職員とします。
C27: ※計画作成担当者 ⇒ サテライトの場合。（サテライトではない場合は介護支援専門員が計画を作成）
C29: 【自治体の皆様へ】
C30: ※ INDIRECT関数使用のため、以下のとおりセルに「名前の定義」をしています。
C31: C14～L14・・・「職種」
C32: C列・・・「管理者」
C33: D列・・・「介護従業者」
C34: E列・・・「看護職員」
C35: F列・・・「介護支援専門員」
C36: G列・・・「計画作成担当者」
... C45: 編集したい場合は、「数式」タブ ⇒ 「名前の管理」で編集してください。
